Workbook

Sheet 资产负债表(旧)
A1: 返回索引页
A2: 资产负债表
A3: 2007年6月30日
A4: #REF! | J4: 金额单位：人民币元
A5: 资产 | B5: 序号 | C5: 期初数 | D5: 期末数 | E5: 备注 | F5: 负债及所有者权益 | G5: 序号 | H5: 期初数 | I5: 期末数 | J5: 备注
A6: 流动资产： | B6: 1 | F6: 流动负债： | G6: 41
A7: 货币资金 | B7: 2 | F7: 短期借款 | G7: 42
A8: 短期投资 | B8: 3 | F8: 应付票据 | G8: 45
A9: 应收票据 | B9: 4 | F9: 应付账款 | G9: 46
A10: 应收账款 | B10: 5 | F10: 预收账款 | G10: 47
A11: 减：坏账准备 | B11: 6 | F11: 代销商品款 | G11: 48
A12: 应收账款净额 | B12: 7 | F12: 其他应付款 | G12: 49
A13: 应收股利 | B13: 8 | F13: 应付工资 | G13: 50
A14: 应收利息 | B14: 9 | F14: 应付福利费 | G14: 51
A15: 预付账款 | B15: 10 | F15: 应交税金 | G15: 52
A16: 应收补贴款 | B16: 11 | F16: 应付利润 | G16: 53
A17: 其他应收款 | B17: 12 | F17: 其他未交款 | G17: 54
... A20: 存货 | B20: 15 | F20: 其他流动负债 | G20: 54
A21: 待摊费用 | B21: 16 | F21: 流动负债合计 | G21: 55 | H21: =SUM(H7:H20) -> 0 | I21: =SUM(I7:I20) -> 0
A22: 待处理流动资产净损失 | B22: 17
A23: 一年内到期的长期债券投资 | B23: 18
A24: 其他流动资产 | B24: 19 | F24: 长期借款 | G24: 56
A25: 流动资产合计 | B25: 20 | C25: =SUM(C7:C9,C12:C16,C19:C24) -> 0 | D25: =SUM(D7:D9,D12:D16,D19:D24) -> 0 | F25: 应付债券 | G25: 57
A26: 长期投资 | B26: 21 | F26: 长期应付款 | G26: 58
A27: 固定资产 | B27: 22 | F27: 专项应付款 | G27: 59
A28: 固定资产原价 | B28: 23 | F28: 其他长期负债 | G28: 60
A29: 减：累计折旧 | B29: 24 | F29: 递延税款贷项 | G29: 61
A30: 固定资产减值 | B30: 25 | F30: 长期负债合计 | G30: 62 | H30: =SUM(H24:H29) -> 0 | I30: =SUM(I24:I29) -> 0
A31: 固定资产净额 | B31: 26
A32: 工程物资 | B32: 27 | F32: 負債合計 | G32: 63 | H32: =H21+H30 -> 0 | I32: =I21+I30 -> 0
A33: 在建工程 | B33: 28
A34: 固定资产清理 | B34: 29
A35: 待处理固定资产净损失 | B35: 30
A36: 固定资产合计 | B36: 31 | C36: =SUM(C31,C32,C33,C34,C35) -> 0 | D36: =SUM(D31,D32,D33,D34,D35) -> 0
A37: 无形资产合计 | B37: 32 | C37: =SUM(C38:C39) -> 0 | D37: =SUM(D38:D39) -> 0 | F37: 所有者权益： | G37: 64
A38: 其中：土地使用权 | B38: 33 | F38: 实收资本 | G38: 65
A39: 其他无形资产 | B39: 34 | F39: 资本公积 | G39: 66
A40: 递延资产合计 | B40: 35 | C40: =SUM(C41:C42) -> 0 | D40: =SUM(D41:D42) -> 0 | F40: 盈余公积 | G40: 67
A41: 其中：开办费 | B41: 36 | F41: 其中： 公益金 | G41: 68
A42: 长期待摊费用 | B42: 37 | F42: 上级拨入资金/撥付所屬資金 | G42: 69
A43: 其他长期资产 | B43: 38 | F43: 未分配利润 | G43: 70
A44: 递延税款借项 | B44: 39 | F44: 所有者权益合计 | G44: 71 | H44: =SUM(H38:H43)-H41 -> 0 | I44: =SUM(I38:I43)-I41 -> 0
A45: 资产合计 | B45: 40 | C45: =C25+C26+C36+C37+C40+C43+C44 -> 0 | D45: =D25+D26+D36+D37+D40+D43+D44 -> 0 | F45: 负债及所有者权益合计 | G45: 72 | H45: =H32+H44 -> 0 | I45: =I32+I44 -> 0
F46: 与总资产相差 | G46: 73 | H46: =H45-C45 -> 0 | I46: =I45-D45 -> 0
C47: 填表人： | E47: 财务主管： | H47: 负责人：

Sheet 封面
B3: 资产评估清查评估明细表系统 | N3: 资产评估清查评估明细表系统
B4: 填表前请先阅读填表说明 | N4: 填表前请先阅读填表说明
D5: 资产申报单位请填写以下内容： | P5: 评估机构填写以下内容：
B6: 产权持有人名称： | D6: 阳煤集团青岛恒源化工有限公司 | N6: 评估机构名称： | P6: 山西诚成资产评估有限公司
B8: 评估基准日： | D8: 2018 | E8: 年 | F8: 12 | G8: 月 | H8: 31 | I8: 日 | N8: 地址：
B10: 产权持有单位填表人： | D10: 杨庆华 | N10: 联系电话： | R10: 传真：
B12: 填表日期： | D12: 2019 | E12: 年 | F12: 1 | G12: 月 | H12: 24 | I12: 日 | N12: 法定代表人： | R12: 法定代表授权人：
B14: 被评估单位住址： | N14: 项目负责人： | Q14: 邮箱：
B16: 被评估单位负责人： | N16: 签字注册资产评估师： | P16: 杜沛淼、许建爱
B18: 被评估单位注册资本： | N18: 流动资产评估人员：
B20: 被评估单位经营范围： | N20: 存货评估人员： | P20: 巨芳
B22: 被评估单位联系人： | N22: 非流动资产评估人员：
B24: 被评估单位联系电话： | N24: 设备类评估人员： | P24: 杜沛淼、路艳
B26: 被评估单位邮箱： | N26: 建筑物类评估人员：
B28: 委托单位名称： | N28: 无形资产评估人员：
B30: 委托单位联系人： | N30: 负债评估人员：
B32: 委托单位电话： | N32: 收益法评估人员：

Sheet 填表注意事项
A2: 1、 | B2: 本工作簿用于资产评估委托方或被评估单位对评估基准日下的委估资产及负债的账面价值的申报；
B3: 请贵单位填表人员按要求对各工作表中（所有汇总表自动汇总，不需填列可自动生成）序号栏至账面值栏据
B4: 实填写；需要单独说明的事项在备注栏注明；
A6: 2、 | B6: 此表各科目明细的合计数，应与本次资产评估范围内的资产评估基准日的资产负债表的数据相符；
A8: 3、 | B8: 如有债权、债务性资产的未达、坏帐及实物性资产的毁损、报废等的项目应在其备注中说明；
A10: 4、 | B10: 明细表中如有日期档，除各明细表中有具体要求外，其格式应为“XXXX-XX”；
B11: 例：“2003年05月16日”应填为“2003-05”
B12: 如无法确定具体月份，请将月份填为01月；
B13: 例：“2003年”应填为“2003-01”
B14: 如为累计发生的业务，请按一年以内、1-2年、2-3年、3-5年、5年以上等账龄段分行分别填列；
A16: 5、 | B16: 如明细表的行数不够时，请填表人员在“合计”的上两行进行插入行，不能在表中插列,不以免汇总表的公式链接被破坏。
A18: 6、 | B18: 填表人可通过“索引目录”来选择要查看或修改的科目。
A20: 7、 | B20: 填表人可通过点击各汇总表中的“科目名称”进入各明细表，再通过点击各工作表最后一行的“合计”来返回上一级科目。
A22: 8、 | B22: 不需用的科目不要删除，隐藏即可
A23: 注： | B23: 除以上要求企业填写的或按具体情况评估人员另作要求填写的档或项，企业不应对此套表的其它部分
B24: 作任何修改变动，谢谢合作！
B27: 如有疑问请与我所或我所现场人员联系
B28: 联系电话：0351-4118928 传真： | F28: 0351-4118928

Sheet 索引目录
A1: 资产评估明细表索引目录
D3: 汇总表
B5: 分类汇总表(资产) | C5: 流动资产 | D5: 货币资金 | E5: 现金 | F5: 分类汇总表(负债) | G5: 流动负债 | H5: 短期借款
E6: 银行存款 | H6: 交易性金融负债
E7: 其他货币资金 | H7: 应付票据
D8: 交易性金融资产 | E8: 股票投资 | H8: 应付账款
D9: 应收票据 | E9: 债券投资 | H9: 预收账款
D10: 应收账款 | E10: 基金投资 | H10: 职工薪酬
D11: 预付账款 | H11: 应交税费
D12: 应收利息 | H12: 应付利息
D13: 应收股利 | H13: 应付股利(利润)
D14: 其他应收款 | H14: 其他应付款
D15: 存货 | E15: 材料采购（在途物资） | H15: 一年到期非流动负债
D16: 一年到期非流动资产 | E16: 原材料 | H16: 其他流动负债
D17: 其它流动资产 | E17: 在库周转材料
E18: 委托加工物资
E19: 产成品(库存商品)
C20: 非流动资产 | D20: 可供出售金融资产 | E20: 在产品(自制半成品)
E21: 发出商品 | G21: 非流动负债 | H21: 长期借款
E22: 在用周转材料 | H22: 应付债券
H23: 长期应付款
E24: 股票投资 | H24: 专项应付款
E25: 债券投资 | H25: 预计负债
E26: 其他投资 | H26: 递延所得税负债
H27: 其他非流动负债
D28: 持有到期投资
D29: 长期应收款
D30: 长期股权投资
D31: 投资性房地产
D32: 固定资产 | E32: 房屋建筑物
E33: 构筑物及其他辅助设施
E34: 管道及沟槽
E35: 机器设备
E36: 车辆
E37: 电子设备
E38: 土地
D40: 在建工程 | E40: 在建土建
E41: 在建设备
D43: 工程物资
D44: 固定资产清理
D45: 生产性生物资产
D46: 油气资产
D47: 无形资产 | E47: 土地
E48: 其他
D49: 开发支出
D50: 商誉
D51: 长期待摊费用
D52: 递延所得税资产
D53: 其他非流动资产

Sheet 科目填表说明
B1: 评估明细表填表说明
B3: 一、基本要求
B4: 特别强调：对于纳入评估范围内的子公司下属控股子公司，需按科目逐一填报该表(不可与母公司合并填报）。该表由财务或资产管理人员填报并核账面值无误后，再交由设备或其他实物资产管理人员对评估作价必须的规格型号、厂家、数量等信息进行补充完善。
B5: (一)填表范围：
B6: 纳入评估范围的资产要保证与评估基准日资产占有单位的资产负债表（或模拟资产负债表）完全一致，即填表完成后，自动生成的新准则资产评估分类汇总表(表2)C列帐面值数据与该表右侧手工录入的G列资产负债表（或模拟资产负债表）各科目余额完全一致。如H列出现差异，请核对链接关系及所填报明细是否有误。
B7: (二)“评估基准日”与“被评估单位(或者产权持有单位)”名称,统一在“申报表封面” 中填列，各明细表会自动生成。单位名称要与该单位的营业执照所列示的名称完全一致,如经检查各明细表与报表的余额数据完全一致，填表人员需与评估人员沟通无异议后再在打印好的A4纸每页明细表左上角单位名称处加盖单位公章上报。
B8: (三)对于企业财务核算中没有的会计科目不必填写相应的明细表，对应明细表可隐藏但不可删除。
B9: (四) 对于各科目明细表中“评估价值”一栏(不含本栏)左方的所有空白栏以及需要填写的备注栏项目请企业填写齐全。尤其对于实物类资产的评估作价密切相关信息需填报完整，不要出现空白项，该类信息往往包括规格、厂家、单位、数量、产权证号、产权人名称、车辆行驶里程、不良资产实际状态等，需要由资产管理相关部门协助财务人员进行填报。
B10: (五)明细表中填列金额单位为“人民币元”，精确到小数点后两位。
B11: (六)明细表中日期根据要求填至月(如建成年月)或日(如出票日期)，填写日期格式为“2001-05”（不能写为2001.5）或 “2001-05-02”（不能填为2001.5.2）。
B12: (七)未指明月利率之处应指年利率，计量单位为“%”。若原始资料中为月利率或日利率,则换算为年利率。
B13: (八)明细表与各级汇总表之间的数据已建立链接关系，带“汇总”字样的各明细表中除个别项的减值准备外，其他项中不应直接录入数据。
... B185: ******

Sheet 企业基本情况表
A1: 法人企业基本情况表
A2: =封面!B8&封面!D8&封面!E8&封面!F8&封面!G8&封面!H8&封面!I8 -> 评估基准日：2018年12月31日
A3: 企业填写以下内容:
A4: 资产占有单位名称: | B4: 中文 | H4: 法定代表人 | J4: 电话
B5: 英文 | H5: 财务负责人 | J5: 固定电话
A6: 法定地址 | F6: 邮政编码 | J6: 手机
A7: 办公地址 | F7: 邮政编码 | H7: 主要填表人 | J7: 固定电话
A8: 联系人办公电话 | C8: 传真 | E8: E-mail | J8: 手机
A9: 经营范围 | H9: 成立日期 | I9: 年 月 日 | J9: 经营期限 | K9: 年 月 日至 年 月 日
A10: 企业股东名称 | H10: 注册资本 | J10: 实收资本
H11: 金额（万元） | I11: 出资比例% | J11: 金额（万元） | K11: 出资比例%
A12: 1
A13: 2
A14: 3
A15: 4
A16: 5
A17: 合计
A18: 下属长期投资单位（或异地分支机构）名称 | F18: 地址 | I18: 注册资金% | J18: 持股比例% | K18: 核算方式
A19: 1
A20: 2
A21: 3
A22: 4
A23: 5
A24: 6
A25: 7
A26: 8
A27: 9
A28: 10

Sheet 企业报表
A1: 根据企业报表格式列示

Sheet 审定报表
A1: 根据审计机构报表格式列示

Sheet 万元汇总表(报告用表)
A1: 资产评估结果汇总表
A2: =封面!B8&封面!D8&封面!E8&封面!F8&封面!G8&封面!H8&封面!I8 -> 评估基准日：2018年12月31日
E3: 表1
A4: =封面!B6&封面!D6 -> 产权持有人名称：阳煤集团青岛恒源化工有限公司 | E4: 金额单位：人民币万元
A5: 项目 | B5: 账面价值 | C5: 评估价值 | D5: 增减值 | E5: 增值率％
A6: 一、流动资产 | B6: =ROUND('2-分类汇总'!C6/10000,2) -> 263.13 | C6: =ROUND('2-分类汇总'!D6/10000,2) -> 15.49 | D6: =C6-B6 -> -247.64 | E6: =IF(B6<>0,ROUND(100*D6/ABS(B6),2),0) -> -94.11
A7: 二、非流动资产 | B7: =SUM(B8:B24) -> 5933.49 | C7: =SUM(C8:C24) -> 969.62 | D7: =C7-B7 -> -4963.87 | E7: =IF(B7<>0,ROUND(100*D7/ABS(B7),2),0) -> -83.66
A8: 其中：可供出售金融资产 | B8: =ROUND('2-分类汇总'!C20/10000,2) -> 0 | C8: =ROUND('2-分类汇总'!D20/10000,2) -> 0 | D8: =C8-B8 -> 0 | E8: =IF(B8<>0,ROUND(100*D8/ABS(B8),2),0) -> 0
A9: 持有至到期投资 | B9: =ROUND('2-分类汇总'!C21/10000,2) -> 0 | C9: =ROUND('2-分类汇总'!D21/10000,2) -> 0 | D9: =C9-B9 -> 0 | E9: =IF(B9<>0,ROUND(100*D9/ABS(B9),2),0) -> 0
A10: 长期应收款 | B10: =ROUND('2-分类汇总'!C22/10000,2) -> 0 | C10: =ROUND('2-分类汇总'!D22/10000,2) -> 0 | D10: =C10-B10 -> 0 | E10: =IF(B10<>0,ROUND(100*D10/ABS(B10),2),0) -> 0
A11: 长期股权投资 | B11: =ROUND('2-分类汇总'!C23/10000,2) -> 0 | C11: =ROUND('2-分类汇总'!D23/10000,2) -> 0 | D11: =C11-B11 -> 0 | E11: =IF(B11<>0,ROUND(100*D11/ABS(B11),2),0) -> 0
A12: 投资性房地产 | B12: =ROUND('2-分类汇总'!C24/10000,2) -> 0 | C12: =ROUND('2-分类汇总'!D24/10000,2) -> 0 | D12: =C12-B12 -> 0 | E12: =IF(B12<>0,ROUND(100*D12/ABS(B12),2),0) -> 0
A13: 固定资产 | B13: =ROUND('2-分类汇总'!C25/10000,2) -> 215.34 | C13: =ROUND('2-分类汇总'!D25/10000,2)+G25 -> 129.33 | D13: =C13-B13 -> -86.01 | E13: =IF(B13<>0,ROUND(100*D13/ABS(B13),2),0) -> -39.94
A14: 在建工程 | B14: =ROUND('2-分类汇总'!C26/10000,2) -> 5425.92 | C14: =ROUND('2-分类汇总'!D26/10000,2) -> 818.9 | D14: =C14-B14 -> -4607.02 | E14: =IF(B14<>0,ROUND(100*D14/ABS(B14),2),0) -> -84.91
A15: 工程物资 | B15: =ROUND('2-分类汇总'!C27/10000,2) -> 292.23 | C15: =ROUND('2-分类汇总'!D27/10000,2) -> 21.39 | D15: =C15-B15 -> -270.84 | E15: =IF(B15<>0,ROUND(100*D15/ABS(B15),2),0) -> -92.68
A16: 固定资产清理 | B16: =ROUND('2-分类汇总'!C28/10000,2) -> 0 | C16: =ROUND('2-分类汇总'!D28/10000,2) -> 0 | D16: =C16-B16 -> 0 | E16: =IF(B16<>0,ROUND(100*D16/ABS(B16),2),0) -> 0
A17: 生产性生物资产 | B17: =ROUND('2-分类汇总'!C29/10000,2) -> 0 | C17: =ROUND('2-分类汇总'!D29/10000,2) -> 0 | D17: =C17-B17 -> 0 | E17: =IF(B17<>0,ROUND(100*D17/ABS(B17),2),0) -> 0
A18: 油气资产 | B18: =ROUND('2-分类汇总'!C30/10000,2) -> 0 | C18: =ROUND('2-分类汇总'!D30/10000,2) -> 0 | D18: =C18-B18 -> 0 | E18: =IF(B18<>0,ROUND(100*D18/ABS(B18),2),0) -> 0
A19: 无形资产 | B19: =ROUND('2-分类汇总'!C31/10000,2) -> 0 | C19: =ROUND('2-分类汇总'!D31/10000,2) -> 0 | D19: =C19-B19 -> 0 | E19: =IF(B19<>0,ROUND(100*D19/ABS(B19),2),0) -> 0
A20: 开发支出 | B20: =ROUND('2-分类汇总'!C32/10000,2) -> 0 | C20: =ROUND('2-分类汇总'!D32/10000,2) -> 0 | D20: =C20-B20 -> 0 | E20: =IF(B20<>0,ROUND(100*D20/ABS(B20),2),0) -> 0
A21: 商誉 | B21: =ROUND('2-分类汇总'!C33/10000,2) -> 0 | C21: =ROUND('2-分类汇总'!D33/10000,2) -> 0 | D21: =C21-B21 -> 0 | E21: =IF(B21<>0,ROUND(100*D21/ABS(B21),2),0) -> 0
A22: 长期待摊费用 | B22: =ROUND('2-分类汇总'!C34/10000,2) -> 0 | C22: =ROUND('2-分类汇总'!D34/10000,2) -> 0 | D22: =C22-B22 -> 0 | E22: =IF(B22<>0,ROUND(100*D22/ABS(B22),2),0) -> 0
A23: 递延所得税资产 | B23: =ROUND('2-分类汇总'!C35/10000,2) -> 0 | C23: =ROUND('2-分类汇总'!D35/10000,2) -> 0 | D23: =C23-B23 -> 0 | E23: =IF(B23<>0,ROUND(100*D23/ABS(B23),2),0) -> 0
A24: 其他非流动资产 | B24: =ROUND('2-分类汇总'!C36/10000,2) -> 0 | C24: =ROUND('2-分类汇总'!D36/10000,2) -> 0 | D24: =C24-B24 -> 0 | E24: =IF(B24<>0,ROUND(100*D24/ABS(B24),2),0) -> 0
A25: 资产总计 | B25: =B6+B7 -> 6196.62 | C25: =C6+C7 -> 985.11 | D25: =C25-B25 -> -5211.51 | E25: =IF(B25<>0,ROUND(100*D25/ABS(B25),2),0) -> -84.1
A26: 三、流动负债 | B26: =ROUND('2-分类汇总'!C39/10000,2) -> 0 | C26: =ROUND('2-分类汇总'!D39/10000,2) -> 0 | D26: =C26-B26 -> 0 | E26: =IF(B26<>0,ROUND(100*D26/ABS(B26),2),0) -> 0
A27: 四、非流动负债 | B27: =ROUND('2-分类汇总'!C53/10000,2) -> 0 | C27: =ROUND('2-分类汇总'!D53/10000,2) -> 0 | D27: =C27-B27 -> 0 | E27: =IF(B27<>0,ROUND(100*D27/ABS(B27),2),0) -> 0
A28: 负债合计 | B28: =SUM(B26:B27) -> 0 | C28: =SUM(C26:C27) -> 0 | D28: =C28-B28 -> 0 | E28: =IF(B28<>0,ROUND(100*D28/ABS(B28),2),0) -> 0 | F28: =B26+B27-B28 -> 0 | G28: =C26+C27-C28 -> 0
A29: 净资产（所有者权益） | B29: =B25-B28 -> 6196.62 | C29: =C25-C28 -> 985.11 | D29: =C29-B29 -> -5211.51 | E29: =IF(B29<>0,ROUND(100*D29/ABS(B29),2),0) -> -84.1 | F29: =B25-B28-B29 -> 0 | G29: =C25-C28-C29 -> 0

Sheet 万元汇总表(报国资委)
A1: 资产评估结果汇总表
A2: =封面!B8&封面!D8&封面!E8&封面!F8&封面!G8&封面!H8&封面!I8 -> 评估基准日：2018年12月31日
F3: 表1
A4: =封面!B6&封面!D6 -> 产权持有人名称：阳煤集团青岛恒源化工有限公司 | F4: 金额单位：人民币万元
A5: 项 目 | C5: 账面价值 | D5: 评估价值 | E5: 增减值 | F5: 增值率％
C6: A | D6: B | E6: C=B-A | F6: D=C/A×100%
A7: 1 | B7: 流动资产 | C7: =ROUND('2-分类汇总'!C6/10000,2) -> 263.13 | D7: =ROUND('2-分类汇总'!D6/10000,2) -> 15.49 | E7: =D7-C7 -> -247.64 | F7: =IF(C7<>0,ROUND(100*E7/ABS(C7),2),0) -> -94.11
A8: 2 | B8: 非流动资产 | C8: =ROUND('2-分类汇总'!C19/10000,2) -> 5933.48 | D8: =ROUND('2-分类汇总'!D19/10000,2) -> 969.61 | E8: =D8-C8 -> -4963.87 | F8: =IF(C8<>0,ROUND(100*E8/ABS(C8),2),0) -> -83.66
A9: 3 | B9: 其中：可供出售金融资产 | C9: =ROUND('2-分类汇总'!C20/10000,2) -> 0 | D9: =ROUND('2-分类汇总'!D20/10000,2) -> 0 | E9: =D9-C9 -> 0 | F9: =IF(C9<>0,ROUND(100*E9/ABS(C9),2),0) -> 0
A10: 4 | B10: 持有至到期投资 | C10: =ROUND('2-分类汇总'!C21/10000,2) -> 0 | D10: =ROUND('2-分类汇总'!D21/10000,2) -> 0 | E10: =D10-C10 -> 0 | F10: =IF(C10<>0,ROUND(100*E10/ABS(C10),2),0) -> 0
A11: 5 | B11: 长期应收款 | C11: =ROUND('2-分类汇总'!C22/10000,2) -> 0 | D11: =ROUND('2-分类汇总'!D22/10000,2) -> 0 | E11: =D11-C11 -> 0 | F11: =IF(C11<>0,ROUND(100*E11/ABS(C11),2),0) -> 0
A12: 6 | B12: 长期股权投资 | C12: =ROUND('2-分类汇总'!C23/10000,2) -> 0 | D12: =ROUND('2-分类汇总'!D23/10000,2) -> 0 | E12: =D12-C12 -> 0 | F12: =IF(C12<>0,ROUND(100*E12/ABS(C12),2),0) -> 0
A13: 7 | B13: 投资性房地产 | C13: =ROUND('2-分类汇总'!C24/10000,2) -> 0 | D13: =ROUND('2-分类汇总'!D24/10000,2) -> 0 | E13: =D13-C13 -> 0 | F13: =IF(C13<>0,ROUND(100*E13/ABS(C13),2),0) -> 0
A14: 8 | B14: 固定资产 | C14: =ROUND('2-分类汇总'!C25/10000,2) -> 215.34 | D14: =ROUND('2-分类汇总'!D25/10000,2)+H26 -> 129.33 | E14: =D14-C14 -> -86.01 | F14: =IF(C14<>0,ROUND(100*E14/ABS(C14),2),0) -> -39.94
A15: 9 | B15: 在建工程 | C15: =ROUND('2-分类汇总'!C26/10000,2) -> 5425.92 | D15: =ROUND('2-分类汇总'!D26/10000,2) -> 818.9 | E15: =D15-C15 -> -4607.02 | F15: =IF(C15<>0,ROUND(100*E15/ABS(C15),2),0) -> -84.91
A16: 10 | B16: 工程物资 | C16: =ROUND('2-分类汇总'!C27/10000,2) -> 292.23 | D16: =ROUND('2-分类汇总'!D27/10000,2) -> 21.39 | E16: =D16-C16 -> -270.84 | F16: =IF(C16<>0,ROUND(100*E16/ABS(C16),2),0) -> -92.68
A17: 11 | B17: 固定资产清理 | C17: =ROUND('2-分类汇总'!C28/10000,2) -> 0 | D17: =ROUND('2-分类汇总'!D28/10000,2) -> 0 | E17: =D17-C17 -> 0 | F17: =IF(C17<>0,ROUND(100*E17/ABS(C17),2),0) -> 0
A18: 12 | B18: 生产性生物资产 | C18: =ROUND('2-分类汇总'!C29/10000,2) -> 0 | D18: =ROUND('2-分类汇总'!D29/10000,2) -> 0 | E18: =D18-C18 -> 0 | F18: =IF(C18<>0,ROUND(100*E18/ABS(C18),2),0) -> 0
A19: 13 | B19: 油气资产 | C19: =ROUND('2-分类汇总'!C30/10000,2) -> 0 | D19: =ROUND('2-分类汇总'!D30/10000,2) -> 0 | E19: =D19-C19 -> 0 | F19: =IF(C19<>0,ROUND(100*E19/ABS(C19),2),0) -> 0
A20: 14 | B20: 无形资产 | C20: =ROUND('2-分类汇总'!C31/10000,2) -> 0 | D20: =ROUND('2-分类汇总'!D31/10000,2) -> 0 | E20: =D20-C20 -> 0 | F20: =IF(C20<>0,ROUND(100*E20/ABS(C20),2),0) -> 0
A21: 15 | B21: 开发支出 | C21: =ROUND('2-分类汇总'!C32/10000,2) -> 0 | D21: =ROUND('2-分类汇总'!D32/10000,2) -> 0 | E21: =D21-C21 -> 0 | F21: =IF(C21<>0,ROUND(100*E21/ABS(C21),2),0) -> 0
A22: 16 | B22: 商誉 | C22: =ROUND('2-分类汇总'!C33/10000,2) -> 0 | D22: =ROUND('2-分类汇总'!D33/10000,2) -> 0 | E22: =D22-C22 -> 0 | F22: =IF(C22<>0,ROUND(100*E22/ABS(C22),2),0) -> 0
A23: 17 | B23: 长期待摊费用 | C23: =ROUND('2-分类汇总'!C34/10000,2) -> 0 | D23: =ROUND('2-分类汇总'!D34/10000,2) -> 0 | E23: =D23-C23 -> 0 | F23: =IF(C23<>0,ROUND(100*E23/ABS(C23),2),0) -> 0
A24: 18 | B24: 递延所得税资产 | C24: =ROUND('2-分类汇总'!C35/10000,2) -> 0 | D24: =ROUND('2-分类汇总'!D35/10000,2) -> 0 | E24: =D24-C24 -> 0 | F24: =IF(C24<>0,ROUND(100*E24/ABS(C24),2),0) -> 0
A25: 19 | B25: 其他非流动资产 | C25: =ROUND('2-分类汇总'!C36/10000,2) -> 0 | D25: =ROUND('2-分类汇总'!D36/10000,2) -> 0 | E25: =D25-C25 -> 0 | F25: =IF(C25<>0,ROUND(100*E25/ABS(C25),2),0) -> 0
A26: 20 | B26: 资产总计 | C26: =C7+C8 -> 6196.61 | D26: =D7+D8 -> 985.1 | E26: =D26-C26 -> -5211.51 | F26: =IF(C26<>0,ROUND(100*E26/ABS(C26),2),0) -> -84.1
A27: 21 | B27: 流动负债 | C27: =ROUND('2-分类汇总'!C39/10000,2) -> 0 | D27: =ROUND('2-分类汇总'!D39/10000,2) -> 0 | E27: =D27-C27 -> 0 | F27: =IF(C27<>0,ROUND(100*E27/ABS(C27),2),0) -> 0
A28: 22 | B28: 非流动负债 | C28: =ROUND('2-分类汇总'!C53/10000,2) -> 0 | D28: =ROUND('2-分类汇总'!D53/10000,2) -> 0 | E28: =D28-C28 -> 0 | F28: =IF(C28<>0,ROUND(100*E28/ABS(C28),2),0) -> 0
A29: 23 | B29: 负债合计 | C29: =SUM(C27:C28) -> 0 | D29: =SUM(D27:D28) -> 0 | E29: =D29-C29 -> 0 | F29: =IF(C29<>0,ROUND(100*E29/ABS(C29),2),0) -> 0 | G29: =C27+C28-C29 -> 0 | H29: =D27+D28-D29 -> 0
A30: 24 | B30: 净资产（所有者权益） | C30: =C26-C29 -> 6196.61 | D30: =D26-D29 -> 985.1 | E30: =D30-C30 -> -5211.51 | F30: =IF(C30<>0,ROUND(100*E30/ABS(C30),2),0) -> -84.1 | G30: =C26-C29-C30 -> 0 | H30: =D26-D29-D30 -> 0
A31: 评估机构：山西诚成资产评估有限公司 | D31: 注册资产评估师：
A33: 法定代表人：陈小刚 | D33: 注册资产评估师：
C34: =C30*10000-'2-分类汇总'!C64 -> -51.98

Sheet Sheet1
A5: =封面!D6&"资产评估项目" -> 阳煤集团青岛恒源化工有限公司资产评估项目
A8: 评估申报明细表
A10: =封面!B8&封面!D8&封面!E8&封面!F8&封面!G8&封面!H8&封面!I8 -> 评估基准日：2018年12月31日
C13: =封面!B6&封面!D6 -> 产权持有人名称：阳煤集团青岛恒源化工有限公司
C16: 企业负责人：xxx | G16: 财务负责人：xxx
C19: 主要填表人：xxx | G19: 填表人电话：xxx

Sheet 1-汇总表
A1: 资产评估结果汇总表
A2: =封面!B8&封面!D8&封面!E8&封面!F8&封面!G8&封面!H8&封面!I8 -> 评估基准日：2018年12月31日
F3: 表1
A4: =封面!B6&封面!D6 -> 产权持有人名称：阳煤集团青岛恒源化工有限公司 | F4: 金额单位：人民币万元
A5: 项 目 | C5: 账面价值 | D5: 评估价值 | E5: 增减值 | F5: 增值率％
C6: A | D6: B | E6: C=B-A | F6: D=C/A×100%
A7: 1 | B7: 流动资产 | C7: =ROUND('2-分类汇总'!C6/10000,2) -> 263.13 | D7: =ROUND('2-分类汇总'!D6/10000,2) -> 15.49 | E7: =D7-C7 -> -247.64 | F7: =IF(OR(C7=0,C7=""),"",ROUND(E7/C7*100,2)) -> -94.11
A8: 2 | B8: 非流动资产 | C8: =SUM(C9:C25) -> 5933.49 | D8: =SUM(D9:D25) -> 969.62 | E8: =D8-C8 -> -4963.87 | F8: =IF(OR(C8=0,C8=""),"",ROUND(E8/C8*100,2)) -> -83.66 | G8: =SUM(C9:C25)-C8 -> 0 | H8: =SUM(D9:D25)-D8 -> 0
A9: 3 | B9: 其中：可供出售金融资产
A10: 4 | B10: 持有至到期投资
A11: 5 | B11: 长期应收款
A12: 6 | B12: 长期股权投资
A13: 7 | B13: 投资性房地产
A14: 8 | B14: 固定资产 | C14: =ROUND('2-分类汇总'!C25/10000,2) -> 215.34 | D14: =ROUND('2-分类汇总'!D25/10000,2) -> 129.33 | E14: =D14-C14 -> -86.01 | F14: =IF(OR(C14=0,C14=""),"",ROUND(E14/C14*100,2)) -> -39.94
A15: 9 | B15: 在建工程 | C15: =ROUND('2-分类汇总'!C26/10000,2) -> 5425.92 | D15: =ROUND('2-分类汇总'!D26/10000,2) -> 818.9 | E15: =D15-C15 -> -4607.02 | F15: =IF(OR(C15=0,C15=""),"",ROUND(E15/C15*100,2)) -> -84.91
A16: 10 | B16: 工程物资 | C16: =ROUND('2-分类汇总'!C27/10000,2) -> 292.23 | D16: =ROUND('2-分类汇总'!D27/10000,2) -> 21.39 | E16: =D16-C16 -> -270.84 | F16: =IF(OR(C16=0,C16=""),"",ROUND(E16/C16*100,2)) -> -92.68
A17: 11 | B17: 固定资产清理
A18: 12 | B18: 生产性生物资产
A19: 13 | B19: 油气资产
A20: 14 | B20: 无形资产
A21: 15 | B21: 开发支出
A22: 16 | B22: 商誉
A23: 17 | B23: 长期待摊费用
A24: 18 | B24: 递延所得税资产
A25: 19 | B25: 其他非流动资产
A26: 20 | B26: 资产总计 | C26: =C7+C8 -> 6196.62 | D26: =D7+D8 -> 985.11 | E26: =D26-C26 -> -5211.51 | F26: =IF(OR(C26=0,C26=""),"",ROUND(E26/C26*100,2)) -> -84.1 | G26: =C7+C8-C26 -> 0 | H26: =D7+D8-D26 -> 0
A27: 21 | B27: 流动负债 | C27: =ROUND('2-分类汇总'!C39/10000,2) -> 0 | D27: =ROUND('2-分类汇总'!D39/10000,2) -> 0 | E27: =D27-C27 -> 0 | F27: =IF(C27<>0,ROUND(100*E27/ABS(C27),2),0) -> 0
A28: 22 | B28: 非流动负债 | C28: =ROUND('2-分类汇总'!C53/10000,2) -> 0 | D28: =ROUND('2-分类汇总'!D53/10000,2) -> 0 | E28: =D28-C28 -> 0 | F28: =IF(C28<>0,ROUND(100*E28/ABS(C28),2),0) -> 0
A29: 23 | B29: 负债合计 | C29: =SUM(C27:C28) -> 0 | D29: =SUM(D27:D28) -> 0 | E29: =D29-C29 -> 0 | F29: =IF(C29<>0,ROUND(100*E29/ABS(C29),2),0) -> 0 | G29: =C27+C28-C29 -> 0 | H29: =D27+D28-D29 -> 0
A30: 24 | B30: 净资产（所有者权益） | C30: =C26-C29 -> 6196.62 | D30: =D26-D29 -> 985.11 | E30: =D30-C30 -> -5211.51 | F30: =IF(C30<>0,ROUND(100*E30/ABS(C30),2),0) -> -84.1 | G30: =C26-C29-C30 -> 0 | H30: =D26-D29-D30 -> 0
A31: 评估机构：山西诚成资产评估有限公司
C38: 263.13 | D38: 15.49 | E38: -247.64 | F38: -94.11
C39: 6357.61 | D39: 1136.56 | E39: -5221.05 | F39: -82.12
C40: 215.34 | D40: 129.33 | E40: -86.01 | F40: -39.94
C41: 5850.04 | D41: 985.84 | E41: -4864.2 | F41: -83.15
C42: 292.23 | D42: 21.39 | E42: -270.84 | F42: -92.68
C43: 6620.74 | D43: 1152.05 | E43: -5468.69 | F43: -82.6

Sheet 2-分类汇总
A1: 资产评估结果分类汇总表
A2: ='1-汇总表'!A2:F2 -> 评估基准日：2018年12月31日
F3: 表2
A4: ='1-汇总表'!A4 -> 产权持有人名称：阳煤集团青岛恒源化工有限公司 | F4: 金额单位：人民币元
A5: 序号 | B5: 科目名称 | C5: 账面价值 | D5: 评估价值 | E5: 增减值 | F5: 增值率% | G5: 企业报表数 | H5: 企业报表核对 | I5: 审定数 | J5: 审定数核对
A6: 1 | B6: 一、流动资产合计 | C6: =SUM(C7:C17) -> 2631318.4 | D6: =SUM(D7:D17) -> 154883.26 | E6: =SUM(E7:E17) -> -2476435.1 | F6: =SUM(F7:F17) -> -94.11 | H6: =C6-G6 -> 2631318.4 | J6: =C6-I6 -> 2631318.4
A7: 2 | B7: 货币资金 | C7: ='3-流动汇总'!C7 -> 0 | H7: =C7-G7 -> 0 | J7: =C7-I7 -> 0
A8: 3 | B8: 交易性金融资产 | C8: ='3-流动汇总'!C8 -> 0 | H8: =C8-G8 -> 0 | J8: =C8-I8 -> 0
A9: 4 | B9: 应收票据 | C9: ='3-流动汇总'!C9 -> 0 | H9: =C9-G9 -> 0 | J9: =C9-I9 -> 0
A10: 5 | B10: 应收账款 | C10: ='3-流动汇总'!C10 -> 0 | H10: =C10-G10 -> 0 | J10: =C10-I10 -> 0
A11: 6 | B11: 预付款项 | C11: ='3-流动汇总'!C11 -> 0 | H11: =C11-G11 -> 0 | J11: =C11-I11 -> 0
A12: 7 | B12: 应收利息 | C12: ='3-流动汇总'!C12 -> 0 | H12: =C12-G12 -> 0 | J12: =C12-I12 -> 0
A13: 8 | B13: 应收股利 | C13: ='3-流动汇总'!C13 -> 0 | H13: =C13-G13 -> 0 | J13: =C13-I13 -> 0
A14: 9 | B14: 其他应收款 | C14: ='3-流动汇总'!C14 -> 0 | H14: =C14-G14 -> 0 | J14: =C14-I14 -> 0
A15: 10 | B15: 存货 | C15: ='3-流动汇总'!C15 -> 2631318.4 | D15: ='3-9存货汇总'!D28 -> 154883.26 | E15: =D15-C15 -> -2476435.1 | F15: =IF(OR(C15=0,C15=""),"",ROUND(E15/C15*100,2)) -> -94.11 | H15: =C15-G15 -> 2631318.4 | J15: =C15-I15 -> 2631318.4
A16: 11 | B16: 一年内到期的非流动资产 | C16: ='3-流动汇总'!C16 -> 0 | H16: =C16-G16 -> 0 | J16: =C16-I16 -> 0
A17: 12 | B17: 其他流动资产 | C17: ='3-流动汇总'!C17 -> 0 | H17: =C17-G17 -> 0 | J17: =C17-I17 -> 0
A18: 13 | H18: =C18-G18 -> 0 | J18: =C18-I18 -> 0
A19: 14 | B19: 二、非流动资产合计 | C19: =SUM(C20:C36) -> 59334834 | D19: =SUM(D20:D36) -> 9696128.6 | E19: =SUM(E20:E36) -> -49638705 | F19: =SUM(F20:F36) -> -217.53 | H19: =C19-G19 -> 59334834 | J19: =C19-I19 -> 59334834
A20: 15 | B20: 可供出售金融资产 | C20: ='4-非流动资产汇总'!C7 -> 0 | H20: =C20-G20 -> 0 | J20: =C20-I20 -> 0
A21: 16 | B21: 持有至到期投资 | C21: ='4-非流动资产汇总'!C8 -> 0 | H21: =C21-G21 -> 0 | J21: =C21-I21 -> 0
A22: 17 | B22: 长期应收款 | C22: ='4-非流动资产汇总'!C9 -> 0 | H22: =C22-G22 -> 0 | J22: =C22-I22 -> 0
A23: 18 | B23: 长期股权投资 | C23: ='4-非流动资产汇总'!C10 -> 0 | H23: =C23-G23 -> 0 | J23: =C23-I23 -> 0
A24: 19 | B24: 投资性房地产 | C24: ='4-非流动资产汇总'!C11 -> 0 | H24: =C24-G24 -> 0 | J24: =C24-I24 -> 0
A25: 20 | B25: 固定资产 | C25: ='4-非流动资产汇总'!C12 -> 2153399.2 | D25: ='4-6固定资产汇总'!F28 -> 1293275.8 | E25: =D25-C25 -> -860123.41 | F25: =IF(OR(C25=0,C25=""),"",ROUND(E25/C25*100,2)) -> -39.94 | H25: =C25-G25 -> 2153399.2 | J25: =C25-I25 -> 2153399.2
A26: 21 | B26: 在建工程 | C26: ='4-非流动资产汇总'!C13 -> 54259159 | D26: ='4-7-2在建（设备）'!V570 -> 8188983.2 | E26: =D26-C26 -> -46070176 | F26: =IF(OR(C26=0,C26=""),"",ROUND(E26/C26*100,2)) -> -84.91 | H26: =C26-G26 -> 54259159 | J26: =C26-I26 -> 54259159
A27: 22 | B27: 工程物资 | C27: ='4-非流动资产汇总'!C14 -> 2922275.1 | D27: ='4-8工程物资'!N43 -> 213869.6 | E27: =D27-C27 -> -2708405.5 | F27: =IF(OR(C27=0,C27=""),"",ROUND(E27/C27*100,2)) -> -92.68 | H27: =C27-G27 -> 2922275.1 | J27: =C27-I27 -> 2922275.1
A28: 23 | B28: 固定资产清理 | C28: ='4-非流动资产汇总'!C15 -> 0 | H28: =C28-G28 -> 0 | J28: =C28-I28 -> 0
A29: 24 | B29: 生产性生物资产 | C29: ='4-非流动资产汇总'!C16 -> 0 | H29: =C29-G29 -> 0 | J29: =C29-I29 -> 0
A30: 25 | B30: 油气资产 | C30: ='4-非流动资产汇总'!C17 -> 0 | H30: =C30-G30 -> 0 | J30: =C30-I30 -> 0
A31: 26 | B31: 无形资产 | C31: ='4-非流动资产汇总'!C18 -> 0 | H31: =C31-G31 -> 0 | J31: =C31-I31 -> 0
A32: 27 | B32: 开发支出 | C32: ='4-非流动资产汇总'!C19 -> 0 | H32: =C32-G32 -> 0 | J32: =C32-I32 -> 0
A33: 28 | B33: 商誉 | C33: ='4-非流动资产汇总'!C20 -> 0 | H33: =C33-G33 -> 0 | J33: =C33-I33 -> 0
A34: 29 | B34: 长期待摊费用 | C34: ='4-非流动资产汇总'!C21 -> 0 | H34: =C34-G34 -> 0 | J34: =C34-I34 -> 0
A35: 30 | B35: 递延所得税资产 | C35: ='4-非流动资产汇总'!C22 -> 0 | H35: =C35-G35 -> 0 | J35: =C35-I35 -> 0
A36: 31 | B36: 其他非流动资产 | C36: ='4-非流动资产汇总'!C23 -> 0 | H36: =C36-G36 -> 0 | J36: =C36-I36 -> 0
A37: 32 | H37: =C37-G37 -> 0 | J37: =C37-I37 -> 0
A38: 33 | B38: 三、资产总计 | C38: =C6+C19 -> 61966152 | D38: =D6+D19 -> 9851011.9 | E38: =D38-C38 -> -52115140 | F38: =IF(OR(C38=0,C38=""),"",ROUND(E38/C38*100,2)) -> -84.1 | H38: =C38-G38 -> 61966152 | J38: =C38-I38 -> 61966152
A39: 35 | B39: 四、流动负债合计 | C39: =SUM(C40:C51) -> 0 | D39: =SUM(D40:D51) -> 0 | E39: =D39-C39 -> 0 | F39: =IF(C39<>0,ROUND(100*E39/ABS(C39),2),0) -> 0 | H39: =C39-G39 -> 0 | J39: =C39-I39 -> 0
A40: 36 | B40: 短期借款 | C40: ='5-流动负债汇总'!C6 -> 0 | D40: ='5-流动负债汇总'!D6 -> 0 | E40: =D40-C40 -> 0 | F40: =IF(C40<>0,ROUND(100*E40/ABS(C40),2),0) -> 0 | H40: =C40-G40 -> 0 | J40: =C40-I40 -> 0
A41: 37 | B41: 交易性金融负债 | C41: ='5-流动负债汇总'!C7 -> 0 | D41: ='5-流动负债汇总'!D7 -> 0 | E41: =D41-C41 -> 0 | F41: =IF(C41<>0,ROUND(100*E41/ABS(C41),2),0) -> 0 | H41: =C41-G41 -> 0 | J41: =C41-I41 -> 0
A42: 38 | B42: 应付票据 | C42: ='5-流动负债汇总'!C8 -> 0 | D42: ='5-流动负债汇总'!D8 -> 0 | E42: =D42-C42 -> 0 | F42: =IF(C42<>0,ROUND(100*E42/ABS(C42),2),0) -> 0 | H42: =C42-G42 -> 0 | J42: =C42-I42 -> 0
A43: 39 | B43: 应付账款 | C43: ='5-流动负债汇总'!C9 -> 0 | D43: ='5-流动负债汇总'!D9 -> 0 | E43: =D43-C43 -> 0 | F43: =IF(C43<>0,ROUND(100*E43/ABS(C43),2),0) -> 0 | H43: =C43-G43 -> 0 | J43: =C43-I43 -> 0
A44: 40 | B44: 预收款项 | C44: ='5-流动负债汇总'!C10 -> 0 | D44: ='5-流动负债汇总'!D10 -> 0 | E44: =D44-C44 -> 0 | F44: =IF(C44<>0,ROUND(100*E44/ABS(C44),2),0) -> 0 | H44: =C44-G44 -> 0 | J44: =C44-I44 -> 0
A45: 41 | B45: 应付职工薪酬 | C45: ='5-流动负债汇总'!C11 -> 0 | D45: ='5-流动负债汇总'!D11 -> 0 | E45: =D45-C45 -> 0 | F45: =IF(C45<>0,ROUND(100*E45/ABS(C45),2),0) -> 0 | H45: =C45-G45 -> 0 | J45: =C45-I45 -> 0
A46: 42 | B46: 应交税费 | C46: ='5-流动负债汇总'!C12 -> 0 | D46: ='5-流动负债汇总'!D12 -> 0 | E46: =D46-C46 -> 0 | F46: =IF(C46<>0,ROUND(100*E46/ABS(C46),2),0) -> 0 | H46: =C46-G46 -> 0 | J46: =C46-I46 -> 0
A47: 43 | B47: 应付利息 | C47: ='5-流动负债汇总'!C13 -> 0 | D47: ='5-流动负债汇总'!D13 -> 0 | E47: =D47-C47 -> 0 | F47: =IF(C47<>0,ROUND(100*E47/ABS(C47),2),0) -> 0 | H47: =C47-G47 -> 0 | J47: =C47-I47 -> 0
A48: 44 | B48: 应付股利 | C48: ='5-流动负债汇总'!C14 -> 0 | D48: ='5-流动负债汇总'!D14 -> 0 | E48: =D48-C48 -> 0 | F48: =IF(C48<>0,ROUND(100*E48/ABS(C48),2),0) -> 0 | H48: =C48-G48 -> 0 | J48: =C48-I48 -> 0
A49: 45 | B49: 其他应付款 | C49: ='5-流动负债汇总'!C15 -> 0 | D49: ='5-流动负债汇总'!D15 -> 0 | E49: =D49-C49 -> 0 | F49: =IF(C49<>0,ROUND(100*E49/ABS(C49),2),0) -> 0 | H49: =C49-G49 -> 0 | J49: =C49-I49 -> 0
A50: 46 | B50: 一年内到期的非流动负债 | C50: ='5-流动负债汇总'!C16 -> 0 | D50: ='5-流动负债汇总'!D16 -> 0 | E50: =D50-C50 -> 0 | F50: =IF(C50<>0,ROUND(100*E50/ABS(C50),2),0) -> 0 | H50: =C50-G50 -> 0 | J50: =C50-I50 -> 0
A51: 47 | B51: 其他流动负债 | C51: ='5-流动负债汇总'!C17 -> 0 | D51: ='5-流动负债汇总'!D17 -> 0 | E51: =D51-C51 -> 0 | F51: =IF(C51<>0,ROUND(100*E51/ABS(C51),2),0) -> 0 | H51: =C51-G51 -> 0 | J51: =C51-I51 -> 0
A52: 48 | E52: =D52-C52 -> 0 | F52: =IF(C52<>0,ROUND(100*E52/ABS(C52),2),0) -> 0 | H52: =C52-G52 -> 0 | J52: =C52-I52 -> 0
A53: 49 | B53: 五、非流动负债合计 | C53: =SUM(C54:C60) -> 0 | D53: =SUM(D54:D60) -> 0 | E53: =D53-C53 -> 0 | F53: =IF(C53<>0,ROUND(100*E53/ABS(C53),2),0) -> 0 | H53: =C53-G53 -> 0 | J53: =C53-I53 -> 0
A54: 50 | B54: 长期借款 | C54: ='6-非流动负债汇总 '!C6 -> 0 | D54: ='6-非流动负债汇总 '!D6 -> 0 | E54: =D54-C54 -> 0 | F54: =IF(C54<>0,ROUND(100*E54/ABS(C54),2),0) -> 0 | H54: =C54-G54 -> 0 | J54: =C54-I54 -> 0
A55: 51 | B55: 应付债券 | C55: ='6-非流动负债汇总 '!C7 -> 0 | D55: ='6-非流动负债汇总 '!D7 -> 0 | E55: =D55-C55 -> 0 | F55: =IF(C55<>0,ROUND(100*E55/ABS(C55),2),0) -> 0 | H55: =C55-G55 -> 0 | J55: =C55-I55 -> 0
A56: 52 | B56: 长期应付款 | C56: ='6-非流动负债汇总 '!C8 -> 0 | D56: ='6-非流动负债汇总 '!D8 -> 0 | E56: =D56-C56 -> 0 | F56: =IF(C56<>0,ROUND(100*E56/ABS(C56),2),0) -> 0 | H56: =C56-G56 -> 0 | J56: =C56-I56 -> 0
A57: 53 | B57: 专项应付款 | C57: ='6-非流动负债汇总 '!C9 -> 0 | D57: ='6-非流动负债汇总 '!D9 -> 0 | E57: =D57-C57 -> 0 | F57: =IF(C57<>0,ROUND(100*E57/ABS(C57),2),0) -> 0 | H57: =C57-G57 -> 0 | J57: =C57-I57 -> 0
A58: 54 | B58: 预计负债 | C58: ='6-非流动负债汇总 '!C10 -> 0 | D58: ='6-非流动负债汇总 '!D10 -> 0 | E58: =D58-C58 -> 0 | F58: =IF(C58<>0,ROUND(100*E58/ABS(C58),2),0) -> 0 | H58: =C58-G58 -> 0 | J58: =C58-I58 -> 0
A59: 55 | B59: 递延所得税负债 | C59: ='6-非流动负债汇总 '!C11 -> 0 | D59: ='6-非流动负债汇总 '!D11 -> 0 | E59: =D59-C59 -> 0 | F59: =IF(C59<>0,ROUND(100*E59/ABS(C59),2),0) -> 0 | H59: =C59-G59 -> 0 | J59: =C59-I59 -> 0
A60: 56 | B60: 其他非流动负债 | C60: ='6-非流动负债汇总 '!C12 -> 0 | D60: ='6-非流动负债汇总 '!D12 -> 0 | E60: =D60-C60 -> 0 | F60: =IF(C60<>0,ROUND(100*E60/ABS(C60),2),0) -> 0 | H60: =C60-G60 -> 0 | J60: =C60-I60 -> 0
A61: 57 | E61: =D61-C61 -> 0 | F61: =IF(C61<>0,ROUND(100*E61/ABS(C61),2),0) -> 0 | H61: =C61-G61 -> 0 | J61: =C61-I61 -> 0
A62: 58 | B62: 六、负债总计 | C62: =C39+C53 -> 0 | D62: =D39+D53 -> 0 | E62: =D62-C62 -> 0 | F62: =IF(C62<>0,ROUND(100*E62/ABS(C62),2),0) -> 0 | H62: =C62-G62 -> 0 | J62: =C62-I62 -> 0
A63: 59 | E63: =D63-C63 -> 0 | F63: =IF(C63<>0,ROUND(100*E63/ABS(C63),2),0) -> 0 | H63: =C63-G63 -> 0 | J63: =C63-I63 -> 0
A64: 60 | B64: 七、净资产（所有者权益） | C64: =C38-C62 -> 61966152 | D64: =D38-D62 -> 9851011.9 | E64: =D64-C64 -> -52115140 | F64: =IF(C64<>0,ROUND(100*E64/ABS(C64),2),0) -> -84.1 | H64: =C64-G64 -> 61966152 | J64: =C64-I64 -> 61966152
A65: ='1-汇总表'!A31 -> 评估机构：山西诚成资产评估有限公司
C67: =SUM(C7:C17,C20:C36)-SUM(C40:C51,C54:C60)-C64 -> 0

Sheet 3-流动汇总
A2: 流动资产评估汇总表
A3: ='1-汇总表'!A2:F2 -> 评估基准日：2018年12月31日
A5: ='1-汇总表'!A4 -> 产权持有人名称：阳煤集团青岛恒源化工有限公司
A6: 编号 | B6: 科目名称 | C6: 账面价值 | D6: 评估价值 | E6: 增减值 | F6: 增值率%
A7: 3-1 | B7: 货币资金 | C7: ='表3-1货币汇总表'!C27 -> 0 | D7: ='表3-1货币汇总表'!D27 -> 0 | E7: =D7-C7 -> 0 | F7: =ROUND(IF(C7<>0,100*E7/C7,),2) -> 0
A8: 3-2 | B8: 交易性金融资产 | C8: ='3-2交易性金融资产汇总'!C28 -> 0 | D8: ='3-2交易性金融资产汇总'!D28 -> 0 | E8: =D8-C8 -> 0 | F8: =ROUND(IF(C8<>0,100*E8/C8,),2) -> 0
A9: 3-3 | B9: 应收票据 | C9: ='3-3应收票据'!F28 -> 0 | D9: ='3-3应收票据'!G28 -> 0 | E9: =D9-C9 -> 0 | F9: =ROUND(IF(C9<>0,100*E9/C9,),2) -> 0
A10: 3-4 | B10: 应收账款 | C10: ='3-4应收账款'!I27 -> 0 | D10: ='3-4应收账款'!M27 -> 0 | E10: =D10-C10 -> 0 | F10: =ROUND(IF(C10<>0,100*E10/C10,),2) -> 0
A11: 3-5 | B11: 预付账款 | C11: ='3-5预付账款'!F27 -> 0 | D11: ='3-5预付账款'!G27 -> 0 | E11: =D11-C11 -> 0 | F11: =ROUND(IF(C11<>0,100*E11/C11,),2) -> 0
A12: 3-6 | B12: 应收利息 | C12: ='3-6应收利息'!G28 -> 0 | D12: ='3-6应收利息'!H28 -> 0 | E12: =D12-C12 -> 0 | F12: =ROUND(IF(C12<>0,100*E12/C12,),2) -> 0
A13: 3-7 | B13: 应收股利 | C13: ='3-7应收股利'!E28 -> 0 | D13: ='3-7应收股利'!F28 -> 0 | E13: =D13-C13 -> 0 | F13: =ROUND(IF(C13<>0,100*E13/C13,),2) -> 0
A14: 3-8 | B14: 其他应收款 | C14: ='3-8其他应收款'!I26 -> 0 | D14: ='3-8其他应收款'!M26 -> 0 | E14: =D14-C14 -> 0 | F14: =ROUND(IF(C14<>0,100*E14/C14,),2) -> 0
A15: 3-9 | B15: 存货 | C15: ='3-9存货汇总'!C28 -> 2631318.4 | D15: ='3-9存货汇总'!D28 -> 154883.26 | E15: =D15-C15 -> -2476435.1 | F15: =ROUND(IF(C15<>0,100*E15/C15,),2) -> -94.11
A16: 3-10 | B16: 一年内到期的非流动资产 | C16: ='3-10一年到期非流动资产'!E26 -> 0 | D16: ='3-10一年到期非流动资产'!F26 -> 0 | E16: =D16-C16 -> 0 | F16: =ROUND(IF(C16<>0,100*E16/C16,),2) -> 0
A17: 3-11 | B17: 其他流动资产 | C17: ='3-11其他流动资产'!F28 -> 0 | D17: ='3-11其他流动资产'!G28 -> 0 | E17: =D17-C17 -> 0 | F17: =ROUND(IF(C17<>0,100*E17/C17,),2) -> 0
A28: 流动资产合计 | C28: =SUM(C7:C17) -> 2631318.4 | D28: =SUM(D7:D17) -> 154883.26 | E28: =D28-C28 -> -2476435.1 | F28: =ROUND(IF(C28<>0,100*E28/C28,),2) -> -94.11
D30: ="评估人员："&封面!$P$18 -> 评估人员：

Sheet 表3-1货币汇总表
A1: 货币资金评估汇总表
A2: ='1-汇总表'!A2:F2 -> 评估基准日：2018年12月31日
A4: ='1-汇总表'!A4 -> 产权持有人名称：阳煤集团青岛恒源化工有限公司
A5: 编号 | B5: 科目名称 | C5: 账面价值 | D5: 评估价值 | E5: 增减值 | F5: 增值率% | G5: 备注
A6: 3-1-1 | B6: 现金 | C6: ='3-1-1现金'!F28 -> 0 | D6: ='3-1-1现金'!G28 -> 0 | E6: =D6-C6 -> 0 | F6: =ROUND(IF(C6<>0,100*E6/C6,),2) -> 0
A7: 3-1-2 | B7: 银行存款 | C7: ='3-1-2银行存款'!G28 -> 0 | D7: ='3-1-2银行存款'!H28 -> 0 | E7: =D7-C7 -> 0 | F7: =ROUND(IF(C7<>0,100*E7/C7,),2) -> 0
A8: 3-1-3 | B8: 其他货币资金 | C8: ='3-1-3其他货币资金'!G29 -> 0 | D8: ='3-1-3其他货币资金'!H29 -> 0 | E8: =D8-C8 -> 0 | F8: =ROUND(IF(C8<>0,100*E8/C8,),2) -> 0
A27: 合 计 | C27: =SUM(C6:C8) -> 0 | D27: =SUM(D6:D8) -> 0 | E27: =D27-C27 -> 0 | F27: =ROUND(IF(C27<>0,100*E27/C27,),2) -> 0
D29: ="评估人员："&封面!$P$18 -> 评估人员：

Sheet 3-1-1现金
A1: 货币资金—现金评估明细表
A2: ='1-汇总表'!A2:F2 -> 评估基准日：2018年12月31日
A4: ='1-汇总表'!A4 -> 产权持有人名称：阳煤集团青岛恒源化工有限公司
A5: 序号 | B5: 存放部门（单位） | C5: 币种 | D5: 外币账面金额 | E5: 评估基准日汇率 | F5: 账面价值 | G5: 评估价值 | H5: 增减值 | I5: 增值率% | J5: 备注
G6: =F6 -> 0 | H6: =G6-F6 -> 0 | I6: =ROUND(IF(F6<>0,100*H6/F6,),2) -> 0
A28: 合 计 | F28: =SUM(F6:F27) -> 0 | G28: =SUM(G6:G27) -> 0 | H28: =G28-F28 -> 0 | I28: =ROUND(IF(F28<>0,100*H28/F28,),2) -> 0
A29: =封面!B$10&封面!D$10 -> 产权持有单位填表人：杨庆华
A30: =封面!B$12&封面!D$12&封面!E$12&封面!F$12&封面!G$12&封面!H$12&封面!I$12 -> 填表日期：2019年1月24日 | G30: ="评估人员："&封面!$P$18 -> 评估人员：

Sheet 3-1-2银行存款
A1: 货币资金—银行存款评估明细表
A2: ='1-汇总表'!A2:F2 -> 评估基准日：2018年12月31日
A4: ='1-汇总表'!A4 -> 产权持有人名称：阳煤集团青岛恒源化工有限公司
A5: 序号 | B5: 开户银行 | C5: 账号 | D5: 币种 | E5: 外币账面金额 | F5: 评估基准日汇率 | G5: 账面价值 | H5: 评估价值 | I5: 增减值 | J5: 增值率% | K5: 备注
H6: =G6 -> 0 | I6: =H6-G6 -> 0 | J6: =ROUND(IF(G6<>0,100*I6/G6,),2) -> 0
H7: =G7 -> 0 | I7: =H7-G7 -> 0 | J7: =ROUND(IF(G7<>0,100*I7/G7,),2) -> 0
H8: =G8 -> 0 | I8: =H8-G8 -> 0 | J8: =ROUND(IF(G8<>0,100*I8/G8,),2) -> 0
H9: =G9 -> 0 | I9: =H9-G9 -> 0 | J9: =ROUND(IF(G9<>0,100*I9/G9,),2) -> 0
H10: =G10 -> 0 | I10: =H10-G10 -> 0 | J10: =ROUND(IF(G10<>0,100*I10/G10,),2) -> 0
H11: =G11 -> 0 | I11: =H11-G11 -> 0 | J11: =ROUND(IF(G11<>0,100*I11/G11,),2) -> 0
A28: 合 计 | G28: =SUM(G6:G27) -> 0 | H28: =SUM(H6:H27) -> 0 | I28: =H28-G28 -> 0 | J28: =ROUND(IF(G28<>0,100*I28/G28,),2) -> 0
A29: =封面!B$10&封面!D$10 -> 产权持有单位填表人：杨庆华
A30: =封面!B$12&封面!D$12&封面!E$12&封面!F$12&封面!G$12&封面!H$12&封面!I$12 -> 填表日期：2019年1月24日 | H30: ="评估人员："&封面!$P$18 -> 评估人员：

Sheet 3-1-3其他货币资金
A1: 货币资金—其他货币资金评估明细表
A2: ='1-汇总表'!A2:F2 -> 评估基准日：2018年12月31日
A4: ='1-汇总表'!A4 -> 产权持有人名称：阳煤集团青岛恒源化工有限公司
A5: 序号 | B5: 名称及内容 | C5: 用途 | D5: 币种 | E5: 外币账面金额 | F5: 评估基准日汇率 | G5: 账面价值 | H5: 评估价值 | I5: 增减值 | J5: 增值率% | K5: 备注
H6: =G6 -> 0 | I6: =H6-G6 -> 0 | J6: =ROUND(IF(G6<>0,100*I6/G6,),2) -> 0
H7: =G7 -> 0 | I7: =H7-G7 -> 0 | J7: =ROUND(IF(G7<>0,100*I7/G7,),2) -> 0
A29: 合 计 | G29: =SUM(G6:G28) -> 0 | H29: =SUM(H6:H28) -> 0 | I29: =H29-G29 -> 0 | J29: =ROUND(IF(G29<>0,100*I29/G29,),2) -> 0
A30: =封面!B$10&封面!D$10 -> 产权持有单位填表人：杨庆华
A31: =封面!B$12&封面!D$12&封面!E$12&封面!F$12&封面!G$12&封面!H$12&封面!I$12 -> 填表日期：2019年1月24日 | H31: ="评估人员："&封面!$P$18 -> 评估人员：

Sheet 3-2交易性金融资产汇总
A1: 交易性金融资产评估汇总表
A2: ='1-汇总表'!A2:F2 -> 评估基准日：2018年12月31日
A4: ='1-汇总表'!A4 -> 产权持有人名称：阳煤集团青岛恒源化工有限公司
A5: 编号 | B5: 科目名称 | C5: 账面价值 | D5: 评估价值 | E5: 增减值 | F5: 增值率%
A6: 3-2-1 | B6: 交易性金融资产-股票投资 | C6: =INDEX('3-2-1交易性-股票'!$A$1:$Z$10000,MATCH("*合*计*",'3-2-1交易性-股票'!$A$1:$A$10000,0),7) -> 0 | D6: =INDEX('3-2-1交易性-股票'!$A$1:$Z$10000,MATCH("*合*计*",'3-2-1交易性-股票'!$A$1:$A$10000,0),9) -> 0 | E6: =D6-C6 -> 0 | F6: =ROUND(IF(C6<>0,100*E6/C6,),2) -> 0
A7: 3-2-2 | B7: 交易性金融资产-债券投资 | C7: =INDEX('3-2-2交易性-债券'!$A$1:$Z$10001,MATCH("*合*计*",'3-2-2交易性-债券'!$A$1:$A$10001,0),8) -> 0 | D7: =INDEX('3-2-2交易性-债券'!$A$1:$Z$10001,MATCH("*合*计*",'3-2-2交易性-债券'!$A$1:$A$10001,0),9) -> 0 | E7: =D7-C7 -> 0 | F7: =ROUND(IF(C7<>0,100*E7/C7,),2) -> 0
A8: 3-2-3 | B8: 交易性金融资产-基金投资 | C8: =INDEX('3-2-3交易性-基金'!$A$1:$Z$10000,MATCH("*合*计*",'3-2-3交易性-基金'!$A$1:$A$10000,0),7) -> 0 | D8: =INDEX('3-2-3交易性-基金'!$A$1:$Z$10000,MATCH("*合*计*",'3-2-3交易性-基金'!$A$1:$A$10000,0),9) -> 0 | E8: =D8-C8 -> 0 | F8: =ROUND(IF(C8<>0,100*E8/C8,),2) -> 0
A28: 合 计 | C28: =SUM(C6:C8) -> 0 | D28: =SUM(D6:D8) -> 0 | E28: =D28-C28 -> 0 | F28: =ROUND(IF(C28<>0,100*E28/C28,),2) -> 0
D30: ="评估人员："&封面!$P$18 -> 评估人员：

Sheet 3-2-1交易性-股票
A1: 交易性金融资产—股票投资评估明细表
A2: ='1-汇总表'!A2:F2 -> 评估基准日：2018年12月31日
A4: ='1-汇总表'!A4 -> 产权持有人名称：阳煤集团青岛恒源化工有限公司
A5: 序号 | B5: 被投资单位名称 | C5: 股票名称 | D5: 投资日期 | E5: 持股数量 | F5: 成 本 | G5: 账面价值 | H5: 基准日收盘价元/股 | I5: 评估价值 | J5: 增减值 | K5: 增值率% | L5: 备注
I6: =ROUND(H6*E6,2) -> 0 | J6: =I6-G6 -> 0 | K6: =IF(G6<>0,ROUND(100*J6/ABS(G6),2),0) -> 0
I7: =ROUND(H7*E7,2) -> 0 | J7: =I7-G7 -> 0 | K7: =IF(G7<>0,ROUND(100*J7/ABS(G7),2),0) -> 0
I8: =ROUND(H8*E8,2) -> 0 | J8: =I8-G8 -> 0 | K8: =IF(G8<>0,ROUND(100*J8/ABS(G8),2),0) -> 0
I9: =ROUND(H9*E9,2) -> 0 | J9: =I9-G9 -> 0 | K9: =IF(G9<>0,ROUND(100*J9/ABS(G9),2),0) -> 0
I10: =ROUND(H10*E10,2) -> 0 | J10: =I10-G10 -> 0 | K10: =IF(G10<>0,ROUND(100*J10/ABS(G10),2),0) -> 0
I11: =ROUND(H11*E11,2) -> 0 | J11: =I11-G11 -> 0 | K11: =IF(G11<>0,ROUND(100*J11/ABS(G11),2),0) -> 0
I12: =ROUND(H12*E12,2) -> 0 | J12: =I12-G12 -> 0 | K12: =IF(G12<>0,ROUND(100*J12/ABS(G12),2),0) -> 0
I13: =ROUND(H13*E13,2) -> 0 | J13: =I13-G13 -> 0 | K13: =IF(G13<>0,ROUND(100*J13/ABS(G13),2),0) -> 0
I14: =ROUND(H14*E14,2) -> 0 | J14: =I14-G14 -> 0 | K14: =IF(G14<>0,ROUND(100*J14/ABS(G14),2),0) -> 0
I15: =ROUND(H15*E15,2) -> 0 | J15: =I15-G15 -> 0 | K15: =IF(G15<>0,ROUND(100*J15/ABS(G15),2),0) -> 0
I16: =ROUND(H16*E16,2) -> 0 | J16: =I16-G16 -> 0 | K16: =IF(G16<>0,ROUND(100*J16/ABS(G16),2),0) -> 0
I17: =ROUND(H17*E17,2) -> 0 | J17: =I17-G17 -> 0 | K17: =IF(G17<>0,ROUND(100*J17/ABS(G17),2),0) -> 0
... I26: =ROUND(H26*E26,2) -> 0 | J26: =I26-G26 -> 0 | K26: =IF(G26<>0,ROUND(100*J26/ABS(G26),2),0) -> 0
A27: 合 计 | G27: =SUM(G6:G26) -> 0 | I27: =SUM(I6:I26) -> 0 | J27: =I27-G27 -> 0 | K27: =IF(G27<>0,ROUND(100*J27/ABS(G27),2),0) -> 0
A28: =封面!B$10&封面!D$10 -> 产权持有单位填表人：杨庆华
A29: =封面!B$12&封面!D$12&封面!E$12&封面!F$12&封面!G$12&封面!H$12&封面!I$12 -> 填表日期：2019年1月24日 | I29: ="评估人员："&封面!$P$18 -> 评估人员：

Sheet 3-2-2交易性-债券
A1: 交易性金融资产—债券投资评估明细表
A2: ='1-汇总表'!A2:F2 -> 评估基准日：2018年12月31日
A4: ='1-汇总表'!A4 -> 产权持有人名称：阳煤集团青岛恒源化工有限公司
A5: 序号 | B5: 被投资单位名称 | C5: 债券名称 | D5: 发行日期 | E5: 投资日期 | F5: 票面利率% | G5: 成本 | H5: 账面价值 | I5: 评估价值 | J5: 增减值 | K5: 增值率% | L5: 备注
I6: =H6 -> 0 | J6: =I6-H6 -> 0 | K6: =IF(H6<>0,ROUND(100*J6/ABS(H6),2),0) -> 0
I7: =H7 -> 0 | J7: =I7-H7 -> 0 | K7: =IF(H7<>0,ROUND(100*J7/ABS(H7),2),0) -> 0
I8: =H8 -> 0 | J8: =I8-H8 -> 0 | K8: =IF(H8<>0,ROUND(100*J8/ABS(H8),2),0) -> 0
I9: =H9 -> 0 | J9: =I9-H9 -> 0 | K9: =IF(H9<>0,ROUND(100*J9/ABS(H9),2),0) -> 0
I10: =H10 -> 0 | J10: =I10-H10 -> 0 | K10: =IF(H10<>0,ROUND(100*J10/ABS(H10),2),0) -> 0
I11: =H11 -> 0 | J11: =I11-H11 -> 0 | K11: =IF(H11<>0,ROUND(100*J11/ABS(H11),2),0) -> 0
I12: =H12 -> 0 | J12: =I12-H12 -> 0 | K12: =IF(H12<>0,ROUND(100*J12/ABS(H12),2),0) -> 0
I13: =H13 -> 0 | J13: =I13-H13 -> 0 | K13: =IF(H13<>0,ROUND(100*J13/ABS(H13),2),0) -> 0
I16: =H16 -> 0 | J16: =I16-H16 -> 0 | K16: =IF(H16<>0,ROUND(100*J16/ABS(H16),2),0) -> 0
I17: =H17 -> 0 | J17: =I17-H17 -> 0 | K17: =IF(H17<>0,ROUND(100*J17/ABS(H17),2),0) -> 0
I18: =H18 -> 0 | J18: =I18-H18 -> 0 | K18: =IF(H18<>0,ROUND(100*J18/ABS(H18),2),0) -> 0
I19: =H19 -> 0 | J19: =I19-H19 -> 0 | K19: =IF(H19<>0,ROUND(100*J19/ABS(H19),2),0) -> 0
... I27: =H27 -> 0 | J27: =I27-H27 -> 0 | K27: =IF(H27<>0,ROUND(100*J27/ABS(H27),2),0) -> 0
A28: 合 计 | G28: =SUM(G6:G27) -> 0 | H28: =SUM(H6:H27) -> 0 | I28: =SUM(I6:I27) -> 0 | J28: =I28-H28 -> 0 | K28: =IF(H28<>0,ROUND(100*J28/ABS(H28),2),0) -> 0
A29: =封面!B$10&封面!D$10 -> 产权持有单位填表人：杨庆华
A30: =封面!B$12&封面!D$12&封面!E$12&封面!F$12&封面!G$12&封面!H$12&封面!I$12 -> 填表日期：2019年1月24日 | I30: ="评估人员："&封面!$P$18 -> 评估人员：

Sheet 3-2-3交易性-基金
A1: 交易性金融资产—基金投资评估明细表
A2: ='1-汇总表'!A2:F2 -> 评估基准日：2018年12月31日
A4: ='1-汇总表'!A4 -> 产权持有人名称：阳煤集团青岛恒源化工有限公司
A5: 序号 | B5: 基金发行单位 | C5: 基金名称 | D5: 基金类型 | E5: 投资日期 | F5: 成本 | G5: 账面价值 | H5: 基准日净值/份 | I5: 评估价值 | J5: 增减值 | K5: 增值率% | L5: 备注
I6: =ROUND(H6*F6,2) -> 0 | J6: =I6-G6 -> 0 | K6: =IF(G6<>0,ROUND(100*J6/ABS(G6),2),0) -> 0
I7: =ROUND(H7*F7,2) -> 0 | J7: =I7-G7 -> 0 | K7: =IF(G7<>0,ROUND(100*J7/ABS(G7),2),0) -> 0
I8: =ROUND(H8*F8,2) -> 0 | J8: =I8-G8 -> 0 | K8: =IF(G8<>0,ROUND(100*J8/ABS(G8),2),0) -> 0
I9: =ROUND(H9*F9,2) -> 0 | J9: =I9-G9 -> 0 | K9: =IF(G9<>0,ROUND(100*J9/ABS(G9),2),0) -> 0
I10: =ROUND(H10*F10,2) -> 0 | J10: =I10-G10 -> 0 | K10: =IF(G10<>0,ROUND(100*J10/ABS(G10),2),0) -> 0
I11: =ROUND(H11*F11,2) -> 0 | J11: =I11-G11 -> 0 | K11: =IF(G11<>0,ROUND(100*J11/ABS(G11),2),0) -> 0
I12: =ROUND(H12*F12,2) -> 0 | J12: =I12-G12 -> 0 | K12: =IF(G12<>0,ROUND(100*J12/ABS(G12),2),0) -> 0
I13: =ROUND(H13*F13,2) -> 0 | J13: =I13-G13 -> 0 | K13: =IF(G13<>0,ROUND(100*J13/ABS(G13),2),0) -> 0
I14: =ROUND(H14*F14,2) -> 0 | J14: =I14-G14 -> 0 | K14: =IF(G14<>0,ROUND(100*J14/ABS(G14),2),0) -> 0
I15: =ROUND(H15*F15,2) -> 0 | J15: =I15-G15 -> 0 | K15: =IF(G15<>0,ROUND(100*J15/ABS(G15),2),0) -> 0
I16: =ROUND(H16*F16,2) -> 0 | J16: =I16-G16 -> 0 | K16: =IF(G16<>0,ROUND(100*J16/ABS(G16),2),0) -> 0
I17: =ROUND(H17*F17,2) -> 0 | J17: =I17-G17 -> 0 | K17: =IF(G17<>0,ROUND(100*J17/ABS(G17),2),0) -> 0
... I26: =ROUND(H26*F26,2) -> 0 | J26: =I26-G26 -> 0 | K26: =IF(G26<>0,ROUND(100*J26/ABS(G26),2),0) -> 0
A27: 合 计 | G27: =SUM(G6:G26) -> 0 | I27: =SUM(I6:I26) -> 0 | J27: =I27-G27 -> 0 | K27: =IF(G27<>0,ROUND(100*J27/ABS(G27),2),0) -> 0
A28: =封面!B$10&封面!D$10 -> 产权持有单位填表人：杨庆华
A29: =封面!B$12&封面!D$12&封面!E$12&封面!F$12&封面!G$12&封面!H$12&封面!I$12 -> 填表日期：2019年1月24日 | I29: ="评估人员："&封面!$P$18 -> 评估人员：

Sheet 3-3应收票据
A1: 应收票据评估明细表
A2: ='1-汇总表'!A2:F2 -> 评估基准日：2018年12月31日
A4: ='1-汇总表'!A4 -> 产权持有人名称：阳煤集团青岛恒源化工有限公司
A5: 序号 | B5: 户名（结算对象） | C5: 出票日期 | D5: 到期日期 | E5: 票面利率% | F5: 账面价值 | G5: 评估价值 | H5: 增减值 | I5: 增值率% | J5: 备注
G6: =F6 -> 0 | H6: =G6-F6 -> 0 | I6: =IF(F6<>0,ROUND(100*H6/ABS(F6),2),0) -> 0
G7: =F7 -> 0 | H7: =G7-F7 -> 0 | I7: =IF(F7<>0,ROUND(100*H7/ABS(F7),2),0) -> 0
G8: =F8 -> 0 | H8: =G8-F8 -> 0 | I8: =IF(F8<>0,ROUND(100*H8/ABS(F8),2),0) -> 0
G9: =F9 -> 0 | H9: =G9-F9 -> 0 | I9: =IF(F9<>0,ROUND(100*H9/ABS(F9),2),0) -> 0
G10: =F10 -> 0 | H10: =G10-F10 -> 0 | I10: =IF(F10<>0,ROUND(100*H10/ABS(F10),2),0) -> 0
G11: =F11 -> 0 | H11: =G11-F11 -> 0 | I11: =IF(F11<>0,ROUND(100*H11/ABS(F11),2),0) -> 0
G12: =F12 -> 0 | H12: =G12-F12 -> 0 | I12: =IF(F12<>0,ROUND(100*H12/ABS(F12),2),0) -> 0
G13: =F13 -> 0 | H13: =G13-F13 -> 0 | I13: =IF(F13<>0,ROUND(100*H13/ABS(F13),2),0) -> 0
G14: =F14 -> 0 | H14: =G14-F14 -> 0 | I14: =IF(F14<>0,ROUND(100*H14/ABS(F14),2),0) -> 0
G15: =F15 -> 0 | H15: =G15-F15 -> 0 | I15: =IF(F15<>0,ROUND(100*H15/ABS(F15),2),0) -> 0
G16: =F16 -> 0 | H16: =G16-F16 -> 0 | I16: =IF(F16<>0,ROUND(100*H16/ABS(F16),2),0) -> 0
G17: =F17 -> 0 | H17: =G17-F17 -> 0 | I17: =IF(F17<>0,ROUND(100*H17/ABS(F17),2),0) -> 0
G18: =F18 -> 0 | H18: =G18-F18 -> 0 | I18: =IF(F18<>0,ROUND(100*H18/ABS(F18),2),0) -> 0
A26: 小 计 | F26: =SUM(F6:F25) -> 0 | G26: =SUM(G6:G25) -> 0 | H26: =G26-F26 -> 0 | I26: =IF(F26<>0,ROUND(100*H26/ABS(F26),2),0) -> 0
A27: 减：应收票据坏账准备
A28: 合 计 | F28: =F26-ABS(F27) -> 0 | G28: =G26-ABS(G27) -> 0 | H28: =G28-F28 -> 0 | I28: =IF(F28<>0,ROUND(100*H28/ABS(F28),2),0) -> 0
A29: =封面!B$10&封面!D$10 -> 产权持有单位填表人：杨庆华
A30: =封面!B$12&封面!D$12&封面!E$12&封面!F$12&封面!G$12&封面!H$12&封面!I$12 -> 填表日期：2019年1月24日 | G30: ="评估人员："&封面!$P$18 -> 评估人员：

Sheet 3-4应收账款
A1: 应收账款评估明细表
A2: ='1-汇总表'!A2:F2 -> 评估基准日：2018年12月31日
A4: ='1-汇总表'!A4 -> 产权持有人名称：阳煤集团青岛恒源化工有限公司
A5: 序号 | B5: 欠款单位名称（结算对象） | C5: 业务内容 | D5: 发生日期 | E5: 账面价值 | J5: 计提坏账准备 | M5: 评估价值 | N5: 增减值 | O5: 增值率% | P5: 备注
E6: 1年以内 | F6: 1年-2年 | G6: 2年-3年 | H6: 3年以上 | I6: 小计 | J6: 账龄计提 | K6: 个别计提 | L6: 合计 | M6: =#REF! -> #REF! | N6: =M6-#REF! -> #REF! | O6: =IF(#REF!<>0,ROUND(100*N6/ABS(#REF!),2),0) -> #REF!
I7: =SUM(E7:H7) -> 0 | L7: =SUM(J7:K7) -> 0 | M7: =I7-L7 -> 0 | N7: =M7-I7 -> 0 | O7: =IF(I7<>0,ROUND(100*N7/ABS(I7),2),0) -> 0
I8: =SUM(E8:H8) -> 0 | L8: =SUM(J8:K8) -> 0 | M8: =I8-L8 -> 0 | N8: =M8-I8 -> 0 | O8: =IF(I8<>0,ROUND(100*N8/ABS(I8),2),0) -> 0
I9: =SUM(E9:H9) -> 0 | L9: =SUM(J9:K9) -> 0 | M9: =I9-L9 -> 0 | N9: =M9-I9 -> 0 | O9: =IF(I9<>0,ROUND(100*N9/ABS(I9),2),0) -> 0
I10: =SUM(E10:H10) -> 0 | L10: =SUM(J10:K10) -> 0 | M10: =I10-L10 -> 0 | N10: =M10-I10 -> 0 | O10: =IF(I10<>0,ROUND(100*N10/ABS(I10),2),0) -> 0
I11: =SUM(E11:H11) -> 0 | L11: =SUM(J11:K11) -> 0 | M11: =I11-L11 -> 0 | N11: =M11-I11 -> 0 | O11: =IF(I11<>0,ROUND(100*N11/ABS(I11),2),0) -> 0
I12: =SUM(E12:H12) -> 0 | L12: =SUM(J12:K12) -> 0 | M12: =I12-L12 -> 0 | N12: =M12-I12 -> 0 | O12: =IF(I12<>0,ROUND(100*N12/ABS(I12),2),0) -> 0
I13: =SUM(E13:H13) -> 0 | L13: =SUM(J13:K13) -> 0 | M13: =I13-L13 -> 0 | N13: =M13-I13 -> 0 | O13: =IF(I13<>0,ROUND(100*N13/ABS(I13),2),0) -> 0
I14: =SUM(E14:H14) -> 0 | L14: =SUM(J14:K14) -> 0 | M14: =I14-L14 -> 0 | N14: =M14-I14 -> 0 | O14: =IF(I14<>0,ROUND(100*N14/ABS(I14),2),0) -> 0
I15: =SUM(E15:H15) -> 0 | L15: =SUM(J15:K15) -> 0 | M15: =I15-L15 -> 0 | N15: =M15-I15 -> 0 | O15: =IF(I15<>0,ROUND(100*N15/ABS(I15),2),0) -> 0
I16: =SUM(E16:H16) -> 0 | L16: =SUM(J16:K16) -> 0 | M16: =I16-L16 -> 0 | N16: =M16-I16 -> 0 | O16: =IF(I16<>0,ROUND(100*N16/ABS(I16),2),0) -> 0
I17: =SUM(E17:H17) -> 0 | L17: =SUM(J17:K17) -> 0 | M17: =I17-L17 -> 0 | N17: =M17-I17 -> 0 | O17: =IF(I17<>0,ROUND(100*N17/ABS(I17),2),0) -> 0
I18: =SUM(E18:H18) -> 0 | L18: =SUM(J18:K18) -> 0 | M18: =I18-L18 -> 0 | N18: =M18-I18 -> 0 | O18: =IF(I18<>0,ROUND(100*N18/ABS(I18),2),0) -> 0
... I24: =SUM(E24:H24) -> 0 | L24: =SUM(J24:K24) -> 0 | M24: =I24-L24 -> 0 | N24: =M24-I24 -> 0 | O24: =IF(I24<>0,ROUND(100*N24/ABS(I24),2),0) -> 0
A25: 小 计 | E25: =SUM(E7:E24) -> 0 | F25: =SUM(F7:F24) -> 0 | G25: =SUM(G7:G24) -> 0 | H25: =SUM(H7:H24) -> 0 | I25: =SUM(I7:I24) -> 0 | J25: =SUM(J7:J24) -> 0 | K25: =SUM(K7:K24) -> 0 | L25: =SUM(L7:L24) -> 0 | M25: =SUM(M7:M24) -> 0 | N25: =M25-I25 -> 0 | O25: =IF(I25<>0,ROUND(100*N25/ABS(I25),2),0) -> 0
A26: 减：应收账款坏账准备 | I26: =L25 -> 0 | O26: =IF(I26<>0,ROUND(100*N26/ABS(I26),2),0) -> 0
A27: 合 计 | E27: =E25-ABS(E26) -> 0 | F27: =F25-ABS(F26) -> 0 | G27: =G25-ABS(G26) -> 0 | H27: =H25-ABS(H26) -> 0 | I27: =I25-ABS(I26) -> 0 | M27: =M25-ABS(M26) -> 0 | N27: =M27-I27 -> 0 | O27: =IF(I27<>0,ROUND(100*N27/ABS(I27),2),0) -> 0
A28: =封面!B$10&封面!D$10 -> 产权持有单位填表人：杨庆华
A29: =封面!B$12&封面!D$12&封面!E$12&封面!F$12&封面!G$12&封面!H$12&封面!I$12 -> 填表日期：2019年1月24日 | M29: ="评估人员："&封面!$P$18 -> 评估人员：

Sheet 3-5预付账款
A1: 预付账款评估明细表
A2: ='1-汇总表'!A2:F2 -> 评估基准日：2018年12月31日
A4: ='1-汇总表'!A4 -> 产权持有人名称：阳煤集团青岛恒源化工有限公司
A5: 序号 | B5: 收款单位名称（结算对象） | C5: 业务内容 | D5: 发生日期 | E5: 账龄 | F5: 账面价值 | G5: 评估价值 | H5: 增减值 | I5: 增值率% | J5: 备注
G6: =F6 -> 0 | H6: =G6-F6 -> 0 | I6: =IF(F6<>0,ROUND(100*H6/ABS(F6),2),0) -> 0
G7: =F7 -> 0 | H7: =G7-F7 -> 0 | I7: =IF(F7<>0,ROUND(100*H7/ABS(F7),2),0) -> 0
G8: =F8 -> 0 | H8: =G8-F8 -> 0 | I8: =IF(F8<>0,ROUND(100*H8/ABS(F8),2),0) -> 0
G9: =F9 -> 0 | H9: =G9-F9 -> 0 | I9: =IF(F9<>0,ROUND(100*H9/ABS(F9),2),0) -> 0
G10: =F10 -> 0 | H10: =G10-F10 -> 0 | I10: =IF(F10<>0,ROUND(100*H10/ABS(F10),2),0) -> 0
G11: =F11 -> 0 | H11: =G11-F11 -> 0 | I11: =IF(F11<>0,ROUND(100*H11/ABS(F11),2),0) -> 0
G12: =F12 -> 0 | H12: =G12-F12 -> 0 | I12: =IF(F12<>0,ROUND(100*H12/ABS(F12),2),0) -> 0
G13: =F13 -> 0 | H13: =G13-F13 -> 0 | I13: =IF(F13<>0,ROUND(100*H13/ABS(F13),2),0) -> 0
G14: =F14 -> 0 | H14: =G14-F14 -> 0 | I14: =IF(F14<>0,ROUND(100*H14/ABS(F14),2),0) -> 0
G15: =F15 -> 0 | H15: =G15-F15 -> 0 | I15: =IF(F15<>0,ROUND(100*H15/ABS(F15),2),0) -> 0
G16: =F16 -> 0 | H16: =G16-F16 -> 0 | I16: =IF(F16<>0,ROUND(100*H16/ABS(F16),2),0) -> 0
G17: =F17 -> 0 | H17: =G17-F17 -> 0 | I17: =IF(F17<>0,ROUND(100*H17/ABS(F17),2),0) -> 0
... G24: =F24 -> 0 | H24: =G24-F24 -> 0 | I24: =IF(F24<>0,ROUND(100*H24/ABS(F24),2),0) -> 0
A25: 小 计 | F25: =SUM(F6:F24) -> 0 | G25: =SUM(G6:G24) -> 0 | H25: =G25-F25 -> 0 | I25: =IF(F25<>0,ROUND(100*H25/ABS(F25),2),0) -> 0
A26: 减：预付账款坏账准备
A27: 合 计 | F27: =F25-ABS(F26) -> 0 | G27: =G25-ABS(G26) -> 0 | H27: =G27-F27 -> 0 | I27: =IF(F27<>0,ROUND(100*H27/ABS(F27),2),0) -> 0
A28: =封面!B$10&封面!D$10 -> 产权持有单位填表人：杨庆华
A29: =封面!B$12&封面!D$12&封面!E$12&封面!F$12&封面!G$12&封面!H$12&封面!I$12 -> 填表日期：2019年1月24日 | G29: ="评估人员："&封面!$P$18 -> 评估人员：

Sheet 3-6应收利息
A1: 应收利息评估明细表
A2: ='1-汇总表'!A2:F2 -> 评估基准日：2018年12月31日
A4: ='1-汇总表'!A4 -> 产权持有人名称：阳煤集团青岛恒源化工有限公司
A5: 序号 | B5: 欠款单位名称（结算对象） | C5: 发生日期 | D5: 本金 | E5: 利息所属期间 | F5: 利息率% | G5: 账面价值 | H5: 评估价值 | I5: 增减值 | J5: 增值率% | K5: 备注
H6: =G6 -> 0 | I6: =H6-G6 -> 0 | J6: =IF(G6<>0,ROUND(100*I6/ABS(G6),2),0) -> 0
H7: =G7 -> 0 | I7: =H7-G7 -> 0 | J7: =IF(G7<>0,ROUND(100*I7/ABS(G7),2),0) -> 0
H8: =G8 -> 0 | I8: =H8-G8 -> 0 | J8: =IF(G8<>0,ROUND(100*I8/ABS(G8),2),0) -> 0
A28: 合 计 | G28: =SUM(G6:G27) -> 0 | H28: =SUM(H6:H27) -> 0 | I28: =H28-G28 -> 0 | J28: =IF(G28<>0,ROUND(100*I28/ABS(G28),2),0) -> 0
A29: =封面!B$10&封面!D$10 -> 产权持有单位填表人：杨庆华
A30: =封面!B$12&封面!D$12&封面!E$12&封面!F$12&封面!G$12&封面!H$12&封面!I$12 -> 填表日期：2019年1月24日 | H30: ="评估人员："&封面!$P$18 -> 评估人员：

Sheet 3-7应收股利
A1: 应收股利（应收利润）评估明细表
A2: ='1-汇总表'!A2:F2 -> 评估基准日：2018年12月31日
A4: ='1-汇总表'!A4 -> 产权持有人名称：阳煤集团青岛恒源化工有限公司
A5: 序号 | B5: 户名（结算对象） | C5: 发生日期 | D5: 股利（利润）所属期间 | E5: 账面价值 | F5: 评估价值 | G5: 增减值 | H5: 增值率% | I5: 备注
F6: =E6 -> 0 | G6: =F6-E6 -> 0 | H6: =IF(E6<>0,ROUND(100*G6/ABS(E6),2),0) -> 0
F7: =E7 -> 0 | G7: =F7-E7 -> 0 | H7: =IF(E7<>0,ROUND(100*G7/ABS(E7),2),0) -> 0
F8: =E8 -> 0 | G8: =F8-E8 -> 0 | H8: =IF(E8<>0,ROUND(100*G8/ABS(E8),2),0) -> 0
A28: 合 计 | E28: =SUM(E6:E27) -> 0 | F28: =SUM(F6:F27) -> 0 | G28: =F28-E28 -> 0 | H28: =IF(E28<>0,ROUND(100*G28/ABS(E28),2),0) -> 0
A29: =封面!B$10&封面!D$10 -> 产权持有单位填表人：杨庆华
A30: =封面!B$12&封面!D$12&封面!E$12&封面!F$12&封面!G$12&封面!H$12&封面!I$12 -> 填表日期：2019年1月24日 | F30: ="评估人员："&封面!$P$18 -> 评估人员：

Sheet 3-8其他应收款
A1: 其他应收款评估明细表
A2: ='1-汇总表'!A2:F2 -> 评估基准日：2018年12月31日
A4: ='1-汇总表'!A4 -> 产权持有人名称：阳煤集团青岛恒源化工有限公司
A5: 序号 | B5: 欠款单位名称（结算对象） | C5: 业务内容 | D5: 发生日期 | E5: 账面价值 | J5: 计提坏账准备 | M5: 评估价值 | N5: 增减值 | O5: 增值率% | P5: 备注
E6: 1年以内 | F6: 1年-2年 | G6: 2年-3年 | H6: 3年以上 | I6: 小计 | J6: 账龄计提 | K6: 个别计提 | L6: 合计 | M6: =#REF! -> #REF! | N6: =M6-#REF! -> #REF! | O6: =IF(#REF!<>0,ROUND(100*N6/ABS(#REF!),2),0) -> #REF!
I7: =SUM(E7:H7) -> 0 | L7: =SUM(J7:K7) -> 0 | M7: =I7-L7 -> 0 | N7: =M7-I7 -> 0 | O7: =IF(I7<>0,ROUND(100*N7/ABS(I7),2),0) -> 0
I8: =SUM(E8:H8) -> 0 | L8: =SUM(J8:K8) -> 0 | M8: =I8-L8 -> 0 | N8: =M8-I8 -> 0 | O8: =IF(I8<>0,ROUND(100*N8/ABS(I8),2),0) -> 0
I9: =SUM(E9:H9) -> 0 | L9: =SUM(J9:K9) -> 0 | M9: =I9-L9 -> 0 | N9: =M9-I9 -> 0 | O9: =IF(I9<>0,ROUND(100*N9/ABS(I9),2),0) -> 0
I10: =SUM(E10:H10) -> 0 | L10: =SUM(J10:K10) -> 0 | M10: =I10-L10 -> 0 | N10: =M10-I10 -> 0 | O10: =IF(I10<>0,ROUND(100*N10/ABS(I10),2),0) -> 0
I11: =SUM(E11:H11) -> 0 | L11: =SUM(J11:K11) -> 0 | M11: =I11-L11 -> 0 | N11: =M11-I11 -> 0 | O11: =IF(I11<>0,ROUND(100*N11/ABS(I11),2),0) -> 0
I12: =SUM(E12:H12) -> 0 | L12: =SUM(J12:K12) -> 0 | M12: =I12-L12 -> 0 | N12: =M12-I12 -> 0 | O12: =IF(I12<>0,ROUND(100*N12/ABS(I12),2),0) -> 0
I13: =SUM(E13:H13) -> 0 | L13: =SUM(J13:K13) -> 0 | M13: =I13-L13 -> 0 | N13: =M13-I13 -> 0 | O13: =IF(I13<>0,ROUND(100*N13/ABS(I13),2),0) -> 0
I14: =SUM(E14:H14) -> 0 | L14: =SUM(J14:K14) -> 0 | M14: =I14-L14 -> 0 | N14: =M14-I14 -> 0 | O14: =IF(I14<>0,ROUND(100*N14/ABS(I14),2),0) -> 0
I15: =SUM(E15:H15) -> 0 | L15: =SUM(J15:K15) -> 0 | M15: =I15-L15 -> 0 | N15: =M15-I15 -> 0 | O15: =IF(I15<>0,ROUND(100*N15/ABS(I15),2),0) -> 0
I16: =SUM(E16:H16) -> 0 | L16: =SUM(J16:K16) -> 0 | M16: =I16-L16 -> 0 | N16: =M16-I16 -> 0 | O16: =IF(I16<>0,ROUND(100*N16/ABS(I16),2),0) -> 0
I17: =SUM(E17:H17) -> 0 | L17: =SUM(J17:K17) -> 0 | M17: =I17-L17 -> 0 | N17: =M17-I17 -> 0 | O17: =IF(I17<>0,ROUND(100*N17/ABS(I17),2),0) -> 0
I18: =SUM(E18:H18) -> 0 | L18: =SUM(J18:K18) -> 0 | M18: =I18-L18 -> 0 | N18: =M18-I18 -> 0 | O18: =IF(I18<>0,ROUND(100*N18/ABS(I18),2),0) -> 0
... I23: =SUM(E23:H23) -> 0 | L23: =SUM(J23:K23) -> 0 | M23: =I23-L23 -> 0 | N23: =M23-I23 -> 0 | O23: =IF(I23<>0,ROUND(100*N23/ABS(I23),2),0) -> 0
A24: 合 计 | E24: =SUM(E7:E23) -> 0 | F24: =SUM(F7:F23) -> 0 | G24: =SUM(G7:G23) -> 0 | H24: =SUM(H7:H23) -> 0 | I24: =SUM(I7:I23) -> 0 | J24: =SUM(J7:J23) -> 0 | K24: =SUM(K7:K23) -> 0 | L24: =SUM(L7:L23) -> 0 | M24: =SUM(M7:M23) -> 0 | N24: =M24-I24 -> 0 | O24: =IF(I24<>0,ROUND(100*N24/ABS(I24),2),0) -> 0
A25: 减：其他应收款坏账准备 | I25: =L24 -> 0 | O25: =IF(I25<>0,ROUND(100*N25/ABS(I25),2),0) -> 0
A26: 净 额 | E26: =E24-ABS(E25) -> 0 | F26: =F24-ABS(F25) -> 0 | G26: =G24-ABS(G25) -> 0 | H26: =H24-ABS(H25) -> 0 | I26: =I24-ABS(I25) -> 0 | M26: =M24-ABS(M25) -> 0 | N26: =M26-I26 -> 0 | O26: =IF(I26<>0,ROUND(100*N26/ABS(I26),2),0) -> 0
A27: =封面!B$10&封面!D$10 -> 产权持有单位填表人：杨庆华
A28: =封面!B$12&封面!D$12&封面!E$12&封面!F$12&封面!G$12&封面!H$12&封面!I$12 -> 填表日期：2019年1月24日 | G28: ="评估人员："&封面!$P$18 -> 评估人员：

Sheet 3-9存货汇总
A1: 存货评估汇总表
A2: ='1-汇总表'!A2:F2 -> 评估基准日：2018年12月31日
A4: ='1-汇总表'!A4 -> 产权持有人名称：阳煤集团青岛恒源化工有限公司
A5: 编号 | B5: 科目名称 | C5: 账面价值 | D5: 评估价值 | E5: 增减值 | F5: 增值率%
A6: 3-9-1 | B6: 材料采购（在途物资）
A7: 3-9-2 | B7: 原材料 | C7: ='3-9-2原材料'!H800 -> 1756052.1 | D7: ='3-9-2原材料'!M800 -> 154883.26 | E7: =D7-C7 -> -1601168.9 | F7: =IF(OR(C7=0,C7=""),"",ROUND(E7/C7*100,2)) -> -91.18
A8: 3-9-3 | B8: 在库周转材料
A9: 3-9-4 | B9: 委托加工物资
A10: 3-9-5 | B10: 产成品（库存商品） | C10: ='3-9-5产成品（库存商品）'!J28 -> 875266.21 | D10: ='3-9-5产成品（库存商品）'!S28 -> 0 | E10: =D10-C10 -> -875266.21 | F10: =IF(OR(C10=0,C10=""),"",ROUND(E10/C10*100,2)) -> -100
A11: 3-9-6 | B11: 在产品（自制半成品）
A12: 3-9-7 | B12: 发出商品
A13: 3-9-8 | B13: 在用周转材料
A26: 合 计 | C26: =SUM(C6:C13) -> 2631318.4 | D26: =SUM(D6:D13) -> 154883.26 | E26: =D26-C26 -> -2476435.1 | F26: =IF(OR(C26=0,C26=""),"",ROUND(E26/C26*100,2)) -> -94.11
A27: 减：存货跌价准备
A28: 合 计 | C28: =C26-C27 -> 2631318.4 | D28: =D26-D27 -> 154883.26 | E28: =D28-C28 -> -2476435.1 | F28: =IF(OR(C28=0,C28=""),"",ROUND(E28/C28*100,2)) -> -94.11
D30: ="评估人员："&封面!$P$20 -> 评估人员：巨芳
C34: 1756052.1 | D34: 154883.26 | E34: -1601168.9 | F34: -91.18
C35: 875266.21 | D35: 0 | E35: -875266.21 | F35: -100
C36: 2631318.4 | D36: 154883.26 | E36: -2476435.1 | F36: -94.11

Sheet 3-9-1材料采购（在途物资）
A1: 存货—材料采购（在途物资）评估明细表
A2: ='1-汇总表'!A2:F2 -> 评估基准日：2018年12月31日
A4: ='1-汇总表'!A4 -> 产权持有人名称：阳煤集团青岛恒源化工有限公司
A5: 序号 | B5: 名称及规格型号 | C5: 计量单位 | D5: 账面价值 | G5: 评估价值 | J5: 增减值 | K5: 增值率% | L5: 备注
D6: 数量 | E6: 单价 | F6: 金额 | G6: 实际数量 | H6: 评估单价 | I6: 金额
G7: =D7 -> 0 | I7: =ROUND(H7*G7,2) -> 0 | J7: =I7-F7 -> 0 | K7: =IF(OR(F7=0,F7=""),"",ROUND(J7/F7*100,2))
G8: =D8 -> 0 | I8: =ROUND(H8*G8,2) -> 0 | J8: =I8-F8 -> 0 | K8: =IF(OR(F8=0,F8=""),"",ROUND(J8/F8*100,2))
G9: =D9 -> 0 | I9: =ROUND(H9*G9,2) -> 0 | J9: =I9-F9 -> 0 | K9: =IF(OR(F9=0,F9=""),"",ROUND(J9/F9*100,2))
G10: =D10 -> 0 | I10: =ROUND(H10*G10,2) -> 0 | J10: =I10-F10 -> 0 | K10: =IF(OR(F10=0,F10=""),"",ROUND(J10/F10*100,2))
G11: =D11 -> 0 | I11: =ROUND(H11*G11,2) -> 0 | J11: =I11-F11 -> 0 | K11: =IF(OR(F11=0,F11=""),"",ROUND(J11/F11*100,2))
G12: =D12 -> 0 | I12: =ROUND(H12*G12,2) -> 0 | J12: =I12-F12 -> 0 | K12: =IF(OR(F12=0,F12=""),"",ROUND(J12/F12*100,2))
G13: =D13 -> 0 | I13: =ROUND(H13*G13,2) -> 0 | J13: =I13-F13 -> 0 | K13: =IF(OR(F13=0,F13=""),"",ROUND(J13/F13*100,2))
G14: =D14 -> 0 | I14: =ROUND(H14*G14,2) -> 0 | J14: =I14-F14 -> 0 | K14: =IF(OR(F14=0,F14=""),"",ROUND(J14/F14*100,2))
G15: =D15 -> 0 | I15: =ROUND(H15*G15,2) -> 0 | J15: =I15-F15 -> 0 | K15: =IF(OR(F15=0,F15=""),"",ROUND(J15/F15*100,2))
G16: =D16 -> 0 | I16: =ROUND(H16*G16,2) -> 0 | J16: =I16-F16 -> 0 | K16: =IF(OR(F16=0,F16=""),"",ROUND(J16/F16*100,2))
G17: =D17 -> 0 | I17: =F17 -> 0 | J17: =I17-F17 -> 0 | K17: =IF(OR(F17=0,F17=""),"",ROUND(J17/F17*100,2))
G18: =D18 -> 0 | I18: =F18 -> 0 | J18: =I18-F18 -> 0
G19: =D19 -> 0 | I19: =ROUND(H19*G19,2) -> 0 | J19: =I19-F19 -> 0 | K19: =IF(OR(F19=0,F19=""),"",ROUND(J19/F19*100,2))
G20: =D20 -> 0 | I20: =ROUND(H20*G20,2) -> 0 | J20: =I20-F20 -> 0 | K20: =IF(OR(F20=0,F20=""),"",ROUND(J20/F20*100,2))
G21: =D21 -> 0 | I21: =ROUND(H21*G21,2) -> 0 | J21: =I21-F21 -> 0 | K21: =IF(OR(F21=0,F21=""),"",ROUND(J21/F21*100,2))
G22: =D22 -> 0 | I22: =ROUND(H22*G22,2) -> 0 | J22: =I22-F22 -> 0 | K22: =IF(OR(F22=0,F22=""),"",ROUND(J22/F22*100,2))
G23: =D23 -> 0 | I23: =ROUND(H23*G23,2) -> 0 | J23: =I23-F23 -> 0 | K23: =IF(OR(F23=0,F23=""),"",ROUND(J23/F23*100,2))
G24: =D24 -> 0 | I24: =ROUND(H24*G24,2) -> 0 | J24: =I24-F24 -> 0 | K24: =IF(OR(F24=0,F24=""),"",ROUND(J24/F24*100,2))
A28: 合 计 | F28: =SUM(F7:F27) -> 0 | I28: =SUM(I7:I27) -> 0 | J28: =I28-F28 -> 0 | K28: =IF(OR(F28=0,F28=""),"",ROUND(J28/F28*100,2))
A29: =封面!B$10&封面!D$10 -> 产权持有单位填表人：杨庆华
A30: =封面!B$12&封面!D$12&封面!E$12&封面!F$12&封面!G$12&封面!H$12&封面!I$12 -> 填表日期：2019年1月24日 | I30: ="评估人员："&封面!$P$20 -> 评估人员：巨芳

Sheet 3-9-2原材料
A1: 存货—原材料评估明细表
A2: ='1-汇总表'!A2:F2 -> 评估基准日：2018年12月31日
A4: ='1-汇总表'!A4 -> 产权持有人名称：阳煤集团青岛恒源化工有限公司
A5: 序号 | B5: 名称及规格型号 | C5: 计量单位 | D5: 存放地点 | E5: 资产状态（报废、报废、淘汰） | F5: 账面价值 | I5: 可回收材料（废钢、废铜、其他） | J5: 残余重量总重（kg） | K5: 评估价值 | N5: 增减值 | O5: 增值率% | P5: 备注
F6: 数量 | G6: 单价 | H6: 金额 | K6: 实际数量 | L6: 评估单价 | M6: 金额
A7: 1 | B7: 碳纤维盘根 | C7: kg | D7: 1#库 | E7: 变质 | F7: 5 | G7: =H7/F7 -> 153 | H7: 765 | K7: 5 | L7: 0 | M7: 0 | N7: =M7-H7 -> -765 | O7: =IF(OR(H7=0,H7=""),"",ROUND(N7/H7*100,2)) -> -100 | P7: 无回收价值
A8: 2 | B8: 干粉灭火器 | C8: 台 | D8: 1#库 | E8: 变质 | F8: 20 | G8: =H8/F8 -> 80 | H8: 1600 | K8: 20 | L8: 0 | M8: 0 | N8: =M8-H8 -> -1600 | O8: =IF(OR(H8=0,H8=""),"",ROUND(N8/H8*100,2)) -> -100 | P8: 无回收价值
A9: 3 | B9: 室内消防栓 | C9: 台 | D9: 1#库 | E9: 变质 | F9: 1 | G9: =H9/F9 -> 555.56 | H9: 555.56 | K9: 1 | L9: 0 | M9: 0 | N9: =M9-H9 -> -555.56 | O9: =IF(OR(H9=0,H9=""),"",ROUND(N9/H9*100,2)) -> -100 | P9: 无回收价值
A10: 4 | B10: 消防带 | C10: 条 | D10: 1#库 | E10: 变质 | F10: 9 | G10: =H10/F10 -> 230 | H10: 2070 | K10: 9 | L10: 0 | M10: 0 | N10: =M10-H10 -> -2070 | O10: =IF(OR(H10=0,H10=""),"",ROUND(N10/H10*100,2)) -> -100 | P10: 无回收价值
A11: 5 | B11: 消防锨 | C11: 把 | D11: 1#库 | E11: 变质 | F11: 32 | G11: =H11/F11 -> 15 | H11: 480 | K11: 32 | L11: 0 | M11: 0 | N11: =M11-H11 -> -480 | O11: =IF(OR(H11=0,H11=""),"",ROUND(N11/H11*100,2)) -> -100 | P11: 无回收价值
A12: 6 | B12: 结合器 | C12: 台 | D12: 1#库 | E12: 变质 | F12: 1 | G12: =H12/F12 -> 820.51 | H12: 820.51 | K12: 1 | L12: 0 | M12: 0 | N12: =M12-H12 -> -820.51 | O12: =IF(OR(H12=0,H12=""),"",ROUND(N12/H12*100,2)) -> -100 | P12: 无回收价值
A13: 7 | B13: 水枪 | C13: 个 | D13: 1#库 | E13: 变质 | F13: 11 | G13: =H13/F13 -> 23.08 | H13: 253.88 | K13: 11 | L13: 0 | M13: 0 | N13: =M13-H13 -> -253.88 | O13: =IF(OR(H13=0,H13=""),"",ROUND(N13/H13*100,2)) -> -100 | P13: 无回收价值
A14: 8 | B14: 消防筒 | C14: 个 | D14: 1#库 | E14: 变质 | F14: 4 | G14: =H14/F14 -> 10 | H14: 40 | K14: 4 | L14: 0 | M14: 0 | N14: =M14-H14 -> -40 | O14: =IF(OR(H14=0,H14=""),"",ROUND(N14/H14*100,2)) -> -100 | P14: 无回收价值
A15: 9 | B15: 三角带 | C15: 条 | D15: 1#库 | E15: 变质 | F15: 5 | G15: =H15/F15 -> 68.38 | H15: 341.9 | K15: 5 | L15: 0 | M15: 0 | N15: =M15-H15 -> -341.9 | O15: =IF(OR(H15=0,H15=""),"",ROUND(N15/H15*100,2)) -> -100 | P15: 无回收价值
A16: 10 | B16: 三角带 | C16: 条 | D16: 1#库 | E16: 变质 | F16: 18 | G16: =H16/F16 -> 239.32 | H16: 4307.76 | K16: 18 | L16: 0 | M16: 0 | N16: =M16-H16 -> -4307.76 | O16: =IF(OR(H16=0,H16=""),"",ROUND(N16/H16*100,2)) -> -100 | P16: 无回收价值
A17: 11 | B17: 三角带 | C17: 条 | D17: 1#库 | E17: 变质 | F17: 3 | G17: =H17/F17 -> 16.35 | H17: 49.05 | K17: 3 | L17: 0 | M17: 0 | N17: =M17-H17 -> -49.05 | O17: =IF(OR(H17=0,H17=""),"",ROUND(N17/H17*100,2)) -> -100 | P17: 无回收价值
A18: 12 | B18: 油毡纸 | C18: 捆 | D18: 1#库 | E18: 变质 | F18: 4 | G18: =H18/F18 -> 40 | H18: 160 | K18: 4 | L18: 0 | M18: 0 | N18: =M18-H18 -> -160 | O18: =IF(OR(H18=0,H18=""),"",ROUND(N18/H18*100,2)) -> -100 | P18: 无回收价值
... A28: 22 | B28: 石英视镜 | C28: 块 | D28: 1#库 | E28: 变质 | F28: 2 | G28: =H28/F28 -> 780 | H28: 1560 | K28: 2 | L28: 0 | M28: 0 | N28: =M28-H28 -> -1560 | O28: =IF(OR(H28=0,H28=""),"",ROUND(N28/H28*100,2)) -> -100 | P28: 无回收价值
A29: 23 | B29: 轴承 | C29: 套 | D29: 1#库 | E29: 报废 | F29: 1 | G29: =H29/F29 -> 1709.4 | H29: 1709.4 | I29: 废不锈钢 | J29: 25 | K29: 1 | L29: 205 | M29: 205 | N29: =M29-H29 -> -1504.4 | O29: =IF(OR(H29=0,H29=""),"",ROUND(N29/H29*100,2)) -> -88.01 | P29: 新厂
A30: 24 | B30: 轴承 | C30: 套 | D30: 1#库 | E30: 报废 | F30: 2 | G30: =H30/F30 -> 211.97 | H30: 423.94 | I30: 废不锈钢 | J30: 6 | K30: 2 | L30: 24.6 | M30: 49.2 | N30: =M30-H30 -> -374.74 | O30: =IF(OR(H30=0,H30=""),"",ROUND(N30/H30*100,2)) -> -88.39 | P30: 新厂
A31: 25 | B31: 轴承 | C31: 套 | D31: 1#库 | E31: 报废 | F31: 2 | G31: =H31/F31 -> 31.62 | H31: 63.24 | I31: 废不锈钢 | J31: 2 | K31: 2 | L31: 8.2 | M31: 16.4 | N31: =M31-H31 -> -46.84 | O31: =IF(OR(H31=0,H31=""),"",ROUND(N31/H31*100,2)) -> -74.07 | P31: 新厂
A32: 26 | B32: 轴承 | C32: 套 | D32: 1#库 | E32: 报废 | F32: 2 | G32: =H32/F32 -> 576.92 | H32: 1153.84 | I32: 废不锈钢 | J32: 8 | K32: 2 | L32: 32.8 | M32: 65.6 | N32: =M32-H32 -> -1088.24 | O32: =IF(OR(H32=0,H32=""),"",ROUND(N32/H32*100,2)) -> -94.31 | P32: 新厂
A33: 27 | B33: 螺栓 | C33: 个 | D33: 1#库 | E33: 报废 | F33: 6585 | G33: =H33/F33 -> 0.68 | H33: 4477.8 | I33: 碳钢 | J33: 800 | K33: 6585 | L33: 0.26 | M33: 1712 | N33: =M33-H33 -> -2765.8 | O33: =IF(OR(H33=0,H33=""),"",ROUND(N33/H33*100,2)) -> -61.77 | P33: 新厂
A34: 28 | B34: 螺栓 | C34: 个 | D34: 1#库 | E34: 报废 | F34: 1012 | G34: =H34/F34 -> 1 | H34: 1012 | I34: 碳钢 | J34: 200 | K34: 1012 | L34: 0.42 | M34: 428 | N34: =M34-H34 -> -584 | O34: =IF(OR(H34=0,H34=""),"",ROUND(N34/H34*100,2)) -> -57.71 | P34: 新厂
A35: 29 | B35: 螺栓 | C35: 个 | D35: 1#库 | E35: 报废 | F35: 1274 | G35: =H35/F35 -> 3.08 | H35: 3923.92 | I35: 碳钢 | J35: 210 | K35: 1274 | L35: 0.35 | M35: 449.4 | N35: =M35-H35 -> -3474.52 | O35: =IF(OR(H35=0,H35=""),"",ROUND(N35/H35*100,2)) -> -88.55 | P35: 新厂
A36: 30 | B36: 螺栓 | C36: 个 | D36: 1#库 | E36: 报废 | F36: 40 | G36: =H36/F36 -> 4.2 | H36: 168 | I36: 碳钢 | J36: 40 | K36: 40 | L36: 2.14 | M36: 85.6 | N36: =M36-H36 -> -82.4 | O36: =IF(OR(H36=0,H36=""),"",ROUND(N36/H36*100,2)) -> -49.05 | P36: 新厂
A37: 31 | B37: 螺栓 | C37: 个 | D37: 1#库 | E37: 报废 | F37: 205 | G37: =H37/F37 -> 5 | H37: 1025 | I37: 碳钢 | J37: 200 | K37: 205 | L37: 2.09 | M37: 428 | N37: =M37-H37 -> -597 | O37: =IF(OR(H37=0,H37=""),"",ROUND(N37/H37*100,2)) -> -58.24 | P37: 新厂
A38: 32 | B38: 螺栓 | C38: 个 | D38: 1#库 | E38: 报废 | F38: 81 | G38: =H38/F38 -> 5 | H38: 405 | I38: 碳钢 | J38: 80 | K38: 81 | L38: 2.11 | M38: 171.2 | N38: =M38-H38 -> -233.8 | O38: =IF(OR(H38=0,H38=""),"",ROUND(N38/H38*100,2)) -> -57.73 | P38: 新厂
A39: 33 | B39: 螺栓 | C39: 个 | D39: 1#库 | E39: 报废 | F39: 155 | G39: =H39/F39 -> 8.2 | H39: 1271 | I39: 碳钢 | J39: 300 | K39: 155 | L39: 4.14 | M39: 642 | N39: =M39-H39 -> -629 | O39: =IF(OR(H39=0,H39=""),"",ROUND(N39/H39*100,2)) -> -49.49 | P39: 新厂
A40: 34 | B40: 花兰螺栓 | C40: 个 | D40: 1#库 | E40: 报废 | F40: 116 | G40: =H40/F40 -> 10 | H40: 1160 | I40: 碳钢 | J40: 200 | K40: 116 | L40: 3.69 | M40: 428 | N40: =M40-H40 -> -732 | O40: =IF(OR(H40=0,H40=""),"",ROUND(N40/H40*100,2)) -> -63.1 | P40: 新厂
... A96: 90 | B96: 轴承 | C96: 套 | D96: 1#库 | E96: 报废 | F96: 4 | G96: =H96/F96 -> 140.78 | H96: 563.12 | I96: 废不锈钢 | J96: 6 | K96: 4 | L96: 12.3 | M96: 49.2 | N96: =M96-H96 -> -513.92 | O96: =IF(OR(H96=0,H96=""),"",ROUND(N96/H96*100,2)) -> -91.26 | P96: 新厂
A97: 91 | B97: 泵轴 | C97: 件 | D97: 2#库 | E97: 报废 | F97: 2 | G97: =H97/F97 -> 538 | H97: 1076 | I97: 碳钢 | J97: 15.5 | K97: 2 | L97: 16.59 | M97: 33.17 | N97: =M97-H97 -> -1042.83 | O97: =IF(OR(H97=0,H97=""),"",ROUND(N97/H97*100,2)) -> -96.92
A98: 92 | B98: 轴套 | C98: 件 | D98: 2#库 | E98: 报废 | F98: 6 | G98: =H98/F98 -> 564 | H98: 3384 | I98: 碳钢 | J98: 360 | K98: 6 | L98: 128.4 | M98: 770.4 | N98: =M98-H98 -> -2613.6 | O98: =IF(OR(H98=0,H98=""),"",ROUND(N98/H98*100,2)) -> -77.23
A99: 93 | B99: 轴帽 | C99: 件 | D99: 2#库 | E99: 报废 | F99: 3 | G99: =H99/F99 -> 104 | H99: 312 | I99: 碳钢 | J99: 37 | K99: 3 | L99: 26.39 | M99: 79.18 | N99: =M99-H99 -> -232.82 | O99: =IF(OR(H99=0,H99=""),"",ROUND(N99/H99*100,2)) -> -74.62
A100: 94 | B100: 叶轮 | C100: 件 | D100: 2#库 | E100: 报废 | F100: 3 | G100: =H100/F100 -> 2438 | H100: 7314 | I100: 碳钢 | J100: 103.5 | K100: 3 | L100: 73.83 | M100: 221.49 | N100: =M100-H100 -> -7092.51 | O100: =IF(OR(H100=0,H100=""),"",ROUND(N100/H100*100,2)) -> -96.97
A101: 95 | B101: 泵壳 | C101: 件 | D101: 2#库 | E101: 报废 | F101: 1 | G101: =H101/F101 -> 4726 | H101: 4726 | I101: 碳钢 | J101: 21 | K101: 1 | L101: 44.94 | M101: 44.94 | N101: =M101-H101 -> -4681.06 | O101: =IF(OR(H101=0,H101=""),"",ROUND(N101/H101*100,2)) -> -99.05
A102: 96 | B102: 中间支架 | C102: 件 | D102: 2#库 | E102: 报废 | F102: 2 | G102: =H102/F102 -> 692 | H102: 1384 | I102: 碳钢 | J102: 70 | K102: 2 | L102: 74.9 | M102: 149.8 | N102: =M102-H102 -> -1234.2 | O102: =IF(OR(H102=0,H102=""),"",ROUND(N102/H102*100,2)) -> -89.18
A103: 97 | B103: 轴承压盖 | C103: 件 | D103: 2#库 | E103: 报废 | F103: 2 | G103: =H103/F103 -> 241.03 | H103: 482.06 | I103: 碳钢 | J103: 44 | K103: 2 | L103: 47.08 | M103: 94.16 | N103: =M103-H103 -> -387.9 | O103: =IF(OR(H103=0,H103=""),"",ROUND(N103/H103*100,2)) -> -80.47
A104: 98 | B104: 轴承箱 | C104: 件 | D104: 2#库 | E104: 报废 | F104: 1 | G104: =H104/F104 -> 664.1 | H104: 664.1 | I104: 碳钢 | J104: 54 | K104: 1 | L104: 115.56 | M104: 115.56 | N104: =M104-H104 -> -548.54 | O104: =IF(OR(H104=0,H104=""),"",ROUND(N104/H104*100,2)) -> -82.6
A105: 99 | B105: 石墨轴承 | C105: 付 | D105: 2#库 | E105: 报废 | F105: 6 | G105: =H105/F105 -> 153 | H105: 918 | I105: 碳钢 | J105: 29 | K105: 6 | L105: 10.34 | M105: 62.06 | N105: =M105-H105 -> -855.94 | O105: =IF(OR(H105=0,H105=""),"",ROUND(N105/H105*100,2)) -> -93.24
A106: 100 | B106: 止退盘 | C106: 件 | D106: 2#库 | E106: 报废 | F106: 8 | G106: =H106/F106 -> 153.85 | H106: 1230.8 | I106: 碳钢 | J106: 100 | K106: 8 | L106: 26.75 | M106: 214 | N106: =M106-H106 -> -1016.8 | O106: =IF(OR(H106=0,H106=""),"",ROUND(N106/H106*100,2)) -> -82.61
A107: 101 | B107: 轴套 | C107: 件 | D107: 2#库 | E107: 报废 | F107: 4 | G107: =H107/F107 -> 153.85 | H107: 615.4 | I107: 碳钢 | J107: 140 | K107: 4 | L107: 74.9 | M107: 299.6 | N107: =M107-H107 -> -315.8 | O107: =IF(OR(H107=0,H107=""),"",ROUND(N107/H107*100,2)) -> -51.32
A108: 102 | B108: 叶轮 | C108: 件 | D108: 2#库 | E108: 报废 | F108: 3 | G108: =H108/F108 -> 307 | H108: 921 | I108: 碳钢 | J108: 82.5 | K108: 3 | L108: 58.85 | M108: 176.55 | N108: =M108-H108 -> -744.45 | O108: =IF(OR(H108=0,H108=""),"",ROUND(N108/H108*100,2)) -> -80.83
... A433: 427 | B433: 摩擦片 | C433: 件 | D433: 2#库 | E433: 报废 | F433: 20 | G433: =H433/F433 -> 158.12 | H433: 3162.4 | I433: 碳钢 | J433: 28 | K433: 20 | L433: 3 | M433: 59.92 | N433: =M433-H433 -> -3102.48 | O433: =IF(OR(H433=0,H433=""),"",ROUND(N433/H433*100,2)) -> -98.11
A434: 428 | B434: O型圈 | C434: 件 | D434: 2#库 | E434: 报废 | F434: 10 | G434: =H434/F434 -> 4.27 | H434: 42.7 | I434: 碳钢 | K434: 10 | L434: 0 | M434: 0 | N434: =M434-H434 -> -42.7 | O434: =IF(OR(H434=0,H434=""),"",ROUND(N434/H434*100,2)) -> -100
A435: 429 | B435: 复式节流阀 | C435: 件 | D435: 2#库 | E435: 报废 | F435: 1 | G435: =H435/F435 -> 2135 | H435: 2135 | I435: 碳钢 | J435: 15 | K435: 1 | L435: 32.1 | M435: 32.1 | N435: =M435-H435 -> -2102.9 | O435: =IF(OR(H435=0,H435=""),"",ROUND(N435/H435*100,2)) -> -98.5
A436: 430 | B436: 内外换向阀杆 | C436: 件 | D436: 2#库 | E436: 报废 | F436: 2 | G436: =H436/F436 -> 1153.85 | H436: 2307.7 | I436: 碳钢 | J436: 40 | K436: 2 | L436: 42.8 | M436: 85.6 | N436: =M436-H436 -> -2222.1 | O436: =IF(OR(H436=0,H436=""),"",ROUND(N436/H436*100,2)) -> -96.29
A437: 431 | B437: 止混片 | C437: 件 | D437: 2#库 | E437: 报废 | F437: 80 | G437: =H437/F437 -> 4.27 | H437: 341.6 | I437: 碳钢 | J437: 80 | K437: 80 | L437: 2.14 | M437: 171.2 | N437: =M437-H437 -> -170.4 | O437: =IF(OR(H437=0,H437=""),"",ROUND(N437/H437*100,2)) -> -49.88
A438: 432 | B438: 后尾油管 | C438: 件 | D438: 2#库 | E438: 报废 | F438: 3 | G438: =H438/F438 -> 447.06 | H438: 1341.18 | I438: 碳钢 | J438: 29 | K438: 3 | L438: 20.69 | M438: 62.06 | N438: =M438-H438 -> -1279.12 | O438: =IF(OR(H438=0,H438=""),"",ROUND(N438/H438*100,2)) -> -95.37
A439: 433 | B439: 后尾轴机封 | C439: 件 | D439: 2#库 | E439: 报废 | F439: 3 | G439: =H439/F439 -> 726.5 | H439: 2179.5 | I439: 碳钢 | J439: 63 | K439: 3 | L439: 44.94 | M439: 134.82 | N439: =M439-H439 -> -2044.68 | O439: =IF(OR(H439=0,H439=""),"",ROUND(N439/H439*100,2)) -> -93.81
A440: 434 | B440: 离心机油泵联轴器 | C440: 件 | D440: 2#库 | E440: 报废 | F440: 1 | G440: =H440/F440 -> 581.2 | H440: 581.2 | I440: 碳钢 | J440: 57 | K440: 1 | L440: 121.98 | M440: 121.98 | N440: =M440-H440 -> -459.22 | O440: =IF(OR(H440=0,H440=""),"",ROUND(N440/H440*100,2)) -> -79.01
A441: 435 | B441: 主轴（带帽） | C441: 件 | D441: 2#库 | E441: 报废 | F441: 1 | G441: =H441/F441 -> 6196.58 | H441: 6196.58 | I441: 碳钢 | J441: 150 | K441: 1 | L441: 321 | M441: 321 | N441: =M441-H441 -> -5875.58 | O441: =IF(OR(H441=0,H441=""),"",ROUND(N441/H441*100,2)) -> -94.82
A442: 436 | B442: 油泵 | C442: 件 | D442: 2#库 | E442: 报废 | F442: 1 | G442: =H442/F442 -> 3247.87 | H442: 3247.87 | I442: 碳钢 | J442: 48 | K442: 1 | L442: 102.72 | M442: 102.72 | N442: =M442-H442 -> -3145.15 | O442: =IF(OR(H442=0,H442=""),"",ROUND(N442/H442*100,2)) -> -96.84
A443: 437 | B443: 主从动齿轮 | C443: 付 | D443: 2#库 | E443: 报废 | F443: 0.5 | G443: =H443/F443 -> 2000 | H443: 1000 | I443: 碳钢 | J443: 40 | K443: 0.5 | L443: 171.2 | M443: 85.6 | N443: =M443-H443 -> -914.4 | O443: =IF(OR(H443=0,H443=""),"",ROUND(N443/H443*100,2)) -> -91.44
A444: 438 | B444: 轴承座 | C444: 件 | D444: 2#库 | E444: 报废 | F444: 2 | G444: =H444/F444 -> 350 | H444: 700 | I444: 碳钢 | J444: 23 | K444: 2 | L444: 24.61 | M444: 49.22 | N444: =M444-H444 -> -650.78 | O444: =IF(OR(H444=0,H444=""),"",ROUND(N444/H444*100,2)) -> -92.97
A445: 439 | B445: 迷宫密封轴套 | C445: 件 | D445: 2#库 | E445: 报废 | F445: 1 | G445: =H445/F445 -> 200 | H445: 200 | I445: 碳钢 | J445: 29 | K445: 1 | L445: 62.06 | M445: 62.06 | N445: =M445-H445 -> -137.94 | O445: =IF(OR(H445=0,H445=""),"",ROUND(N445/H445*100,2)) -> -68.97
A446: 440 | B446: 迷宫密封外套 | C446: 件 | D446: 2#库 | E446: 报废 | F446: 1 | G446: =H446/F446 -> 180 | H446: 180 | I446: 碳钢 | J446: 23 | K446: 1 | L446: 49.22 | M446: 49.22 | N446: =M446-H446 -> -130.78 | O446: =IF(OR(H446=0,H446=""),"",ROUND(N446/H446*100,2)) -> -72.66
... A502: 496 | B502: 针齿销 | C502: 件 | D502: 2#库 | E502: 报废 | F502: 2 | G502: =H502/F502 -> 12 | H502: 24 | I502: 碳钢 | J502: 3 | K502: 2 | L502: 3.21 | M502: 6.42 | N502: =M502-H502 -> -17.58 | O502: =IF(OR(H502=0,H502=""),"",ROUND(N502/H502*100,2)) -> -73.25
A503: 497 | B503: 电流表 | C503: 件 | D503: 2#库 | E503: 淘汰 | F503: 6 | G503: =H503/F503 -> 384 | H503: 2304 | K503: 6 | L503: 38 | M503: 228 | N503: =M503-H503 -> -2076 | O503: =IF(OR(H503=0,H503=""),"",ROUND(N503/H503*100,2)) -> -90.1
A504: 498 | B504: 电流表 | C504: 件 | D504: 2#库 | E504: 淘汰 | F504: 1 | G504: =H504/F504 -> 384 | H504: 384 | K504: 1 | L504: 38 | M504: 38 | N504: =M504-H504 -> -346 | O504: =IF(OR(H504=0,H504=""),"",ROUND(N504/H504*100,2)) -> -90.1
A505: 499 | B505: 计量表 | C505: 件 | D505: 2#库 | E505: 淘汰 | F505: 2 | G505: =H505/F505 -> 196 | H505: 392 | K505: 2 | L505: 20 | M505: 40 | N505: =M505-H505 -> -352 | O505: =IF(OR(H505=0,H505=""),"",ROUND(N505/H505*100,2)) -> -89.8
A506: 500 | B506: 气源表 | C506: 件 | D506: 2#库 | E506: 淘汰 | F506: 90 | G506: =H506/F506 -> 25 | H506: 2250 | K506: 90 | L506: 3 | M506: 270 | N506: =M506-H506 -> -1980 | O506: =IF(OR(H506=0,H506=""),"",ROUND(N506/H506*100,2)) -> -88
A507: 501 | B507: 电接点压力表 | C507: 件 | D507: 2#库 | E507: 淘汰 | F507: 4 | G507: =H507/F507 -> 153 | H507: 612 | K507: 4 | L507: 15 | M507: 60 | N507: =M507-H507 -> -552 | O507: =IF(OR(H507=0,H507=""),"",ROUND(N507/H507*100,2)) -> -90.2
A508: 502 | B508: 法兰隔膜表 | C508: 件 | D508: 2#库 | E508: 淘汰 | F508: 14 | G508: =H508/F508 -> 538.46 | H508: 7538.44 | K508: 14 | L508: 54 | M508: 756 | N508: =M508-H508 -> -6782.44 | O508: =IF(OR(H508=0,H508=""),"",ROUND(N508/H508*100,2)) -> -89.97
A509: 503 | B509: 轴向表 | C509: 件 | D509: 2#库 | E509: 淘汰 | F509: 4 | G509: =H509/F509 -> 136 | H509: 544 | K509: 4 | L509: 14 | M509: 56 | N509: =M509-H509 -> -488 | O509: =IF(OR(H509=0,H509=""),"",ROUND(N509/H509*100,2)) -> -89.71
A510: 504 | B510: 位移变送器 | C510: 件 | D510: 2#库 | E510: 淘汰 | F510: 2 | G510: =H510/F510 -> 2564 | H510: 5128 | K510: 2 | L510: 256 | M510: 512 | N510: =M510-H510 -> -4616 | O510: =IF(OR(H510=0,H510=""),"",ROUND(N510/H510*100,2)) -> -90.02
A511: 505 | B511: 电气转换器 | C511: 件 | D511: 2#库 | E511: 淘汰 | F511: 3 | G511: =H511/F511 -> 2273 | H511: 6819 | K511: 3 | L511: 227 | M511: 681 | N511: =M511-H511 -> -6138 | O511: =IF(OR(H511=0,H511=""),"",ROUND(N511/H511*100,2)) -> -90.01
A512: 506 | B512: 差动式山字头发讯器 | C512: 件 | D512: 2#库 | E512: 淘汰 | F512: 1 | G512: =H512/F512 -> 1355.24 | H512: 1355.24 | K512: 1 | L512: 136 | M512: 136 | N512: =M512-H512 -> -1219.24 | O512: =IF(OR(H512=0,H512=""),"",ROUND(N512/H512*100,2)) -> -89.96
A513: 507 | B513: 传感器 | C513: 件 | D513: 2#库 | E513: 淘汰 | F513: 13 | G513: =H513/F513 -> 21 | H513: 273 | K513: 13 | L513: 2 | M513: 26 | N513: =M513-H513 -> -247 | O513: =IF(OR(H513=0,H513=""),"",ROUND(N513/H513*100,2)) -> -90.48
A514: 508 | B514: 双作用定位器 | C514: 件 | D514: 2#库 | E514: 淘汰 | F514: 1 | G514: =H514/F514 -> 18500 | H514: 18500 | K514: 1 | L514: 1850 | M514: 1850 | N514: =M514-H514 -> -16650 | O514: =IF(OR(H514=0,H514=""),"",ROUND(N514/H514*100,2)) -> -90
... A620: 614 | B620: 热电偶 | C620: 件 | D620: 2#库 | E620: 淘汰 | F620: 6 | G620: =H620/F620 -> 384 | H620: 2304 | K620: 6 | L620: 38 | M620: 228 | N620: =M620-H620 -> -2076 | O620: =IF(OR(H620=0,H620=""),"",ROUND(N620/H620*100,2)) -> -90.1
A621: 615 | B621: 法兰 | C621: 片 | D621: 3#库 | E621: 报废 | F621: 2 | G621: =H621/F621 -> 123.93 | H621: 247.86 | I621: 碳钢 | J621: 4 | K621: 2 | L621: 4.28 | M621: 8.56 | N621: =M621-H621 -> -239.3 | O621: =IF(OR(H621=0,H621=""),"",ROUND(N621/H621*100,2)) -> -96.55 | P621: 新厂
A622: 616 | B622: 法兰 | C622: 片 | D622: 3#库 | E622: 报废 | F622: 8 | G622: =H622/F622 -> 149.57 | H622: 1196.56 | I622: 碳钢 | J622: 16 | K622: 8 | L622: 4.28 | M622: 34.24 | N622: =M622-H622 -> -1162.32 | O622: =IF(OR(H622=0,H622=""),"",ROUND(N622/H622*100,2)) -> -97.14 | P622: 新厂
A623: 617 | B623: 法兰 | C623: 片 | D623: 3#库 | E623: 报废 | F623: 7 | G623: =H623/F623 -> 250 | H623: 1750 | I623: 碳钢 | J623: 21 | K623: 7 | L623: 6.42 | M623: 44.94 | N623: =M623-H623 -> -1705.06 | O623: =IF(OR(H623=0,H623=""),"",ROUND(N623/H623*100,2)) -> -97.43 | P623: 新厂
A624: 618 | B624: 法兰 | C624: 片 | D624: 3#库 | E624: 报废 | F624: 4 | G624: =H624/F624 -> 68.38 | H624: 273.52 | I624: 碳钢 | J624: 8 | K624: 4 | L624: 4.28 | M624: 17.12 | N624: =M624-H624 -> -256.4 | O624: =IF(OR(H624=0,H624=""),"",ROUND(N624/H624*100,2)) -> -93.74 | P624: 新厂
A625: 619 | B625: 法兰 | C625: 片 | D625: 3#库 | E625: 报废 | F625: 2 | G625: =H625/F625 -> 300 | H625: 600 | I625: 碳钢 | J625: 20 | K625: 2 | L625: 21.4 | M625: 42.8 | N625: =M625-H625 -> -557.2 | O625: =IF(OR(H625=0,H625=""),"",ROUND(N625/H625*100,2)) -> -92.87 | P625: 新厂
A626: 620 | B626: 不锈钢法兰 | C626: 片 | D626: 3#库 | E626: 报废 | F626: 2 | G626: =H626/F626 -> 53.07 | H626: 106.14 | I626: 废不锈钢 | J626: 2 | K626: 2 | L626: 8.2 | M626: 16.4 | N626: =M626-H626 -> -89.74 | O626: =IF(OR(H626=0,H626=""),"",ROUND(N626/H626*100,2)) -> -84.55 | P626: 新厂
A627: 621 | B627: 不锈钢法兰 | C627: 片 | D627: 3#库 | E627: 报废 | F627: 6 | G627: =H627/F627 -> 146.25 | H627: 877.5 | I627: 废不锈钢 | J627: 12 | K627: 6 | L627: 16.4 | M627: 98.4 | N627: =M627-H627 -> -779.1 | O627: =IF(OR(H627=0,H627=""),"",ROUND(N627/H627*100,2)) -> -88.79 | P627: 新厂
A628: 622 | B628: 不锈钢法兰 | C628: 片 | D628: 3#库 | E628: 报废 | F628: 6 | G628: =H628/F628 -> 187.76 | H628: 1126.56 | I628: 废不锈钢 | J628: 18 | K628: 6 | L628: 24.6 | M628: 147.6 | N628: =M628-H628 -> -978.96 | O628: =IF(OR(H628=0,H628=""),"",ROUND(N628/H628*100,2)) -> -86.9 | P628: 新厂
A629: 623 | B629: 不锈钢法兰 | C629: 片 | D629: 3#库 | E629: 报废 | F629: 6 | G629: =H629/F629 -> 205.13 | H629: 1230.78 | I629: 废不锈钢 | J629: 30 | K629: 6 | L629: 41 | M629: 246 | N629: =M629-H629 -> -984.78 | O629: =IF(OR(H629=0,H629=""),"",ROUND(N629/H629*100,2)) -> -80.01 | P629: 新厂
A630: 624 | B630: 不锈钢法兰 | C630: 片 | D630: 3#库 | E630: 报废 | F630: 4 | G630: =H630/F630 -> 225.23 | H630: 900.92 | I630: 废不锈钢 | J630: 20 | K630: 4 | L630: 41 | M630: 164 | N630: =M630-H630 -> -736.92 | O630: =IF(OR(H630=0,H630=""),"",ROUND(N630/H630*100,2)) -> -81.8 | P630: 新厂
A631: 625 | B631: 不锈钢法兰 | C631: 片 | D631: 3#库 | E631: 报废 | F631: 4 | G631: =H631/F631 -> 243.77 | H631: 975.08 | I631: 废不锈钢 | J631: 20 | K631: 4 | L631: 41 | M631: 164 | N631: =M631-H631 -> -811.08 | O631: =IF(OR(H631=0,H631=""),"",ROUND(N631/H631*100,2)) -> -83.18 | P631: 新厂
A632: 626 | B632: 不锈钢法兰 | C632: 片 | D632: 3#库 | E632: 报废 | F632: 4 | G632: =H632/F632 -> 275.27 | H632: 1101.08 | I632: 废不锈钢 | J632: 20 | K632: 4 | L632: 41 | M632: 164 | N632: =M632-H632 -> -937.08 | O632: =IF(OR(H632=0,H632=""),"",ROUND(N632/H632*100,2)) -> -85.11 | P632: 新厂
... A703: 697 | B703: 大小头 | C703: 个 | D703: 3#库 | E703: 报废 | F703: 8 | G703: =H703/F703 -> 40 | H703: 320 | I703: 碳钢 | J703: 16 | K703: 8 | L703: 4.28 | M703: 34.24 | N703: =M703-H703 -> -285.76 | O703: =IF(OR(H703=0,H703=""),"",ROUND(N703/H703*100,2)) -> -89.3 | P703: 新厂
A704: 698 | B704: 不锈钢管 | C704: Kg | D704: 3#库 | E704: 报废 | F704: 589.7 | G704: =H704/F704 -> 70 | H704: 41279 | I704: 废不锈钢 | J704: 589.7 | K704: 589.7 | L704: 8.2 | M704: 4835.54 | N704: =M704-H704 -> -36443.46 | O704: =IF(OR(H704=0,H704=""),"",ROUND(N704/H704*100,2)) -> -88.29
A705: 699 | B705: 不锈钢管 | C705: Kg | D705: 3#库 | E705: 报废 | F705: 60 | G705: =H705/F705 -> 43.59 | H705: 2615.4 | I705: 废不锈钢 | J705: 60 | K705: 60 | L705: 8.2 | M705: 492 | N705: =M705-H705 -> -2123.4 | O705: =IF(OR(H705=0,H705=""),"",ROUND(N705/H705*100,2)) -> -81.19
A706: 700 | B706: 不锈钢管 | C706: Kg | D706: 3#库 | E706: 报废 | F706: 174 | G706: =H706/F706 -> 43.59 | H706: 7584.66 | I706: 废不锈钢 | J706: 174 | K706: 174 | L706: 8.2 | M706: 1426.8 | N706: =M706-H706 -> -6157.86 | O706: =IF(OR(H706=0,H706=""),"",ROUND(N706/H706*100,2)) -> -81.19
A707: 701 | B707: 不锈钢管 | C707: Kg | D707: 3#库 | E707: 报废 | F707: 409.5 | G707: =H707/F707 -> 32.48 | H707: 13300.56 | I707: 废不锈钢 | J707: 409.5 | K707: 409.5 | L707: 8.2 | M707: 3357.9 | N707: =M707-H707 -> -9942.66 | O707: =IF(OR(H707=0,H707=""),"",ROUND(N707/H707*100,2)) -> -74.75
A708: 702 | B708: 不锈钢管 | C708: Kg | D708: 3#库 | E708: 报废 | F708: 665 | G708: =H708/F708 -> 30.09 | H708: 20009.85 | I708: 废不锈钢 | J708: 665 | K708: 665 | L708: 8.2 | M708: 5453 | N708: =M708-H708 -> -14556.85 | O708: =IF(OR(H708=0,H708=""),"",ROUND(N708/H708*100,2)) -> -72.75
A709: 703 | B709: 钢板 | C709: Kg | D709: 3#库 | E709: 报废 | F709: 1000 | G709: =H709/F709 -> 3.96 | H709: 3960 | I709: 碳钢 | J709: 1000 | K709: 1000 | L709: 2.14 | M709: 2140 | N709: =M709-H709 -> -1820 | O709: =IF(OR(H709=0,H709=""),"",ROUND(N709/H709*100,2)) -> -45.96
A710: 704 | B710: 电动滚筒 | C710: 台 | D710: 3#库 | E710: 报废 | F710: 1 | G710: =H710/F710 -> 5128.21 | H710: 5128.21 | I710: 碳钢 | J710: 78 | K710: 1 | L710: 166.92 | M710: 166.92 | N710: =M710-H710 -> -4961.29 | O710: =IF(OR(H710=0,H710=""),"",ROUND(N710/H710*100,2)) -> -96.75
A711: 705 | B711: 铝盲板 | C711: 张 | D711: 3#库 | E711: 报废 | F711: 3 | G711: =H711/F711 -> 500 | H711: 1500 | I711: 铝 | J711: 65 | K711: 3 | L711: 223.17 | M711: 669.5 | N711: =M711-H711 -> -830.5 | O711: =IF(OR(H711=0,H711=""),"",ROUND(N711/H711*100,2)) -> -55.37
A712: 706 | B712: 铝板 | C712: 张 | D712: 3#库 | E712: 报废 | F712: 1 | G712: =H712/F712 -> 1307.96 | H712: 1307.96 | I712: 铝 | J712: 76 | K712: 1 | L712: 782.8 | M712: 782.8 | N712: =M712-H712 -> -525.16 | O712: =IF(OR(H712=0,H712=""),"",ROUND(N712/H712*100,2)) -> -40.15
A713: 707 | B713: 不锈钢板 | C713: Kg | D713: 3#库 | E713: 报废 | F713: 71.37 | G713: =H713/F713 -> 27.35 | H713: 1951.97 | I713: 废不锈钢 | J713: 71.37 | K713: 71.37 | L713: 8.2 | M713: 585.23 | N713: =M713-H713 -> -1366.74 | O713: =IF(OR(H713=0,H713=""),"",ROUND(N713/H713*100,2)) -> -70.02
A714: 708 | B714: 电动门电机 | C714: 台 | D714: 3#库 | E714: 报废 | F714: 1 | G714: =H714/F714 -> 666.67 | H714: 666.67 | I714: 碳钢 | J714: 34 | K714: 1 | L714: 72.76 | M714: 72.76 | N714: =M714-H714 -> -593.91 | O714: =IF(OR(H714=0,H714=""),"",ROUND(N714/H714*100,2)) -> -89.09
A715: 709 | B715: 电动葫芦 | C715: 件 | D715: 3#库 | E715: 报废 | F715: 1 | G715: =H715/F715 -> 7500 | H715: 7500 | I715: 碳钢 | J715: 54 | K715: 1 | L715: 115.56 | M715: 115.56 | N715: =M715-H715 -> -7384.44 | O715: =IF(OR(H715=0,H715=""),"",ROUND(N715/H715*100,2)) -> -98.46
... A722: 716 | B722: 镀锌角钢 | C722: Kg | D722: 3#库 | E722: 报废 | F722: 138 | G722: =H722/F722 -> 4.32 | H722: 596.16 | I722: 碳钢 | J722: 138 | K722: 138 | L722: 2.14 | M722: 295.32 | N722: =M722-H722 -> -300.84 | O722: =IF(OR(H722=0,H722=""),"",ROUND(N722/H722*100,2)) -> -50.46
A723: 717 | B723: 镀锌弯头 | C723: 个 | D723: 3#库 | E723: 报废 | F723: 6 | G723: =H723/F723 -> 70 | H723: 420 | I723: 镀锌 | J723: 18 | K723: 6 | L723: 6.42 | M723: 38.52 | N723: =M723-H723 -> -381.48 | O723: =IF(OR(H723=0,H723=""),"",ROUND(N723/H723*100,2)) -> -90.83 | P723: 新厂
A724: 718 | B724: 大小头 | C724: 个 | D724: 3#库 | E724: 报废 | F724: 6 | G724: =H724/F724 -> 21.66 | H724: 129.96 | I724: 碳钢 | J724: 18 | K724: 6 | L724: 6.42 | M724: 38.52 | N724: =M724-H724 -> -91.44 | O724: =IF(OR(H724=0,H724=""),"",ROUND(N724/H724*100,2)) -> -70.36 | P724: 新厂
A725: 719 | B725: 弯头 | C725: 个 | D725: 3#库 | E725: 报废 | F725: 5 | G725: =H725/F725 -> 55.56 | H725: 277.8 | I725: 碳钢 | J725: 15 | K725: 5 | L725: 6.42 | M725: 32.1 | N725: =M725-H725 -> -245.7 | O725: =IF(OR(H725=0,H725=""),"",ROUND(N725/H725*100,2)) -> -88.44 | P725: 新厂
...

Sheet 3-9-3在库周转材料
A1: 存货—在库周转材料评估明细表
A2: ='1-汇总表'!A2:F2 -> 评估基准日：2018年12月31日
A4: ='1-汇总表'!A4 -> 产权持有人名称：阳煤集团青岛恒源化工有限公司
A5: 序号 | B5: 名称及规格型号 | C5: 计量单位 | D5: 存放地点 | E5: 账面价值 | H5: 评估价值 | K5: 增减值 | L5: 增值率% | M5: 备注
E6: 数量 | F6: 单价 | G6: 金额 | H6: 实际数量 | I6: 评估单价 | J6: 金额
H7: =E7 -> 0 | J7: =ROUND(I7*H7,2) -> 0 | K7: =J7-G7 -> 0 | L7: =IF(OR(G7=0,G7=""),"",ROUND(K7/G7*100,2))
H8: =E8 -> 0 | J8: =ROUND(I8*H8,2) -> 0 | K8: =J8-G8 -> 0 | L8: =IF(OR(G8=0,G8=""),"",ROUND(K8/G8*100,2))
H9: =E9 -> 0 | J9: =ROUND(I9*H9,2) -> 0 | K9: =J9-G9 -> 0 | L9: =IF(OR(G9=0,G9=""),"",ROUND(K9/G9*100,2))
H10: =E10 -> 0 | J10: =ROUND(I10*H10,2) -> 0 | K10: =J10-G10 -> 0 | L10: =IF(OR(G10=0,G10=""),"",ROUND(K10/G10*100,2))
H11: =E11 -> 0 | J11: =ROUND(I11*H11,2) -> 0 | K11: =J11-G11 -> 0 | L11: =IF(OR(G11=0,G11=""),"",ROUND(K11/G11*100,2))
H12: =E12 -> 0 | J12: =ROUND(I12*H12,2) -> 0 | K12: =J12-G12 -> 0 | L12: =IF(OR(G12=0,G12=""),"",ROUND(K12/G12*100,2))
H13: =E13 -> 0 | J13: =ROUND(I13*H13,2) -> 0 | K13: =J13-G13 -> 0 | L13: =IF(OR(G13=0,G13=""),"",ROUND(K13/G13*100,2))
H14: =E14 -> 0 | J14: =ROUND(I14*H14,2) -> 0 | K14: =J14-G14 -> 0 | L14: =IF(OR(G14=0,G14=""),"",ROUND(K14/G14*100,2))
H15: =E15 -> 0 | J15: =ROUND(I15*H15,2) -> 0 | K15: =J15-G15 -> 0 | L15: =IF(OR(G15=0,G15=""),"",ROUND(K15/G15*100,2))
H16: =E16 -> 0 | J16: =ROUND(I16*H16,2) -> 0 | K16: =J16-G16 -> 0
H17: =E17 -> 0 | J17: =ROUND(I17*H17,2) -> 0 | K17: =J17-G17 -> 0 | L17: =IF(OR(G17=0,G17=""),"",ROUND(K17/G17*100,2))
H18: =E18 -> 0 | J18: =ROUND(I18*H18,2) -> 0 | K18: =J18-G18 -> 0 | L18: =IF(OR(G18=0,G18=""),"",ROUND(K18/G18*100,2))
H19: =E19 -> 0 | J19: =ROUND(I19*H19,2) -> 0 | K19: =J19-G19 -> 0 | L19: =IF(OR(G19=0,G19=""),"",ROUND(K19/G19*100,2))
H20: =E20 -> 0 | J20: =ROUND(I20*H20,2) -> 0 | K20: =J20-G20 -> 0 | L20: =IF(OR(G20=0,G20=""),"",ROUND(K20/G20*100,2))
H21: =E21 -> 0 | J21: =ROUND(I21*H21,2) -> 0 | K21: =J21-G21 -> 0 | L21: =IF(OR(G21=0,G21=""),"",ROUND(K21/G21*100,2))
H22: =E22 -> 0 | J22: =ROUND(I22*H22,2) -> 0 | K22: =J22-G22 -> 0 | L22: =IF(OR(G22=0,G22=""),"",ROUND(K22/G22*100,2))
H23: =E23 -> 0 | J23: =ROUND(I23*H23,2) -> 0 | K23: =J23-G23 -> 0 | L23: =IF(OR(G23=0,G23=""),"",ROUND(K23/G23*100,2))
H24: =E24 -> 0 | J24: =ROUND(I24*H24,2) -> 0 | K24: =J24-G24 -> 0 | L24: =IF(OR(G24=0,G24=""),"",ROUND(K24/G24*100,2))
A28: 合计 | G28: =SUM(G7:G27) -> 0 | J28: =SUM(J7:J27) -> 0 | K28: =J28-G28 -> 0 | L28: =IF(OR(G28=0,G28=""),"",ROUND(K28/G28*100,2))
A29: =封面!B$10&封面!D$10 -> 产权持有单位填表人：杨庆华
A30: =封面!B$12&封面!D$12&封面!E$12&封面!F$12&封面!G$12&封面!H$12&封面!I$12 -> 填表日期：2019年1月24日 | J30: ="评估人员："&封面!$P$20 -> 评估人员：巨芳

Sheet 3-9-4委托加工物资
A1: 存货—委托加工物资评估明细表
A2: ='1-汇总表'!A2:F2 -> 评估基准日：2018年12月31日
A4: ='1-汇总表'!A4 -> 产权持有人名称：阳煤集团青岛恒源化工有限公司
A5: 序号 | B5: 名称及规格型号 | C5: 加工单位名称 | D5: 计量单位 | E5: 账面价值 | H5: 评估价值 | K5: 增减值 | L5: 增值率% | M5: 备注
E6: 数量 | F6: 单价 | G6: 金额 | H6: 实际数量 | I6: 评估单价 | J6: 金额
H7: =E7 -> 0 | J7: =ROUND(I7*H7,2) -> 0 | K7: =J7-G7 -> 0 | L7: =IF(OR(G7=0,G7=""),"",ROUND(K7/G7*100,2))
H8: =E8 -> 0 | J8: =ROUND(I8*H8,2) -> 0 | K8: =J8-G8 -> 0 | L8: =IF(OR(G8=0,G8=""),"",ROUND(K8/G8*100,2))
H9: =E9 -> 0 | J9: =ROUND(I9*H9,2) -> 0 | K9: =J9-G9 -> 0 | L9: =IF(OR(G9=0,G9=""),"",ROUND(K9/G9*100,2))
H10: =E10 -> 0 | J10: =ROUND(I10*H10,2) -> 0 | K10: =J10-G10 -> 0 | L10: =IF(OR(G10=0,G10=""),"",ROUND(K10/G10*100,2))
H11: =E11 -> 0 | J11: =ROUND(I11*H11,2) -> 0 | K11: =J11-G11 -> 0 | L11: =IF(OR(G11=0,G11=""),"",ROUND(K11/G11*100,2))
H12: =E12 -> 0 | J12: =ROUND(I12*H12,2) -> 0 | K12: =J12-G12 -> 0 | L12: =IF(OR(G12=0,G12=""),"",ROUND(K12/G12*100,2))
H13: =E13 -> 0 | J13: =ROUND(I13*H13,2) -> 0 | K13: =J13-G13 -> 0 | L13: =IF(OR(G13=0,G13=""),"",ROUND(K13/G13*100,2))
H14: =E14 -> 0 | J14: =ROUND(I14*H14,2) -> 0 | K14: =J14-G14 -> 0 | L14: =IF(OR(G14=0,G14=""),"",ROUND(K14/G14*100,2))
H15: =E15 -> 0 | J15: =ROUND(I15*H15,2) -> 0 | K15: =J15-G15 -> 0 | L15: =IF(OR(G15=0,G15=""),"",ROUND(K15/G15*100,2))
H16: =E16 -> 0 | J16: =ROUND(I16*H16,2) -> 0 | K16: =J16-G16 -> 0 | L16: =IF(OR(G16=0,G16=""),"",ROUND(K16/G16*100,2))
H17: =E17 -> 0 | J17: =ROUND(I17*H17,2) -> 0 | K17: =J17-G17 -> 0 | L17: =IF(OR(G17=0,G17=""),"",ROUND(K17/G17*100,2))
H18: =E18 -> 0 | J18: =ROUND(I18*H18,2) -> 0 | K18: =J18-G18 -> 0 | L18: =IF(OR(G18=0,G18=""),"",ROUND(K18/G18*100,2))
... H25: =E25 -> 0 | J25: =ROUND(I25*H25,2) -> 0 | K25: =J25-G25 -> 0 | L25: =IF(OR(G25=0,G25=""),"",ROUND(K25/G25*100,2))
A28: 合 计 | G28: =SUM(G7:G27) -> 0 | J28: =SUM(J7:J27) -> 0 | K28: =J28-G28 -> 0 | L28: =IF(OR(G28=0,G28=""),"",ROUND(K28/G28*100,2))
A29: =封面!B$10&封面!D$10 -> 产权持有单位填表人：杨庆华
A30: =封面!B$12&封面!D$12&封面!E$12&封面!F$12&封面!G$12&封面!H$12&封面!I$12 -> 填表日期：2019年1月24日 | J30: ="评估人员："&封面!$P$20 -> 评估人员：巨芳

Sheet 3-9-5产成品（库存商品）
A1: 存货—产成品评估明细表
A2: ='1-汇总表'!A2:F2 -> 评估基准日：2018年12月31日
A4: ='1-汇总表'!A4 -> 产权持有人名称：阳煤集团青岛恒源化工有限公司
A5: 序号 | B5: 名 称 | C5: 规格型号 | D5: 生产厂家 | E5: 基准日不含增值税销售单价 | F5: 资产状态（报废、闲置、淘汰） | G5: 计量单位 | H5: 账面价值 | K5: 其中：积压 | M5: 其中：待报废 | O5: 可回收材料（废钢、废铜、其他） | P5: 残余重量总重（吨） | Q5: 评估价值 | T5: 增减值 | U5: 增值率% | V5: 备注
H6: 数量 | I6: 单价 | J6: 金额 | K6: 数量 | L6: 金额 | M6: 数量 | N6: 金额 | Q6: 实际数量 | R6: 人民币单价 | S6: 金额
A7: 1 | B7: 稀硝酸 | F7: 变质 | G7: 吨 | H7: 476.9 | I7: 846.48 | J7: 403687.95 | Q7: =H7 -> 476.9 | S7: 0 | T7: =S7-J7 -> -403687.95 | U7: =IF(OR(J7=0,J7=""),"",ROUND(T7/J7*100,2)) -> -100 | V7: 无可回收价值
A8: 2 | B8: 造粒硝钠 | F8: 变质 | G8: 吨 | H8: 88.685 | I8: 2461.91 | J8: 218334.67 | Q8: =H8 -> 88.69 | S8: =ROUND(R8*Q8,2) -> 0 | T8: =S8-J8 -> -218334.67 | U8: =IF(OR(J8=0,J8=""),"",ROUND(T8/J8*100,2)) -> -100 | V8: 无可回收价值
A9: 3 | B9: 硝基苯 | F9: 变质 | G9: 吨 | H9: 36.89 | I9: 6864.83 | J9: 253243.59 | Q9: =H9 -> 36.89 | S9: =ROUND(R9*Q9,2) -> 0 | T9: =S9-J9 -> -253243.59 | U9: =IF(OR(J9=0,J9=""),"",ROUND(T9/J9*100,2)) -> -100 | V9: 无可回收价值
A28: 合 计 | G28: 吨 | H28: =SUM(H7:H27) -> 602.48 | J28: =SUM(J7:J27) -> 875266.21 | S28: =SUM(S7:S27) -> 0 | T28: =S28-J28 -> -875266.21 | U28: =IF(OR(J28=0,J28=""),"",ROUND(T28/J28*100,2)) -> -100
A29: =封面!B$10&封面!D$10 -> 产权持有单位填表人：杨庆华
A30: =封面!B$12&封面!D$12&封面!E$12&封面!F$12&封面!G$12&封面!H$12&封面!I$12 -> 填表日期：2019年1月24日 | S30: ="评估人员："&封面!$P$20 -> 评估人员：巨芳

Sheet 3-9-6在产品（自制半成品）
A1: 存货—在产品（自制半成品）评估明细表
A2: ='1-汇总表'!A2:F2 -> 评估基准日：2018年12月31日
A4: ='1-汇总表'!A4 -> 产权持有人名称：阳煤集团青岛恒源化工有限公司
A5: 序号 | B5: 名称及规格型号 | C5: 计量单位 | D5: 账面价值 | G5: 评估价值 | J5: 增减值 | K5: 增值率% | L5: 备注
D6: 数量 | E6: 单价 | F6: 金额 | G6: 实际数量 | H6: 评估单价 | I6: 金额
G7: =D7 -> 0 | I7: =ROUND(H7*G7,2) -> 0 | J7: =I7-F7 -> 0 | K7: =IF(OR(F7=0,F7=""),"",ROUND(J7/F7*100,2))
G8: =D8 -> 0 | I8: =ROUND(H8*G8,2) -> 0 | J8: =I8-F8 -> 0 | K8: =IF(OR(F8=0,F8=""),"",ROUND(J8/F8*100,2))
G9: =D9 -> 0 | I9: =ROUND(H9*G9,2) -> 0 | J9: =I9-F9 -> 0 | K9: =IF(OR(F9=0,F9=""),"",ROUND(J9/F9*100,2))
G10: =D10 -> 0 | I10: =ROUND(H10*G10,2) -> 0 | J10: =I10-F10 -> 0 | K10: =IF(OR(F10=0,F10=""),"",ROUND(J10/F10*100,2))
G11: =D11 -> 0 | I11: =ROUND(H11*G11,2) -> 0 | J11: =I11-F11 -> 0 | K11: =IF(OR(F11=0,F11=""),"",ROUND(J11/F11*100,2))
G12: =D12 -> 0 | I12: =ROUND(H12*G12,2) -> 0 | J12: =I12-F12 -> 0 | K12: =IF(OR(F12=0,F12=""),"",ROUND(J12/F12*100,2))
G13: =D13 -> 0 | I13: =ROUND(H13*G13,2) -> 0 | J13: =I13-F13 -> 0 | K13: =IF(OR(F13=0,F13=""),"",ROUND(J13/F13*100,2))
G14: =D14 -> 0 | I14: =ROUND(H14*G14,2) -> 0 | J14: =I14-F14 -> 0 | K14: =IF(OR(F14=0,F14=""),"",ROUND(J14/F14*100,2))
G15: =D15 -> 0 | I15: =ROUND(H15*G15,2) -> 0 | J15: =I15-F15 -> 0 | K15: =IF(OR(F15=0,F15=""),"",ROUND(J15/F15*100,2))
G16: =D16 -> 0 | I16: =ROUND(H16*G16,2) -> 0 | J16: =I16-F16 -> 0 | K16: =IF(OR(F16=0,F16=""),"",ROUND(J16/F16*100,2))
G17: =D17 -> 0 | I17: =ROUND(H17*G17,2) -> 0 | J17: =I17-F17 -> 0 | K17: =IF(OR(F17=0,F17=""),"",ROUND(J17/F17*100,2))
G18: =D18 -> 0 | I18: =ROUND(H18*G18,2) -> 0 | J18: =I18-F18 -> 0 | K18: =IF(OR(F18=0,F18=""),"",ROUND(J18/F18*100,2))
... G23: =D23 -> 0 | I23: =ROUND(H23*G23,2) -> 0 | J23: =I23-F23 -> 0 | K23: =IF(OR(F23=0,F23=""),"",ROUND(J23/F23*100,2))
A27: 合 计 | F27: =SUM(F7:F26) -> 0 | I27: =SUM(I7:I26) -> 0 | J27: =I27-F27 -> 0 | K27: =IF(OR(F27=0,F27=""),"",ROUND(J27/F27*100,2))
A28: =封面!B$10&封面!D$10 -> 产权持有单位填表人：杨庆华
A29: =封面!B$12&封面!D$12&封面!E$12&封面!F$12&封面!G$12&封面!H$12&封面!I$12 -> 填表日期：2019年1月24日 | I29: ="评估人员："&封面!$P$20 -> 评估人员：巨芳

Sheet 3-9-7发出商品
A1: 存货—发出商品评估明细表
A2: ='1-汇总表'!A2:F2 -> 评估基准日：2018年12月31日
A4: ='1-汇总表'!A4 -> 产权持有人名称：阳煤集团青岛恒源化工有限公司
A5: 序号 | B5: 商品名称 | C5: 对方单位名称 | D5: 计量单位 | E5: 账面价值 | H5: 评估价值 | K5: 增减值 | L5: 增值率% | M5: 备注
E6: 数量 | F6: 单价 | G6: 金额 | H6: 实际数量 | I6: 评估单价 | J6: 金额
H7: =E7 -> 0 | J7: =ROUND(I7*H7,2) -> 0 | K7: =J7-G7 -> 0 | L7: =IF(OR(G7=0,G7=""),"",ROUND(K7/G7*100,2))
H8: =E8 -> 0 | J8: =ROUND(I8*H8,2) -> 0 | K8: =J8-G8 -> 0 | L8: =IF(OR(G8=0,G8=""),"",ROUND(K8/G8*100,2))
H9: =E9 -> 0 | J9: =ROUND(I9*H9,2) -> 0 | K9: =J9-G9 -> 0 | L9: =IF(OR(G9=0,G9=""),"",ROUND(K9/G9*100,2))
H10: =E10 -> 0 | J10: =ROUND(I10*H10,2) -> 0 | K10: =J10-G10 -> 0 | L10: =IF(OR(G10=0,G10=""),"",ROUND(K10/G10*100,2))
H11: =E11 -> 0 | J11: =ROUND(I11*H11,2) -> 0 | K11: =J11-G11 -> 0 | L11: =IF(OR(G11=0,G11=""),"",ROUND(K11/G11*100,2))
H12: =E12 -> 0 | J12: =ROUND(I12*H12,2) -> 0 | K12: =J12-G12 -> 0 | L12: =IF(OR(G12=0,G12=""),"",ROUND(K12/G12*100,2))
H13: =E13 -> 0 | J13: =ROUND(I13*H13,2) -> 0 | K13: =J13-G13 -> 0 | L13: =IF(OR(G13=0,G13=""),"",ROUND(K13/G13*100,2))
H14: =E14 -> 0 | J14: =ROUND(I14*H14,2) -> 0 | K14: =J14-G14 -> 0 | L14: =IF(OR(G14=0,G14=""),"",ROUND(K14/G14*100,2))
H15: =E15 -> 0 | J15: =ROUND(I15*H15,2) -> 0 | K15: =J15-G15 -> 0 | L15: =IF(OR(G15=0,G15=""),"",ROUND(K15/G15*100,2))
H16: =E16 -> 0 | J16: =ROUND(I16*H16,2) -> 0 | K16: =J16-G16 -> 0 | L16: =IF(OR(G16=0,G16=""),"",ROUND(K16/G16*100,2))
H17: =E17 -> 0 | J17: =ROUND(I17*H17,2) -> 0 | K17: =J17-G17 -> 0 | L17: =IF(OR(G17=0,G17=""),"",ROUND(K17/G17*100,2))
H18: =E18 -> 0 | J18: =ROUND(I18*H18,2) -> 0 | K18: =J18-G18 -> 0 | L18: =IF(OR(G18=0,G18=""),"",ROUND(K18/G18*100,2))
... H26: =E26 -> 0 | J26: =ROUND(I26*H26,2) -> 0 | K26: =J26-G26 -> 0 | L26: =IF(OR(G26=0,G26=""),"",ROUND(K26/G26*100,2))
A28: 合 计 | G28: =SUM(G7:G27) -> 0 | J28: =SUM(J7:J27) -> 0 | K28: =J28-G28 -> 0 | L28: =IF(OR(G28=0,G28=""),"",ROUND(K28/G28*100,2))
A29: =封面!B$10&封面!D$10 -> 产权持有单位填表人：杨庆华
A30: =封面!B$12&封面!D$12&封面!E$12&封面!F$12&封面!G$12&封面!H$12&封面!I$12 -> 填表日期：2019年1月24日 | J30: ="评估人员："&封面!$P$20 -> 评估人员：巨芳

Sheet 3-9-8在用周转材料
A1: 存货—在用周转材料评估明细表
A2: ='1-汇总表'!A2:F2 -> 评估基准日：2018年12月31日
A4: ='1-汇总表'!A4 -> 产权持有人名称：阳煤集团青岛恒源化工有限公司
A5: 序号 | B5: 名称及规格型号 | C5: 启用日期 | D5: 原始入账价值 | E5: 账面价值（摊余价值） | G5: 实际数量 | H5: 评估价值 | K5: 增减值 | L5: 增值率% | M5: 备注
E6: 数量 | F6: 金额 | H6: 评估原价 | I6: 成新率% | J6: 金额
G7: =E7 -> 0 | J7: =ROUND(H7*I7*G7/100,0) -> 0 | K7: =J7-F7 -> 0 | L7: =IF(OR(F7=0,F7=""),"",ROUND(K7/F7*100,2))
G8: =E8 -> 0 | J8: =ROUND(H8*I8*G8/100,0) -> 0 | K8: =J8-F8 -> 0 | L8: =IF(OR(F8=0,F8=""),"",ROUND(K8/F8*100,2))
G9: =E9 -> 0 | J9: =ROUND(H9*I9*G9/100,0) -> 0 | K9: =J9-F9 -> 0 | L9: =IF(OR(F9=0,F9=""),"",ROUND(K9/F9*100,2))
G10: =E10 -> 0 | J10: =ROUND(H10*I10*G10/100,0) -> 0 | K10: =J10-F10 -> 0 | L10: =IF(OR(F10=0,F10=""),"",ROUND(K10/F10*100,2))
G11: =E11 -> 0 | J11: =ROUND(H11*I11*G11/100,0) -> 0 | K11: =J11-F11 -> 0 | L11: =IF(OR(F11=0,F11=""),"",ROUND(K11/F11*100,2))
G12: =E12 -> 0 | J12: =ROUND(H12*I12*G12/100,0) -> 0 | K12: =J12-F12 -> 0 | L12: =IF(OR(F12=0,F12=""),"",ROUND(K12/F12*100,2))
G13: =E13 -> 0 | J13: =ROUND(H13*I13/100,2) -> 0 | K13: =J13-F13 -> 0 | L13: =IF(OR(F13=0,F13=""),"",ROUND(K13/F13*100,2))
G14: =E14 -> 0 | J14: =ROUND(H14*I14/100,2) -> 0 | K14: =J14-F14 -> 0 | L14: =IF(OR(F14=0,F14=""),"",ROUND(K14/F14*100,2))
G15: =E15 -> 0 | J15: =ROUND(H15*I15/100,2) -> 0 | K15: =J15-F15 -> 0 | L15: =IF(OR(F15=0,F15=""),"",ROUND(K15/F15*100,2))
G16: =E16 -> 0 | J16: =ROUND(H16*I16/100,2) -> 0 | K16: =J16-F16 -> 0 | L16: =IF(OR(F16=0,F16=""),"",ROUND(K16/F16*100,2))
G17: =E17 -> 0 | J17: =ROUND(H17*I17/100,2) -> 0 | K17: =J17-F17 -> 0 | L17: =IF(OR(F17=0,F17=""),"",ROUND(K17/F17*100,2))
G18: =E18 -> 0 | J18: =ROUND(H18*I18/100,2) -> 0 | K18: =J18-F18 -> 0 | L18: =IF(OR(F18=0,F18=""),"",ROUND(K18/F18*100,2))
G19: =E19 -> 0 | J19: =ROUND(H19*I19/100,2) -> 0 | K19: =J19-F19 -> 0 | L19: =IF(OR(F19=0,F19=""),"",ROUND(K19/F19*100,2))
G20: =E20 -> 0 | J20: =ROUND(H20*I20/100,2) -> 0 | K20: =J20-F20 -> 0 | L20: =IF(OR(F20=0,F20=""),"",ROUND(K20/F20*100,2))
G21: =E21 -> 0 | J21: =ROUND(H21*I21/100,2) -> 0 | K21: =J21-F21 -> 0 | L21: =IF(OR(F21=0,F21=""),"",ROUND(K21/F21*100,2))
G22: =E22 -> 0 | J22: =ROUND(H22*I22/100,2) -> 0 | K22: =J22-F22 -> 0 | L22: =IF(OR(F22=0,F22=""),"",ROUND(K22/F22*100,2))
G23: =E23 -> 0 | J23: =ROUND(H23*I23/100,2) -> 0 | K23: =J23-F23 -> 0 | L23: =IF(OR(F23=0,F23=""),"",ROUND(K23/F23*100,2))
G24: =E24 -> 0 | J24: =ROUND(H24*I24/100,2) -> 0 | K24: =J24-F24 -> 0 | L24: =IF(OR(F24=0,F24=""),"",ROUND(K24/F24*100,2))
G25: =E25 -> 0 | J25: =ROUND(H25*I25/100,2) -> 0 | K25: =J25-F25 -> 0 | L25: =IF(OR(F25=0,F25=""),"",ROUND(K25/F25*100,2))
A27: 合 计 | F27: =SUM(F7:F26) -> 0 | J27: =SUM(J7:J26) -> 0 | K27: =J27-F27 -> 0 | L27: =IF(OR(F27=0,F27=""),"",ROUND(K27/F27*100,2))
A28: =封面!B$10&封面!D$10 -> 产权持有单位填表人：杨庆华
A29: =封面!B$12&封面!D$12&封面!E$12&封面!F$12&封面!G$12&封面!H$12&封面!I$12 -> 填表日期：2019年1月24日 | J29: ="评估人员："&封面!$P$20 -> 评估人员：巨芳

Sheet 3-10一年到期非流动资产
A1: 一年内到期的非流动资产评估明细表
A2: ='1-汇总表'!A2:F2 -> 评估基准日：2018年12月31日
A4: ='1-汇总表'!A4 -> 产权持有人名称：阳煤集团青岛恒源化工有限公司
A5: 序号 | B5: 项目及内容 | C5: 发生日期 | D5: 结算内容 | E5: 账面价值 | F5: 评估价值 | G5: 增减值 | H5: 增值率% | I5: 备注
F6: =E6 -> 0 | G6: =F6-E6 -> 0 | H6: =IF(OR(E6=0,E6=""),"",ROUND(G6/E6*100,2))
F7: =E7 -> 0 | G7: =F7-E7 -> 0 | H7: =IF(OR(E7=0,E7=""),"",ROUND(G7/E7*100,2))
F8: =E8 -> 0 | G8: =F8-E8 -> 0 | H8: =IF(OR(E8=0,E8=""),"",ROUND(G8/E8*100,2))
F9: =E9 -> 0 | G9: =F9-E9 -> 0 | H9: =IF(OR(E9=0,E9=""),"",ROUND(G9/E9*100,2))
F10: =E10 -> 0 | G10: =F10-E10 -> 0 | H10: =IF(OR(E10=0,E10=""),"",ROUND(G10/E10*100,2))
F11: =E11 -> 0 | G11: =F11-E11 -> 0 | H11: =IF(OR(E11=0,E11=""),"",ROUND(G11/E11*100,2))
F12: =E12 -> 0 | G12: =F12-E12 -> 0 | H12: =IF(OR(E12=0,E12=""),"",ROUND(G12/E12*100,2))
F13: =E13 -> 0 | G13: =F13-E13 -> 0 | H13: =IF(OR(E13=0,E13=""),"",ROUND(G13/E13*100,2))
F14: =E14 -> 0 | G14: =F14-E14 -> 0 | H14: =IF(OR(E14=0,E14=""),"",ROUND(G14/E14*100,2))
F15: =E15 -> 0 | G15: =F15-E15 -> 0 | H15: =IF(OR(E15=0,E15=""),"",ROUND(G15/E15*100,2))
F16: =E16 -> 0 | G16: =F16-E16 -> 0 | H16: =IF(OR(E16=0,E16=""),"",ROUND(G16/E16*100,2))
F17: =E17 -> 0 | G17: =F17-E17 -> 0 | H17: =IF(OR(E17=0,E17=""),"",ROUND(G17/E17*100,2))
... F25: =E25 -> 0 | G25: =F25-E25 -> 0 | H25: =IF(OR(E25=0,E25=""),"",ROUND(G25/E25*100,2))
A26: 合 计 | E26: =SUM(E6:E25) -> 0 | F26: =SUM(F6:F25) -> 0 | G26: =F26-E26 -> 0 | H26: =IF(OR(E26=0,E26=""),"",ROUND(G26/E26*100,2))
A27: =封面!B$10&封面!D$10 -> 产权持有单位填表人：杨庆华
A28: =封面!B$12&封面!D$12&封面!E$12&封面!F$12&封面!G$12&封面!H$12&封面!I$12 -> 填表日期：2019年1月24日 | F28: ="评估人员："&封面!$P$18 -> 评估人员：

Sheet 3-11其他流动资产
A1: 其他流动资产评估明细表
A2: ='1-汇总表'!A2:F2 -> 评估基准日：2018年12月31日
A4: ='1-汇总表'!A4 -> 产权持有人名称：阳煤集团青岛恒源化工有限公司
A5: 序号 | B5: 项目及内容 | C5: 发生日期 | D5: 结算内容 | E5: 成本 | F5: 账面价值 | G5: 评估价值 | H5: 增减值 | I5: 增值率% | J5: 备注
H6: =G6-F6 -> 0 | I6: =IF(OR(F6=0,F6=""),"",ROUND(H6/F6*100,2))
H7: =G7-F7 -> 0 | I7: =IF(OR(F7=0,F7=""),"",ROUND(H7/F7*100,2))
H8: =G8-F8 -> 0 | I8: =IF(OR(F8=0,F8=""),"",ROUND(H8/F8*100,2))
H9: =G9-F9 -> 0 | I9: =IF(OR(F9=0,F9=""),"",ROUND(H9/F9*100,2))
H10: =G10-F10 -> 0 | I10: =IF(OR(F10=0,F10=""),"",ROUND(H10/F10*100,2))
H11: =G11-F11 -> 0 | I11: =IF(OR(F11=0,F11=""),"",ROUND(H11/F11*100,2))
H12: =G12-F12 -> 0 | I12: =IF(OR(F12=0,F12=""),"",ROUND(H12/F12*100,2))
H13: =G13-F13 -> 0 | I13: =IF(OR(F13=0,F13=""),"",ROUND(H13/F13*100,2))
H14: =G14-F14 -> 0 | I14: =IF(OR(F14=0,F14=""),"",ROUND(H14/F14*100,2))
H15: =G15-F15 -> 0 | I15: =IF(OR(F15=0,F15=""),"",ROUND(H15/F15*100,2))
H16: =G16-F16 -> 0 | I16: =IF(OR(F16=0,F16=""),"",ROUND(H16/F16*100,2))
H17: =G17-F17 -> 0 | I17: =IF(OR(F17=0,F17=""),"",ROUND(H17/F17*100,2))
... H27: =G27-F27 -> 0 | I27: =IF(OR(F27=0,F27=""),"",ROUND(H27/F27*100,2))
A28: 合 计 | F28: =SUM(F6:F27) -> 0 | G28: =SUM(G6:G27) -> 0 | H28: =G28-F28 -> 0 | I28: =IF(OR(F28=0,F28=""),"",ROUND(H28/F28*100,2))
A29: =封面!B$10&封面!D$10 -> 产权持有单位填表人：杨庆华
A30: =封面!B$12&封面!D$12&封面!E$12&封面!F$12&封面!G$12&封面!H$12&封面!I$12 -> 填表日期：2019年1月24日 | G30: ="评估人员："&封面!$P$18 -> 评估人员：

Sheet 4-非流动资产汇总
A1: 非流动资产评估汇总表
A3: ='1-汇总表'!A2:F2 -> 评估基准日：2018年12月31日
A5: ='1-汇总表'!A4 -> 产权持有人名称：阳煤集团青岛恒源化工有限公司
A6: 编号 | B6: 科目名称 | C6: 账面价值 | D6: 评估价值 | E6: 增减值 | F6: 增值率%
A7: 4-1 | B7: 可供出售金融资产 | C7: ='4-1可供出售金融资产汇总'!C28 -> 0 | D7: ='4-1可供出售金融资产汇总'!D28 -> 0 | E7: =D7-C7 -> 0 | F7: =IF(C7<>0,ROUND(100*E7/ABS(C7),2),0) -> 0
A8: 4-2 | B8: 持有至到期投资 | C8: ='4-2持有到期投资'!H29 -> 0 | D8: ='4-2持有到期投资'!I29 -> 0 | E8: =D8-C8 -> 0 | F8: =IF(C8<>0,ROUND(100*E8/ABS(C8),2),0) -> 0
A9: 4-3 | B9: 长期应收款 | C9: ='4-3长期应收'!E28 -> 0 | D9: ='4-3长期应收'!F28 -> 0 | E9: =D9-C9 -> 0 | F9: =IF(C9<>0,ROUND(100*E9/ABS(C9),2),0) -> 0
A10: 4-4 | B10: 长期股权投资 | C10: ='4-4股权投资'!G28 -> 0 | D10: ='4-4股权投资'!H28 -> 0 | E10: =D10-C10 -> 0 | F10: =IF(C10<>0,ROUND(100*E10/ABS(C10),2),0) -> 0
A11: 4-5 | B11: 投资性房地产 | C11: ='4-5投资性房地产'!C27 -> 0 | D11: ='4-5投资性房地产'!D27 -> 0 | E11: =D11-C11 -> 0 | F11: =IF(C11<>0,ROUND(100*E11/ABS(C11),2),0) -> 0
A12: 4-6 | B12: 固定资产 | C12: ='4-6固定资产汇总'!D28 -> 2153399.2 | D12: ='4-6固定资产汇总'!F28 -> 1293275.8 | E12: =D12-C12 -> -860123.41 | F12: =IF(C12<>0,ROUND(100*E12/ABS(C12),2),0) -> -39.94
A13: 4-7 | B13: 在建工程 | C13: ='4-7在建工程汇总'!C7 -> 54259159 | D13: ='4-7在建工程汇总'!D7 -> 8188983.2 | E13: =D13-C13 -> -46070176 | F13: =IF(C13<>0,ROUND(100*E13/ABS(C13),2),0) -> -84.91
A14: 4-8 | B14: 工程物资 | C14: ='4-8工程物资'!K43 -> 2922275.1 | D14: ='4-8工程物资'!N43 -> 213869.6 | E14: =D14-C14 -> -2708405.5 | F14: =IF(C14<>0,ROUND(100*E14/ABS(C14),2),0) -> -92.68
A15: 4-9 | B15: 固定资产清理 | C15: ='4-9固定资产清理'!D28 -> 0 | D15: ='4-9固定资产清理'!E28 -> 0 | E15: =D15-C15 -> 0 | F15: =IF(C15<>0,ROUND(100*E15/ABS(C15),2),0) -> 0
A16: 4-10 | B16: 生产性生物资产 | C16: ='4-10生产性生物资产'!H28 -> 0 | D16: ='4-10生产性生物资产'!K28 -> 0 | E16: =D16-C16 -> 0 | F16: =IF(C16<>0,ROUND(100*E16/ABS(C16),2),0) -> 0
A17: 4-11 | B17: 油气资产 | C17: ='4-11油气资产'!I28 -> 0 | D17: ='4-11油气资产'!L28 -> 0 | E17: =D17-C17 -> 0 | F17: =IF(C17<>0,ROUND(100*E17/ABS(C17),2),0) -> 0
A18: 4-12 | B18: 无形资产 | C18: ='4-12无形资产汇总'!C28 -> 0 | D18: ='4-12无形资产汇总'!D28 -> 0 | E18: =D18-C18 -> 0 | F18: =IF(C18<>0,ROUND(100*E18/ABS(C18),2),0) -> 0
A19: 4-13 | B19: 开发支出 | C19: ='4-13开发支出'!D27 -> 0 | D19: ='4-13开发支出'!E27 -> 0 | E19: =D19-C19 -> 0 | F19: =IF(C19<>0,ROUND(100*E19/ABS(C19),2),0) -> 0
A20: 4-14 | B20: 商誉 | C20: ='4-14商誉'!D27 -> 0 | D20: ='4-14商誉'!E27 -> 0 | E20: =D20-C20 -> 0 | F20: =IF(C20<>0,ROUND(100*E20/ABS(C20),2),0) -> 0
A21: 4-15 | B21: 长期待摊费用 | C21: ='4-15长期待摊费用'!F27 -> 0 | D21: ='4-15长期待摊费用'!H27 -> 0 | E21: =D21-C21 -> 0 | F21: =IF(C21<>0,ROUND(100*E21/ABS(C21),2),0) -> 0
A22: 4-16 | B22: 递延所得税资产 | C22: ='4-16递延所得税资产'!D28 -> 0 | D22: ='4-16递延所得税资产'!E28 -> 0 | E22: =D22-C22 -> 0 | F22: =IF(C22<>0,ROUND(100*E22/ABS(C22),2),0) -> 0
A23: 4-17 | B23: 其他非流动资产 | C23: ='4-17其他非流动资产'!D28 -> 0 | D23: ='4-17其他非流动资产'!E28 -> 0 | E23: =D23-C23 -> 0 | F23: =IF(C23<>0,ROUND(100*E23/ABS(C23),2),0) -> 0
A29: 合 计 | C29: =SUM(C7:C23) -> 59334834 | D29: =SUM(D7:D23) -> 9696128.6 | E29: =D29-C29 -> -49638705 | F29: =IF(C29<>0,ROUND(100*E29/ABS(C29),2),0) -> -83.66
D31: ="评估人员："&封面!$P$22 -> 评估人员：

Sheet 4-1可供出售金融资产汇总
A1: 可供出售金融资产评估汇总表
A2: ='1-汇总表'!A2:F2 -> 评估基准日：2018年12月31日
A4: ='1-汇总表'!A4 -> 产权持有人名称：阳煤集团青岛恒源化工有限公司
A5: 编号 | B5: 科目名称 | C5: 账面价值 | D5: 评估价值 | E5: 增减值 | F5: 增值率%
A6: 4-1-1 | B6: 可供出售金融资产-股票投资 | C6: ='4-1-1可出售-股票'!H27 -> 0 | D6: ='4-1-1可出售-股票'!I27 -> 0 | E6: =D6-C6 -> 0 | F6: =IF(C6<>0,ROUND(100*E6/ABS(C6),2),0) -> 0
A7: 4-1-2 | B7: 可供出售金融资产-债券投资 | C7: ='4-1-2可出售-债券'!H28 -> 0 | D7: ='4-1-2可出售-债券'!I28 -> 0 | E7: =D7-C7 -> 0 | F7: =IF(C7<>0,ROUND(100*E7/ABS(C7),2),0) -> 0
A8: 4-1-3 | B8: 可供出售金融资产-其他投资 | C8: ='4-1-3可出售-其他'!H27 -> 0 | D8: ='4-1-3可出售-其他'!I27 -> 0 | E8: =D8-C8 -> 0 | F8: =IF(C8<>0,ROUND(100*E8/ABS(C8),2),0) -> 0
A28: 合 计 | C28: =SUM(C6:C8) -> 0 | D28: =SUM(D6:D8) -> 0 | E28: =D28-C28 -> 0 | F28: =IF(C28<>0,ROUND(100*E28/ABS(C28),2),0) -> 0
D30: ="评估人员："&封面!$P$22 -> 评估人员：

Sheet 4-1-1可出售-股票
A1: 可供出售金融资产—股票投资评估明细表
A2: ='1-汇总表'!A2:F2 -> 评估基准日：2018年12月31日
A4: ='1-汇总表'!A4 -> 产权持有人名称：阳煤集团青岛恒源化工有限公司
A5: 序号 | B5: 被投资单位名称 | C5: 股票性质 | D5: 投资日期 | E5: 持股数量 | F5: 基准日市价 | G5: 取得成本 | H5: 账面价值 | I5: 评估价值 | J5: 增减值 | K5: 增值率% | L5: 备注
I6: =ROUND(F6*E6,2) -> 0 | J6: =I6-H6 -> 0 | K6: =IF(H6<>0,ROUND(100*J6/ABS(H6),2),0) -> 0
I7: =ROUND(F7*E7,2) -> 0 | J7: =I7-H7 -> 0 | K7: =IF(H7<>0,ROUND(100*J7/ABS(H7),2),0) -> 0
I8: =ROUND(F8*E8,2) -> 0 | J8: =I8-H8 -> 0 | K8: =IF(H8<>0,ROUND(100*J8/ABS(H8),2),0) -> 0
I9: =ROUND(F9*E9,2) -> 0 | J9: =I9-H9 -> 0 | K9: =IF(H9<>0,ROUND(100*J9/ABS(H9),2),0) -> 0
I10: =ROUND(F10*E10,2) -> 0 | J10: =I10-H10 -> 0 | K10: =IF(H10<>0,ROUND(100*J10/ABS(H10),2),0) -> 0
I11: =ROUND(F11*E11,2) -> 0 | J11: =I11-H11 -> 0 | K11: =IF(H11<>0,ROUND(100*J11/ABS(H11),2),0) -> 0
I12: =ROUND(F12*E12,2) -> 0 | J12: =I12-H12 -> 0 | K12: =IF(H12<>0,ROUND(100*J12/ABS(H12),2),0) -> 0
I14: =ROUND(F14*E14,2) -> 0 | J14: =I14-H14 -> 0 | K14: =IF(H14<>0,ROUND(100*J14/ABS(H14),2),0) -> 0
I15: =ROUND(F15*E15,2) -> 0 | J15: =I15-H15 -> 0 | K15: =IF(H15<>0,ROUND(100*J15/ABS(H15),2),0) -> 0
I16: =ROUND(F16*E16,2) -> 0 | J16: =I16-H16 -> 0 | K16: =IF(H16<>0,ROUND(100*J16/ABS(H16),2),0) -> 0
I17: =ROUND(F17*E17,2) -> 0 | J17: =I17-H17 -> 0 | K17: =IF(H17<>0,ROUND(100*J17/ABS(H17),2),0) -> 0
I18: =ROUND(F18*E18,2) -> 0 | J18: =I18-H18 -> 0 | K18: =IF(H18<>0,ROUND(100*J18/ABS(H18),2),0) -> 0
... I21: =ROUND(F21*E21,2) -> 0 | J21: =I21-H21 -> 0 | K21: =IF(H21<>0,ROUND(100*J21/ABS(H21),2),0) -> 0
A25: 小 计 | H25: =SUM(H6:H24) -> 0 | I25: =SUM(I6:I24) -> 0 | J25: =I25-H25 -> 0 | K25: =IF(H25<>0,ROUND(100*J25/ABS(H25),2),0) -> 0
A26: 减：减值准备 | J26: =I26-H26 -> 0 | K26: =IF(H26<>0,ROUND(100*J26/ABS(H26),2),0) -> 0
A27: 合 计 | H27: =H25-ABS(H26) -> 0 | I27: =I25-ABS(I26) -> 0 | J27: =I27-H27 -> 0 | K27: =IF(H27<>0,ROUND(100*J27/ABS(H27),2),0) -> 0
A28: =封面!B$10&封面!D$10 -> 产权持有单位填表人：杨庆华
A29: =封面!B$12&封面!D$12&封面!E$12&封面!F$12&封面!G$12&封面!H$12&封面!I$12 -> 填表日期：2019年1月24日 | I29: ="评估人员："&封面!$P$22 -> 评估人员：

Sheet 4-1-2可出售-债券
A1: 可供出售金融资产—债券投资评估明细表
A2: ='1-汇总表'!A2:F2 -> 评估基准日：2018年12月31日
A4: ='1-汇总表'!A4 -> 产权持有人名称：阳煤集团青岛恒源化工有限公司
A5: 序号 | B5: 被投资单位名称 | C5: 债券种类 | D5: 发行日期 | E5: 到期日 | F5: 票面利率% | G5: 成本（面值） | H5: 账面价值 | I5: 评估价值 | J5: 增减值 | K5: 增值率% | L5: 备注
I6: =H6 -> 0 | J6: =I6-H6 -> 0 | K6: =IF(H6<>0,ROUND(100*J6/ABS(H6),2),0) -> 0
I7: =H7 -> 0 | J7: =I7-H7 -> 0 | K7: =IF(H7<>0,ROUND(100*J7/ABS(H7),2),0) -> 0
I8: =H8 -> 0 | J8: =I8-H8 -> 0 | K8: =IF(H8<>0,ROUND(100*J8/ABS(H8),2),0) -> 0
I9: =H9 -> 0 | J9: =I9-H9 -> 0 | K9: =IF(H9<>0,ROUND(100*J9/ABS(H9),2),0) -> 0
I10: =H10 -> 0 | J10: =I10-H10 -> 0 | K10: =IF(H10<>0,ROUND(100*J10/ABS(H10),2),0) -> 0
I11: =H11 -> 0 | J11: =I11-H11 -> 0 | K11: =IF(H11<>0,ROUND(100*J11/ABS(H11),2),0) -> 0
I14: =H14 -> 0 | J14: =I14-H14 -> 0 | K14: =IF(H14<>0,ROUND(100*J14/ABS(H14),2),0) -> 0
I15: =H15 -> 0 | J15: =I15-H15 -> 0 | K15: =IF(H15<>0,ROUND(100*J15/ABS(H15),2),0) -> 0
I16: =H16 -> 0 | J16: =I16-H16 -> 0 | K16: =IF(H16<>0,ROUND(100*J16/ABS(H16),2),0) -> 0
I17: =H17 -> 0 | J17: =I17-H17 -> 0 | K17: =IF(H17<>0,ROUND(100*J17/ABS(H17),2),0) -> 0
I18: =H18 -> 0 | J18: =I18-H18 -> 0 | K18: =IF(H18<>0,ROUND(100*J18/ABS(H18),2),0) -> 0
I19: =H19 -> 0 | J19: =I19-H19 -> 0 | K19: =IF(H19<>0,ROUND(100*J19/ABS(H19),2),0) -> 0
... I21: =H21 -> 0 | J21: =I21-H21 -> 0 | K21: =IF(H21<>0,ROUND(100*J21/ABS(H21),2),0) -> 0
A26: 小 计 | H26: =SUM(H6:H25) -> 0 | I26: =SUM(I6:I25) -> 0 | J26: =I26-H26 -> 0 | K26: =IF(H26<>0,ROUND(100*J26/ABS(H26),2),0) -> 0
A27: 减：减值准备 | J27: =I27-H27 -> 0 | K27: =IF(H27<>0,ROUND(100*J27/ABS(H27),2),0) -> 0
A28: 合 计 | H28: =H26-ABS(H27) -> 0 | I28: =I26-ABS(I27) -> 0 | J28: =I28-H28 -> 0 | K28: =IF(H28<>0,ROUND(100*J28/ABS(H28),2),0) -> 0
A29: =封面!B$10&封面!D$10 -> 产权持有单位填表人：杨庆华
A30: =封面!B$12&封面!D$12&封面!E$12&封面!F$12&封面!G$12&封面!H$12&封面!I$12 -> 填表日期：2019年1月24日 | I30: ="评估人员："&封面!$P$22 -> 评估人员：

Sheet 4-1-3可出售-其他
A1: 可供出售金融资产—其他投资评估明细表
A2: ='1-汇总表'!A2:F2 -> 评估基准日：2018年12月31日
A4: ='1-汇总表'!A4 -> 产权持有人名称：阳煤集团青岛恒源化工有限公司
A5: 序号 | B5: 被投资单位名称 | C5: 金融资产名称 | D5: 投资日期 | E5: 持有数量 | F5: 基准日市价 | G5: 成本 | H5: 账面价值 | I5: 评估价值 | J5: 增减值 | K5: 增值率% | L5: 备注
I6: =ROUND(F6*E6,2) -> 0 | J6: =I6-H6 -> 0 | K6: =IF(OR(H6=0,H6=""),"",ROUND(J6/H6*100,2))
I7: =ROUND(F7*E7,2) -> 0 | J7: =I7-H7 -> 0 | K7: =IF(OR(H7=0,H7=""),"",ROUND(J7/H7*100,2))
I8: =ROUND(F8*E8,2) -> 0 | J8: =I8-H8 -> 0 | K8: =IF(OR(H8=0,H8=""),"",ROUND(J8/H8*100,2))
I9: =ROUND(F9*E9,2) -> 0 | J9: =I9-H9 -> 0 | K9: =IF(OR(H9=0,H9=""),"",ROUND(J9/H9*100,2))
I10: =ROUND(F10*E10,2) -> 0 | J10: =I10-H10 -> 0 | K10: =IF(OR(H10=0,H10=""),"",ROUND(J10/H10*100,2))
I11: =ROUND(F11*E11,2) -> 0 | J11: =I11-H11 -> 0 | K11: =IF(OR(H11=0,H11=""),"",ROUND(J11/H11*100,2))
I12: =ROUND(F12*E12,2) -> 0 | J12: =I12-H12 -> 0 | K12: =IF(OR(H12=0,H12=""),"",ROUND(J12/H12*100,2))
I13: =ROUND(F13*E13,2) -> 0 | J13: =I13-H13 -> 0 | K13: =IF(OR(H13=0,H13=""),"",ROUND(J13/H13*100,2))
I14: =ROUND(F14*E14,2) -> 0 | J14: =I14-H14 -> 0 | K14: =IF(OR(H14=0,H14=""),"",ROUND(J14/H14*100,2))
I16: =ROUND(F16*E16,2) -> 0 | J16: =I16-H16 -> 0 | K16: =IF(OR(H16=0,H16=""),"",ROUND(J16/H16*100,2))
I17: =ROUND(F17*E17,2) -> 0 | J17: =I17-H17 -> 0 | K17: =IF(OR(H17=0,H17=""),"",ROUND(J17/H17*100,2))
I18: =ROUND(F18*E18,2) -> 0 | J18: =I18-H18 -> 0 | K18: =IF(OR(H18=0,H18=""),"",ROUND(J18/H18*100,2))
... I23: =ROUND(F23*E23,2) -> 0 | J23: =I23-H23 -> 0 | K23: =IF(OR(H23=0,H23=""),"",ROUND(J23/H23*100,2))
A25: 小 计 | H25: =SUM(H6:H24) -> 0 | I25: =SUM(I6:I24) -> 0 | J25: =I25-H25 -> 0 | K25: =IF(OR(H25=0,H25=""),"",ROUND(J25/H25*100,2))
A26: 减：减值准备 | J26: =I26-H26 -> 0 | K26: =IF(OR(H26=0,H26=""),"",ROUND(J26/H26*100,2))
A27: 合 计 | H27: =H25-ABS(H26) -> 0 | I27: =I25-ABS(I26) -> 0 | J27: =I27-H27 -> 0 | K27: =IF(OR(H27=0,H27=""),"",ROUND(J27/H27*100,2))
A28: =封面!B$10&封面!D$10 -> 产权持有单位填表人：杨庆华
A29: =封面!B$12&封面!D$12&封面!E$12&封面!F$12&封面!G$12&封面!H$12&封面!I$12 -> 填表日期：2019年1月24日 | I29: ="评估人员："&封面!$P$22 -> 评估人员：

Sheet 4-2持有到期投资
A1: 持有至到期投资评估明细表
A2: ='1-汇总表'!A2:F2 -> 评估基准日：2018年12月31日
A4: ='1-汇总表'!A4 -> 产权持有人名称：阳煤集团青岛恒源化工有限公司
A5: 序号 | B5: 被投资单位名称 | C5: 投资类别 | D5: 投资日期 | E5: 到期日 | F5: 票面利率% | G5: 投资成本 | H5: 账面价值 | I5: 评估价值 | J5: 增减值 | K5: 增值率% | L5: 备注
I6: =H6 -> 0 | J6: =I6-H6 -> 0 | K6: =IF(OR(H6=0,H6=""),"",ROUND(J6/H6*100,2))
I7: =H7 -> 0 | J7: =I7-H7 -> 0 | K7: =IF(OR(H7=0,H7=""),"",ROUND(J7/H7*100,2))
I8: =H8 -> 0 | J8: =I8-H8 -> 0 | K8: =IF(OR(H8=0,H8=""),"",ROUND(J8/H8*100,2))
I9: =H9 -> 0 | J9: =I9-H9 -> 0 | K9: =IF(OR(H9=0,H9=""),"",ROUND(J9/H9*100,2))
I10: =H10 -> 0 | J10: =I10-H10 -> 0 | K10: =IF(OR(H10=0,H10=""),"",ROUND(J10/H10*100,2))
I11: =H11 -> 0 | J11: =I11-H11 -> 0 | K11: =IF(OR(H11=0,H11=""),"",ROUND(J11/H11*100,2))
I12: =H12 -> 0 | J12: =I12-H12 -> 0 | K12: =IF(OR(H12=0,H12=""),"",ROUND(J12/H12*100,2))
I14: =H14 -> 0 | J14: =I14-H14 -> 0 | K14: =IF(OR(H14=0,H14=""),"",ROUND(J14/H14*100,2))
I15: =H15 -> 0 | J15: =I15-H15 -> 0 | K15: =IF(OR(H15=0,H15=""),"",ROUND(J15/H15*100,2))
I16: =H16 -> 0 | J16: =I16-H16 -> 0 | K16: =IF(OR(H16=0,H16=""),"",ROUND(J16/H16*100,2))
I17: =H17 -> 0 | J17: =I17-H17 -> 0 | K17: =IF(OR(H17=0,H17=""),"",ROUND(J17/H17*100,2))
I18: =H18 -> 0 | J18: =I18-H18 -> 0 | K18: =IF(OR(H18=0,H18=""),"",ROUND(J18/H18*100,2))
... I24: =H24 -> 0 | J24: =I24-H24 -> 0 | K24: =IF(OR(H24=0,H24=""),"",ROUND(J24/H24*100,2))
A27: 合 计 | H27: =SUM(H6:H26) -> 0 | I27: =SUM(I6:I26) -> 0 | J27: =I27-H27 -> 0 | K27: =IF(OR(H27=0,H27=""),"",ROUND(J27/H27*100,2))
A28: 减：持有至到期投资减值准备 | J28: =I28-H28 -> 0 | K28: =IF(OR(H28=0,H28=""),"",ROUND(J28/H28*100,2))
A29: 净 额 | H29: =H27-ABS(H28) -> 0 | I29: =I27-ABS(I28) -> 0 | J29: =I29-H29 -> 0 | K29: =IF(OR(H29=0,H29=""),"",ROUND(J29/H29*100,2))
A30: =封面!B$10&封面!D$10 -> 产权持有单位填表人：杨庆华
A31: =封面!B$12&封面!D$12&封面!E$12&封面!F$12&封面!G$12&封面!H$12&封面!I$12 -> 填表日期：2019年1月24日 | I31: ="评估人员："&封面!$P$18 -> 评估人员：

Sheet 4-3长期应收
A1: 长期应收款评估明细表
A2: ='1-汇总表'!A2:F2 -> 评估基准日：2018年12月31日
A4: ='1-汇总表'!A4 -> 产权持有人名称：阳煤集团青岛恒源化工有限公司
A5: 序号 | B5: 欠款单位名称（结算对象） | C5: 业务内容 | D5: 发生日期 | E5: 账面价值 | F5: 评估价值 | G5: 增减值 | H5: 增值率% | I5: 备注
F6: =E6 -> 0 | G6: =F6-E6 -> 0
F7: =E7 -> 0 | G7: =F7-E7 -> 0
F8: =E8 -> 0 | G8: =F8-E8 -> 0
F9: =E9 -> 0 | G9: =F9-E9 -> 0
F10: =E10 -> 0 | G10: =F10-E10 -> 0
F11: =E11 -> 0 | G11: =F11-E11 -> 0
F12: =E12 -> 0 | G12: =F12-E12 -> 0
F13: =E13 -> 0 | G13: =F13-E13 -> 0
F14: =E14 -> 0 | G14: =F14-E14 -> 0
F15: =E15 -> 0 | G15: =F15-E15 -> 0
F16: =E16 -> 0 | G16: =F16-E16 -> 0
F17: =E17 -> 0 | G17: =F17-E17 -> 0
... F25: =E25 -> 0 | G25: =F25-E25 -> 0
A26: 合 计 | E26: =SUM(E6:E25) -> 0 | F26: =SUM(F6:F25) -> 0 | G26: =F26-E26 -> 0
A27: 减：长期应收款坏账准备 | G27: =F27-E27 -> 0
A28: 净 额 | E28: =E26-ABS(E27) -> 0 | F28: =F26-ABS(F27) -> 0 | G28: =F28-E28 -> 0
A29: =封面!B$10&封面!D$10 -> 产权持有单位填表人：杨庆华
A30: =封面!B$12&封面!D$12&封面!E$12&封面!F$12&封面!G$12&封面!H$12&封面!I$12 -> 填表日期：2019年1月24日 | F30: ="评估人员："&封面!$P$22 -> 评估人员：

Sheet 4-4股权投资
A1: 长期股权投资评估明细表
A2: ='1-汇总表'!A2:F2 -> 评估基准日：2018年12月31日
A4: ='1-汇总表'!A4 -> 产权持有人名称：阳煤集团青岛恒源化工有限公司
A5: 序号 | B5: 被投资单位名称 | C5: 投资日期 | D5: 协议投资期限 | E5: 持股比例（%） | F5: 投资成本 | G5: 账面价值 | H5: 评估价值 | I5: 增减值 | J5: 增值率% | K5: 备注
H6: =G6 -> 0 | I6: =H6-G6 -> 0 | J6: =IF(OR(G6=0,G6=""),"",ROUND(I6/G6*100,2))
H7: =G7 -> 0 | I7: =H7-G7 -> 0 | J7: =IF(OR(G7=0,G7=""),"",ROUND(I7/G7*100,2))
H8: =G8 -> 0 | I8: =H8-G8 -> 0 | J8: =IF(OR(G8=0,G8=""),"",ROUND(I8/G8*100,2))
H9: =G9 -> 0 | I9: =H9-G9 -> 0 | J9: =IF(OR(G9=0,G9=""),"",ROUND(I9/G9*100,2))
H10: =G10 -> 0 | I10: =H10-G10 -> 0 | J10: =IF(OR(G10=0,G10=""),"",ROUND(I10/G10*100,2))
H11: =G11 -> 0 | I11: =H11-G11 -> 0 | J11: =IF(OR(G11=0,G11=""),"",ROUND(I11/G11*100,2))
H12: =G12 -> 0 | I12: =H12-G12 -> 0 | J12: =IF(OR(G12=0,G12=""),"",ROUND(I12/G12*100,2))
H13: =G13 -> 0 | I13: =H13-G13 -> 0 | J13: =IF(OR(G13=0,G13=""),"",ROUND(I13/G13*100,2))
H14: =G14 -> 0 | I14: =H14-G14 -> 0 | J14: =IF(OR(G14=0,G14=""),"",ROUND(I14/G14*100,2))
H15: =G15 -> 0 | I15: =H15-G15 -> 0 | J15: =IF(OR(G15=0,G15=""),"",ROUND(I15/G15*100,2))
H16: =G16 -> 0 | I16: =H16-G16 -> 0 | J16: =IF(OR(G16=0,G16=""),"",ROUND(I16/G16*100,2))
H17: =G17 -> 0 | I17: =H17-G17 -> 0 | J17: =IF(OR(G17=0,G17=""),"",ROUND(I17/G17*100,2))
... H21: =G21 -> 0 | I21: =H21-G21 -> 0 | J21: =IF(OR(G21=0,G21=""),"",ROUND(I21/G21*100,2))
A26: 合 计 | G26: =SUM(G6:G25) -> 0 | H26: =SUM(H6:H25) -> 0 | I26: =H26-G26 -> 0 | J26: =IF(OR(G26=0,G26=""),"",ROUND(I26/G26*100,2))
A27: 减：长期股权投资减值准备 | I27: =H27-G27 -> 0 | J27: =IF(OR(G27=0,G27=""),"",ROUND(I27/G27*100,2))
A28: 净 额 | G28: =G26-ABS(G27) -> 0 | H28: =H26-ABS(H27) -> 0 | I28: =H28-G28 -> 0 | J28: =IF(OR(G28=0,G28=""),"",ROUND(I28/G28*100,2))
A29: =封面!B$10&封面!D$10 -> 产权持有单位填表人：杨庆华
A30: =封面!B$12&封面!D$12&封面!E$12&封面!F$12&封面!G$12&封面!H$12&封面!I$12 -> 填表日期：2019年1月24日 | H30: ="评估人员："&封面!$P$22 -> 评估人员：

Sheet 4-5投资性房地产
A1: 投资性房地产评估汇总表
A2: ='1-汇总表'!A2:F2 -> 评估基准日：2018年12月31日
A4: ='1-汇总表'!A4 -> 产权持有人名称：阳煤集团青岛恒源化工有限公司
A5: 编号 | B5: 科目名称 | C5: 账面价值 | D5: 评估价值 | E5: 增减值 | F5: 增值率%
A6: 4-5-1 | B6: 投资性房地产—房屋（采用成本模式计量） | C6: ='4-5-1投资性房地产'!K26 -> 0 | D6: ='4-5-1投资性房地产'!N26 -> 0 | E6: =D6-C6 -> 0 | F6: =IF(OR(C6=0,C6=""),"",ROUND(E6/C6*100,2))
A7: 4-5-2 | B7: 投资性房地产—房屋（采用公允价值模式计量） | C7: ='4-5-2投资性房地产'!L24 -> 0 | D7: ='4-5-2投资性房地产'!M24 -> 0 | E7: =D7-C7 -> 0 | F7: =IF(OR(C7=0,C7=""),"",ROUND(E7/C7*100,2))
A8: 4-5-3 | B8: 投资性房地产—土地（采用成本模式计量） | C8: ='4-5-3投资性地产'!M26 -> 0 | D8: ='4-5-3投资性地产'!N26 -> 0 | E8: =D8-C8 -> 0 | F8: =IF(OR(C8=0,C8=""),"",ROUND(E8/C8*100,2))
A9: 4-5-4 | B9: 投资性房地产—土地（采用公允价值模式计量） | C9: ='4-5-4投资性地产'!M27 -> 0 | D9: ='4-5-4投资性地产'!N27 -> 0 | E9: =D9-C9 -> 0 | F9: =IF(OR(C9=0,C9=""),"",ROUND(E9/C9*100,2))
A27: 投资性房地产合计 | C27: =SUM(C6:C9) -> 0 | D27: =SUM(D6:D9) -> 0 | E27: =D27-C27 -> 0 | F27: =IF(OR(C27=0,C27=""),"",ROUND(E27/C27*100,2))
D29: ="评估人员："&封面!$P$22 -> 评估人员：

Sheet 4-5-1投资性房地产
A1: 投资性房地产——房屋评估明细表
A2: （采用成本模式计量）
A3: ='1-汇总表'!A2:F2 -> 评估基准日：2018年12月31日
A5: ='1-汇总表'!A4 -> 产权持有人名称：阳煤集团青岛恒源化工有限公司
A6: 序号 | B6: 权证编号 | C6: 房屋名称 | D6: 来源（外购、自建、自用转入、存货转入等） | E6: 结构 | F6: 建成 年月 | G6: 计量单位 | H6: 建筑面积 | I6: 成本单价(元/m2) | J6: 账面价值 | L6: 评估价值 | O6: 增值率% | P6: 评估单价(元/m2) | Q6: 备注
J7: 原值 | K7: 净值 | L7: 原值 | M7: 成新率% | N7: 净值
N8: =ROUND(L8*M8/100,0) -> 0 | O8: =IF(OR(K8=0,K8=""),"",ROUND((N8-K8)/K8*100,2))
N9: =ROUND(L9*M9/100,0) -> 0 | O9: =IF(OR(K9=0,K9=""),"",ROUND((N9-K9)/K9*100,2))
N10: =ROUND(L10*M10/100,0) -> 0 | O10: =IF(OR(K10=0,K10=""),"",ROUND((N10-K10)/K10*100,2))
N11: =ROUND(L11*M11/100,0) -> 0 | O11: =IF(OR(K11=0,K11=""),"",ROUND((N11-K11)/K11*100,2))
N12: =ROUND(L12*M12/100,0) -> 0 | O12: =IF(OR(K12=0,K12=""),"",ROUND((N12-K12)/K12*100,2))
N13: =ROUND(L13*M13/100,0) -> 0 | O13: =IF(OR(K13=0,K13=""),"",ROUND((N13-K13)/K13*100,2))
N14: =ROUND(L14*M14/100,0) -> 0 | O14: =IF(OR(K14=0,K14=""),"",ROUND((N14-K14)/K14*100,2))
N15: =ROUND(L15*M15/100,0) -> 0 | O15: =IF(OR(K15=0,K15=""),"",ROUND((N15-K15)/K15*100,2))
N16: =ROUND(L16*M16/100,0) -> 0 | O16: =IF(OR(K16=0,K16=""),"",ROUND((N16-K16)/K16*100,2))
N17: =ROUND(L17*M17/100,0) -> 0 | O17: =IF(OR(K17=0,K17=""),"",ROUND((N17-K17)/K17*100,2))
N18: =ROUND(L18*M18/100,0) -> 0 | O18: =IF(OR(K18=0,K18=""),"",ROUND((N18-K18)/K18*100,2))
N19: =ROUND(L19*M19/100,0) -> 0 | O19: =IF(OR(K19=0,K19=""),"",ROUND((N19-K19)/K19*100,2))
... N22: =ROUND(L22*M22/100,0) -> 0 | O22: =IF(OR(K22=0,K22=""),"",ROUND((N22-K22)/K22*100,2))
A24: 小 计 | J24: =SUM(J8:J23) -> 0 | K24: =SUM(K8:K23) -> 0 | L24: =SUM(L8:L23) -> 0 | N24: =SUM(N8:N23) -> 0 | O24: =IF(OR(K24=0,K24=""),"",ROUND((N24-K24)/K24*100,2))
A25: 减：投资性房地产减值准备 | O25: =IF(OR(K25=0,K25=""),"",ROUND((N25-K25)/K25*100,2))
A26: 合 计 | J26: =J24-ABS(J25) -> 0 | K26: =K24-ABS(K25) -> 0 | L26: =L24-ABS(L25) -> 0 | N26: =N24-ABS(N25) -> 0 | O26: =IF(OR(K26=0,K26=""),"",ROUND((N26-K26)/K26*100,2))
A27: =封面!B$10&封面!D$10 -> 产权持有单位填表人：杨庆华
A28: =封面!B$12&封面!D$12&封面!E$12&封面!F$12&封面!G$12&封面!H$12&封面!I$12 -> 填表日期：2019年1月24日 | N28: ="评估人员："&封面!$P$22 -> 评估人员：

Sheet 4-5-2投资性房地产
A1: 投资性房地产——房屋评估明细表
A2: （采用公允价值模式计量）
A3: ='1-汇总表'!A2:F2 -> 评估基准日：2018年12月31日
A5: ='1-汇总表'!A4 -> 产权持有人名称：阳煤集团青岛恒源化工有限公司
A6: 序号 | B6: 权证编号 | C6: 房屋名称 | D6: 来源（外购、自建、自用转入、存货转入等） | E6: 结构 | F6: 建成 年月 | G6: 计量单位 | H6: 建筑 面积 | I6: 成本单价(元/m2) | J6: 原始入帐价值 （转入日公允价值） | L6: 账面价值 | M6: 评估价值 | N6: 增减值 | O6: 增值率% | P6: 备注 | Q6: 现场勘察简单记录 | R6: 证载权利人
N8: =M8-L8 -> 0 | O8: =IF(OR(L8=0,L8=""),"",ROUND(N8/L8*100,2))
N9: =M9-L9 -> 0 | O9: =IF(OR(L9=0,L9=""),"",ROUND(N9/L9*100,2))
N10: =M10-L10 -> 0 | O10: =IF(OR(L10=0,L10=""),"",ROUND(N10/L10*100,2))
N11: =M11-L11 -> 0 | O11: =IF(OR(L11=0,L11=""),"",ROUND(N11/L11*100,2))
N12: =M12-L12 -> 0 | O12: =IF(OR(L12=0,L12=""),"",ROUND(N12/L12*100,2))
N13: =M13-L13 -> 0 | O13: =IF(OR(L13=0,L13=""),"",ROUND(N13/L13*100,2))
N14: =M14-L14 -> 0 | O14: =IF(OR(L14=0,L14=""),"",ROUND(N14/L14*100,2))
N15: =M15-L15 -> 0 | O15: =IF(OR(L15=0,L15=""),"",ROUND(N15/L15*100,2))
N16: =M16-L16 -> 0 | O16: =IF(OR(L16=0,L16=""),"",ROUND(N16/L16*100,2))
N17: =M17-L17 -> 0 | O17: =IF(OR(L17=0,L17=""),"",ROUND(N17/L17*100,2))
N18: =M18-L18 -> 0 | O18: =IF(OR(L18=0,L18=""),"",ROUND(N18/L18*100,2))
N19: =M19-L19 -> 0 | O19: =IF(OR(L19=0,L19=""),"",ROUND(N19/L19*100,2))
... N22: =M22-L22 -> 0 | O22: =IF(OR(L22=0,L22=""),"",ROUND(N22/L22*100,2))
A24: 合 计 | J24: =SUM(J8:K23) -> 0 | L24: =SUM(L8:L23) -> 0 | M24: =SUM(M8:M23) -> 0 | N24: =M24-L24 -> 0 | O24: =IF(OR(L24=0,L24=""),"",ROUND(N24/L24*100,2))
A25: =封面!B$10&封面!D$10 -> 产权持有单位填表人：杨庆华
A26: =封面!B$12&封面!D$12&封面!E$12&封面!F$12&封面!G$12&封面!H$12&封面!I$12 -> 填表日期：2019年1月24日 | M26: ="评估人员："&封面!$P$22 -> 评估人员：

Sheet 4-5-3投资性地产
A1: 投资性房地产——土地使用权评估明细表
A2: （采用成本模式计量）
A3: ='1-汇总表'!A2:F2 -> 评估基准日：2018年12月31日
A5: ='1-汇总表'!A4 -> 产权持有人名称：阳煤集团青岛恒源化工有限公司
A6: 序号 | B6: 土地权证编号 | C6: 宗地名称 | D6: 来源（外购、自建、自用转入、存货转入等） | E6: 土地位置 | F6: 取得日期 | G6: 用地性质 | H6: 土地用途 | I6: 准用年限 | J6: 开发程度 | K6: 面积(m2) | L6: 原始入账价值 | M6: 账面价值 | N6: 评估价值 | O6: 增减值 | P6: 增值率% | Q6: 备注
O7: =N7-M7 -> 0 | P7: =IF(OR(M7=0,M7=""),"",ROUND(O7/M7*100,2))
O8: =N8-M8 -> 0 | P8: =IF(OR(M8=0,M8=""),"",ROUND(O8/M8*100,2))
O9: =N9-M9 -> 0 | P9: =IF(OR(M9=0,M9=""),"",ROUND(O9/M9*100,2))
O10: =N10-M10 -> 0 | P10: =IF(OR(M10=0,M10=""),"",ROUND(O10/M10*100,2))
O11: =N11-M11 -> 0 | P11: =IF(OR(M11=0,M11=""),"",ROUND(O11/M11*100,2))
O12: =N12-M12 -> 0 | P12: =IF(OR(M12=0,M12=""),"",ROUND(O12/M12*100,2))
O13: =N13-M13 -> 0 | P13: =IF(OR(M13=0,M13=""),"",ROUND(O13/M13*100,2))
O14: =N14-M14 -> 0 | P14: =IF(OR(M14=0,M14=""),"",ROUND(O14/M14*100,2))
O15: =N15-M15 -> 0 | P15: =IF(OR(M15=0,M15=""),"",ROUND(O15/M15*100,2))
O16: =N16-M16 -> 0 | P16: =IF(OR(M16=0,M16=""),"",ROUND(O16/M16*100,2))
O17: =N17-M17 -> 0 | P17: =IF(OR(M17=0,M17=""),"",ROUND(O17/M17*100,2))
O18: =N18-M18 -> 0 | P18: =IF(OR(M18=0,M18=""),"",ROUND(O18/M18*100,2))
... O21: =N21-M21 -> 0 | P21: =IF(OR(M21=0,M21=""),"",ROUND(O21/M21*100,2))
A24: 小 计 | L24: =SUM(L7:L23) -> 0 | M24: =SUM(M7:M23) -> 0 | N24: =SUM(N7:N23) -> 0 | O24: =N24-M24 -> 0 | P24: =IF(OR(M24=0,M24=""),"",ROUND(O24/M24*100,2))
A25: 减：投资性房地产减值准备 | O25: =N25-M25 -> 0 | P25: =IF(OR(M25=0,M25=""),"",ROUND(O25/M25*100,2))
A26: 合 计 | L26: =L24-ABS(L25) -> 0 | M26: =M24-ABS(M25) -> 0 | N26: =N24-ABS(N25) -> 0 | O26: =N26-M26 -> 0 | P26: =IF(OR(M26=0,M26=""),"",ROUND(O26/M26*100,2))
A27: =封面!B$10&封面!D$10 -> 产权持有单位填表人：杨庆华
A28: =封面!B$12&封面!D$12&封面!E$12&封面!F$12&封面!G$12&封面!H$12&封面!I$12 -> 填表日期：2019年1月24日 | N28: ="评估人员："&封面!$P$22 -> 评估人员：

Sheet 4-5-4投资性地产
A1: 投资性房地产——土地使用权评估明细表
A2: （采用公允价值模式计量）
A3: ='1-汇总表'!A2:F2 -> 评估基准日：2018年12月31日
A5: ='1-汇总表'!A4 -> 产权持有人名称：阳煤集团青岛恒源化工有限公司
A6: 序号 | B6: 土地权证编号 | C6: 宗地名称 | D6: 来源（外购、自建、自用转入、存货转入等） | E6: 土地位置 | F6: 取得日期 | G6: 用地性质 | H6: 土地用途 | I6: 准用年限 | J6: 开发程度 | K6: 面积(m2) | L6: 原始入账价值（转入日公允价值） | M6: 账面价值 | N6: 评估价值 | O6: 增减值 | P6: 增值率% | Q6: 备注
O7: =N7-M7 -> 0 | P7: =IF(OR(M7=0,M7=""),"",ROUND(O7/M7*100,2))
O8: =N8-M8 -> 0 | P8: =IF(OR(M8=0,M8=""),"",ROUND(O8/M8*100,2))
O9: =N9-M9 -> 0 | P9: =IF(OR(M9=0,M9=""),"",ROUND(O9/M9*100,2))
O10: =N10-M10 -> 0 | P10: =IF(OR(M10=0,M10=""),"",ROUND(O10/M10*100,2))
O11: =N11-M11 -> 0 | P11: =IF(OR(M11=0,M11=""),"",ROUND(O11/M11*100,2))
O12: =N12-M12 -> 0 | P12: =IF(OR(M12=0,M12=""),"",ROUND(O12/M12*100,2))
O13: =N13-M13 -> 0 | P13: =IF(OR(M13=0,M13=""),"",ROUND(O13/M13*100,2))
O14: =N14-M14 -> 0 | P14: =IF(OR(M14=0,M14=""),"",ROUND(O14/M14*100,2))
O15: =N15-M15 -> 0 | P15: =IF(OR(M15=0,M15=""),"",ROUND(O15/M15*100,2))
O16: =N16-M16 -> 0 | P16: =IF(OR(M16=0,M16=""),"",ROUND(O16/M16*100,2))
O17: =N17-M17 -> 0 | P17: =IF(OR(M17=0,M17=""),"",ROUND(O17/M17*100,2))
O18: =N18-M18 -> 0 | P18: =IF(OR(M18=0,M18=""),"",ROUND(O18/M18*100,2))
... O21: =N21-M21 -> 0 | P21: =IF(OR(M21=0,M21=""),"",ROUND(O21/M21*100,2))
A27: 合 计 | L27: =SUM(L7:L26) -> 0 | M27: =SUM(M7:M26) -> 0 | N27: =SUM(N7:N26) -> 0 | O27: =N27-M27 -> 0 | P27: =IF(OR(M27=0,M27=""),"",ROUND(O27/M27*100,2))
A28: =封面!B$10&封面!D$10 -> 产权持有单位填表人：杨庆华
A29: =封面!B$12&封面!D$12&封面!E$12&封面!F$12&封面!G$12&封面!H$12&封面!I$12 -> 填表日期：2019年1月24日 | N29: ="评估人员："&封面!$P$22 -> 评估人员：

Sheet 4-6固定资产汇总
A2: 固定资产评估汇总表
A3: ='1-汇总表'!A2:F2 -> 评估基准日：2018年12月31日
H5: 表4-6
A6: ='1-汇总表'!A4 -> 产权持有人名称：阳煤集团青岛恒源化工有限公司 | G6: 金额单位：人民币元
A7: 编号 | B7: 科目名称 | C7: 账面价值 | E7: 评估价值 | G7: 增值额 | I7: 增值率%
C8: 原值 | D8: 净值 | E8: 原值 | F8: 净值 | G8: 原值 | H8: 净值 | I8: 原值 | J8: 净值
B9: 房屋建筑物类合计
A10: 4-6-1 | B10: 固定资产-房屋建筑物
A11: 4-6-2 | B11: 固定资产-构筑物及其他辅助设施
A12: 4-6-3 | B12: 固定资产-管道及沟槽
A13: 4-6-8 | B13: 固定资产-井巷工程
B15: 设备类合计 | C15: =SUM(C16:C19) -> 12566067 | D15: =SUM(D16:D19) -> 2153399.2 | E15: =SUM(E16:E19) -> 1293275.8 | F15: =SUM(F16:F19) -> 1293275.8 | G15: =E15-C15 -> -11272792 | H15: =F15-D15 -> -860123.41 | I15: =G15/C15*100 -> -89.71 | J15: =H15/D15*100 -> -39.94
A16: 4-6-4 | B16: 固定资产-机器设备 | C16: ='4-6-4机器设备'!Q127 -> 11714581 | D16: ='4-6-4机器设备'!R127 -> 2114537.3 | E16: ='4-6-4机器设备'!S127 -> 1286285.8 | F16: ='4-6-4机器设备'!U127 -> 1286285.8 | G16: =E16-C16 -> -10428295 | H16: =F16-D16 -> -828251.53 | I16: =G16/C16*100 -> -89.02 | J16: =H16/D16*100 -> -39.17
A17: 4-6-5 | B17: 固定资产-车辆 | C17: ='4-6-5车辆'!L33 -> 0 | D17: ='4-6-5车辆'!M33 -> 0
A18: 4-6-6 | B18: 固定资产-电子设备 | C18: ='4-6-6电子设备'!N102 -> 851486.27 | D18: ='4-6-6电子设备'!O102 -> 38861.88 | E18: ='4-6-6电子设备'!P102 -> 6990 | F18: ='4-6-6电子设备'!R102 -> 6990 | G18: =E18-C18 -> -844496.27 | H18: =F18-D18 -> -31871.88 | I18: =G18/C18*100 -> -99.18 | J18: =H18/D18*100 -> -82.01
A19: 4-6-7 | B19: 固定资产-其他设备 | C19: ='4-6-7其他设备'!J31 -> 0 | D19: ='4-6-7其他设备'!K31 -> 0
A23: 4-6-8 | B23: 固定资产—土地 | D23: =INDEX('4-6-8土地'!$A$4:$V$10010,MATCH("*合*计*",'4-6-8土地'!$A$4:$A$10010,0),12) -> 0
A26: 固定资产合计 | C26: =C9+C15+C23 -> 12566067 | D26: =D9+D15+D23 -> 2153399.2 | E26: =E9+E15+E23 -> 1293275.8 | F26: =F9+F15+F23 -> 1293275.8 | G26: =E26-C26 -> -11272792 | H26: =F26-D26 -> -860123.41 | I26: =G26/C26*100 -> -89.71 | J26: =H26/D26*100 -> -39.94
A27: 减：固定资产减值准备
A28: 固定资产合计 | C28: =C26-ABS(C27) -> 12566067 | D28: =D26-ABS(D27) -> 2153399.2 | E28: =E26-ABS(E27) -> 1293275.8 | F28: =F26-ABS(F27) -> 1293275.8 | G28: =E28-C28 -> -11272792 | H28: =F28-D28 -> -860123.41 | I28: =G28/C28*100 -> -89.71 | J28: =H28/D28*100 -> -39.94
F30: ="评估人员："&封面!$P$26&封面!$P$24 -> 评估人员：杜沛淼、路艳

Sheet 4-6-2构筑物
A1: 固定资产—构筑物及其他辅助设施评估明细表
A2: ='1-汇总表'!A2:F2 -> 评估基准日：2018年12月31日
A4: ='1-汇总表'!A4 -> 产权持有人名称：阳煤集团青岛恒源化工有限公司
A5: 序号 | B5: 资产编号 | C5: 名称 | D5: 结构 | E5: 建成 年月 | F5: 长度(m) | G5: 宽度(m) | H5: 高度(m) | I5: 计量单位 | J5: 面积体积m2或m3 | K5: 账面价值 | M5: 评估价值 | P5: 增值率% | Q5: 评估单价(元/m2) | R5: 备注 | V5: 前期费及其他费 | Z5: 资金成本 | AC5: 评估原值 | AF5: 成新率 | AO5: 更新改造及重大维修信息 | AR5: 特殊使用环境 | AS5: 特征尺寸 | AY5: 做法 | AZ5: 会计折旧年限
K6: 原值 | L6: 净值 | M6: 原值 | N6: 成新率% | O6: 净值 | U6: 工程造价 | V6: 前期费率 | W6: 其中：建管费率 | X6: 建设单位管理费 | Y6: 前期费 | Z6: 工期 | AA6: 资金成本率 | AB6: 资金成本 | AC6: 扣减增值税 | AD6: 重置全价 | AE6: 评估单价 | AF6: 耐用年限 | AG6: 评估基准日 | AH6: 建成日期 | AI6: 已使用年限 | AJ6: 尚可使用年限 | AK6: 年限成新率 | AL6: 勘查成新率 | AM6: 综合成新率 | AO6: 时间 | AP6: 内容摘要 | AQ6: 信息来源 | AS6: 长度（m） | AT6: 宽度（m） | AU6: 直径（m） | AV6: 高度/深度（m） | AW6: 厚度（㎜） | AX6: 其他 | AZ6: 耐用年限 | BA6: 入账时间 | BB6: 投入使用时间 | BC6: 已提折旧年限
M7: =AD7 -> 0 | N7: =AM7 -> #REF! | O7: =ROUND(M7*N7/100,0) -> #REF! | P7: =IF(OR(L7=0,L7=""),"",ROUND((O7-L7)/L7*100,2)) | Q7: =IF(ISERROR(M7/J7),"",M7/J7) | V7: 0.0677 | W7: 0.025 | X7: =U7*W7 -> 0 | Y7: =ROUND(U7*V7,2) -> 0 | Z7: 2 | AA7: 0.05 | AB7: =ROUND((U7+Y7)*AA7*Z7/2,0) -> 0 | AC7: =U7/1.11*11%+(Y7-X7)/1.06*6% -> 0 | AD7: =ROUND(U7+Y7+AB7,-2) -> 0 | AE7: =AD7/J7 -> #DIV/0! | AF7: 50 | AG7: =#REF! -> #REF! | AH7: =E7 -> 0 | AI7: =DAYS360(AH7,AG7)/360 -> #REF! | AJ7: =AF7-AI7 -> #REF! | AK7: =ROUND(AJ7/AF7*100,0) -> #REF! | AL7: 30 | AM7: =IF(ROUND(AK7*40%+AL7*60%,0)<30,30,ROUND(AK7*40%+AL7*60%,0)) -> #REF!
M8: =AD8 -> 0 | N8: =AM8 -> 0 | O8: =ROUND(M8*N8/100,0) -> 0 | P8: =IF(OR(L8=0,L8=""),"",ROUND((O8-L8)/L8*100,2)) | Q8: =IF(ISERROR(M8/J8),"",M8/J8)
M9: =AD9 -> 0 | N9: =AM9 -> 0 | O9: =ROUND(M9*N9/100,0) -> 0 | P9: =IF(OR(L9=0,L9=""),"",ROUND((O9-L9)/L9*100,2)) | Q9: =IF(ISERROR(M9/J9),"",M9/J9)
M10: =AD10 -> 0 | N10: =AM10 -> 0 | O10: =ROUND(M10*N10/100,0) -> 0 | P10: =IF(OR(L10=0,L10=""),"",ROUND((O10-L10)/L10*100,2)) | Q10: =IF(ISERROR(M10/J10),"",M10/J10)
M11: =AD11 -> 0 | N11: =AM11 -> 0 | O11: =ROUND(M11*N11/100,0) -> 0 | P11: =IF(OR(L11=0,L11=""),"",ROUND((O11-L11)/L11*100,2)) | Q11: =IF(ISERROR(M11/J11),"",M11/J11)
M12: =AD12 -> 0 | N12: =AM12 -> 0 | O12: =ROUND(M12*N12/100,0) -> 0 | P12: =IF(OR(L12=0,L12=""),"",ROUND((O12-L12)/L12*100,2)) | Q12: =IF(ISERROR(M12/J12),"",M12/J12)
M13: =AD13 -> 0 | N13: =AM13 -> 0 | O13: =ROUND(M13*N13/100,0) -> 0 | P13: =IF(OR(L13=0,L13=""),"",ROUND((O13-L13)/L13*100,2)) | Q13: =IF(ISERROR(M13/J13),"",M13/J13)
M14: =AD14 -> 0 | N14: =AM14 -> 0 | O14: =ROUND(M14*N14/100,0) -> 0 | P14: =IF(OR(L14=0,L14=""),"",ROUND((O14-L14)/L14*100,2)) | Q14: =IF(ISERROR(M14/J14),"",M14/J14)
M15: =AD15 -> 0 | N15: =AM15 -> 0 | O15: =ROUND(M15*N15/100,0) -> 0 | P15: =IF(OR(L15=0,L15=""),"",ROUND((O15-L15)/L15*100,2)) | Q15: =IF(ISERROR(M15/J15),"",M15/J15)
M16: =AD16 -> 0 | N16: =AM16 -> 0 | O16: =ROUND(M16*N16/100,0) -> 0 | Q16: =IF(ISERROR(M16/J16),"",M16/J16)
M17: =AD17 -> 0 | N17: =AM17 -> 0 | O17: =ROUND(M17*N17/100,0) -> 0 | Q17: =IF(ISERROR(M17/J17),"",M17/J17)
M18: =AD18 -> 0 | N18: =AM18 -> 0 | O18: =ROUND(M18*N18/100,0) -> 0 | Q18: =IF(ISERROR(M18/J18),"",M18/J18)
M19: =AD19 -> 0 | N19: =AM19 -> 0 | O19: =ROUND(M19*N19/100,0) -> 0 | Q19: =IF(ISERROR(M19/J19),"",M19/J19)
M20: =AD20 -> 0 | N20: =AM20 -> 0 | O20: =ROUND(M20*N20/100,0) -> 0 | Q20: =IF(ISERROR(M20/J20),"",M20/J20)
M21: =AD21 -> 0 | N21: =AM21 -> 0 | O21: =ROUND(M21*N21/100,0) -> 0 | P21: =IF(OR(L21=0,L21=""),"",ROUND((O21-L21)/L21*100,2)) | Q21: =IF(ISERROR(M21/J21),"",M21/J21)
M22: =AD22 -> 0 | N22: =AM22 -> 0 | O22: =ROUND(M22*N22/100,0) -> 0 | P22: =IF(OR(L22=0,L22=""),"",ROUND((O22-L22)/L22*100,2)) | Q22: =IF(ISERROR(M22/J22),"",M22/J22)
M23: =AD23 -> 0 | N23: =AM23 -> 0 | O23: =ROUND(M23*N23/100,0) -> 0 | P23: =IF(OR(L23=0,L23=""),"",ROUND((O23-L23)/L23*100,2)) | Q23: =IF(ISERROR(M23/J23),"",M23/J23)
M24: =AD24 -> 0 | N24: =AM24 -> 0 | O24: =ROUND(M24*N24/100,0) -> 0 | P24: =IF(OR(L24=0,L24=""),"",ROUND((O24-L24)/L24*100,2)) | Q24: =IF(ISERROR(M24/J24),"",M24/J24)
M25: =AD25 -> 0 | N25: =AM25 -> 0 | O25: =ROUND(M25*N25/100,0) -> 0 | P25: =IF(OR(L25=0,L25=""),"",ROUND((O25-L25)/L25*100,2)) | Q25: =IF(ISERROR(M25/J25),"",M25/J25)
M26: =AD26 -> 0 | N26: =AM26 -> 0 | O26: =ROUND(M26*N26/100,0) -> 0 | P26: =IF(OR(L26=0,L26=""),"",ROUND((O26-L26)/L26*100,2)) | Q26: =IF(ISERROR(M26/J26),"",M26/J26)
M27: =AD27 -> 0 | N27: =AM27 -> 0 | O27: =ROUND(M27*N27/100,0) -> 0 | P27: =IF(OR(L27=0,L27=""),"",ROUND((O27-L27)/L27*100,2)) | Q27: =IF(ISERROR(M27/J27),"",M27/J27)
P28: =IF(OR(L28=0,L28=""),"",ROUND((O28-L28)/L28*100,2)) | Q28: =IF(ISERROR(M28/J28),"",M28/J28)
A29: 小 计 | K29: =SUM(K7:K28) -> 0 | L29: =SUM(L7:L28) -> 0 | M29: =SUM(M7:M28) -> 0 | O29: =SUM(O7:O28) -> #REF! | P29: =IF(OR(L29=0,L29=""),"",ROUND((O29-L29)/L29*100,2)) | Q29: =IF(ISERROR(M29/J29),"",M29/J29)
A30: 减：构筑物及其他辅助设施减值准备 | P30: =IF(OR(L30=0,L30=""),"",ROUND((O30-L30)/L30*100,2))
A31: 合 计 | K31: =K29-ABS(K30) -> 0 | L31: =L29-ABS(L30) -> 0 | M31: =M29-ABS(M30) -> 0 | O31: =O29-ABS(O30) -> #REF! | P31: =IF(OR(L31=0,L31=""),"",ROUND((O31-L31)/L31*100,2))
A32: =封面!B$10&封面!D$10 -> 产权持有单位填表人：杨庆华
A33: =封面!B$12&封面!D$12&封面!E$12&封面!F$12&封面!G$12&封面!H$12&封面!I$12 -> 填表日期：2019年1月24日 | O33: ="评估人员："&封面!$P$26 -> 评估人员：

Sheet 4-6-8井巷工程
A1: 固定资产—井巷工程评估明细表
A2: ='1-汇总表'!A2:F2 -> 评估基准日：2018年12月31日
A4: ='1-汇总表'!A4 -> 产权持有人名称：阳煤集团青岛恒源化工有限公司
A5: 序号 | B5: 资产编号 | C5: 井巷工程名称 | D5: 岩石硬度系数 | E5: 支护方式 | F5: 支护厚度(mm) | G5: 轨重(KG/m) | H5: 掘进断面(m2) | I5: 巷道倾角(度) | J5: 巷道长度(M) | K5: 硐室体积(M3) | L5: 竣工年月 | M5: 尚可服务年限 | N5: 账面价值 | P5: 评估价值 | S5: 增值率% | T5: 评估单价(元/m2) | U5: 备注
N6: 原值 | O6: 净值 | P6: 原值 | Q6: 成新率% | R6: 净值
R7: =ROUND(P7*Q7/100,0) -> 0 | S7: =IF(OR(O7=0,O7=""),"",ROUND((R7-O7)/O7*100,2)) | T7: =IF(ISERROR(P7/J7),"",P7/J7)
R8: =ROUND(P8*Q8/100,0) -> 0 | S8: =IF(OR(O8=0,O8=""),"",ROUND((R8-O8)/O8*100,2)) | T8: =IF(ISERROR(P8/J8),"",P8/J8)
R9: =ROUND(P9*Q9/100,0) -> 0 | S9: =IF(OR(O9=0,O9=""),"",ROUND((R9-O9)/O9*100,2)) | T9: =IF(ISERROR(P9/J9),"",P9/J9)
R10: =ROUND(P10*Q10/100,0) -> 0 | S10: =IF(OR(O10=0,O10=""),"",ROUND((R10-O10)/O10*100,2)) | T10: =IF(ISERROR(P10/J10),"",P10/J10)
R11: =ROUND(P11*Q11/100,0) -> 0 | S11: =IF(OR(O11=0,O11=""),"",ROUND((R11-O11)/O11*100,2)) | T11: =IF(ISERROR(P11/J11),"",P11/J11)
R12: =P12 -> 0 | S12: =IF(OR(O12=0,O12=""),"",ROUND((R12-O12)/O12*100,2)) | T12: =IF(ISERROR(P12/J12),"",P12/J12)
R13: =P13 -> 0 | S13: =IF(OR(O13=0,O13=""),"",ROUND((R13-O13)/O13*100,2)) | T13: =IF(ISERROR(P13/J13),"",P13/J13)
R14: =P14 -> 0 | S14: =IF(OR(O14=0,O14=""),"",ROUND((R14-O14)/O14*100,2)) | T14: =IF(ISERROR(P14/J14),"",P14/J14)
R15: =P15 -> 0 | S15: =IF(OR(O15=0,O15=""),"",ROUND((R15-O15)/O15*100,2)) | T15: =IF(ISERROR(P15/J15),"",P15/J15)
R16: =P16 -> 0 | T16: =IF(ISERROR(P16/J16),"",P16/J16)
R17: =P17 -> 0 | T17: =IF(ISERROR(P17/J17),"",P17/J17)
R18: =P18 -> 0 | T18: =IF(ISERROR(P18/J18),"",P18/J18)
R19: =P19 -> 0 | T19: =IF(ISERROR(P19/J19),"",P19/J19)
R20: =P20 -> 0 | T20: =IF(ISERROR(P20/J20),"",P20/J20)
R21: =P21 -> 0 | S21: =IF(OR(O21=0,O21=""),"",ROUND((R21-O21)/O21*100,2)) | T21: =IF(ISERROR(P21/J21),"",P21/J21)
R22: =P22 -> 0 | S22: =IF(OR(O22=0,O22=""),"",ROUND((R22-O22)/O22*100,2)) | T22: =IF(ISERROR(P22/J22),"",P22/J22)
R23: =P23 -> 0 | S23: =IF(OR(O23=0,O23=""),"",ROUND((R23-O23)/O23*100,2)) | T23: =IF(ISERROR(P23/J23),"",P23/J23)
R24: =P24 -> 0 | S24: =IF(OR(O24=0,O24=""),"",ROUND((R24-O24)/O24*100,2)) | T24: =IF(ISERROR(P24/J24),"",P24/J24)
R25: =P25 -> 0 | S25: =IF(OR(O25=0,O25=""),"",ROUND((R25-O25)/O25*100,2)) | T25: =IF(ISERROR(P25/J25),"",P25/J25)
R26: =P26 -> 0 | S26: =IF(OR(O26=0,O26=""),"",ROUND((R26-O26)/O26*100,2)) | T26: =IF(ISERROR(P26/J26),"",P26/J26)
R27: =P27 -> 0 | S27: =IF(OR(O27=0,O27=""),"",ROUND((R27-O27)/O27*100,2)) | T27: =IF(ISERROR(P27/J27),"",P27/J27)
R28: =P28 -> 0 | S28: =IF(OR(O28=0,O28=""),"",ROUND((R28-O28)/O28*100,2)) | T28: =IF(ISERROR(P28/J28),"",P28/J28)
A29: 小 计 | N29: =SUM(N7:N28) -> 0 | O29: =SUM(O7:O28) -> 0 | P29: =SUM(P7:P28) -> 0 | R29: =SUM(R7:R28) -> 0 | S29: =IF(OR(O29=0,O29=""),"",ROUND((R29-O29)/O29*100,2))
A30: 减：井巷工程减值准备 | S30: =IF(OR(O30=0,O30=""),"",ROUND((R30-O30)/O30*100,2))
A31: 合 计 | N31: =N29-ABS(N30) -> 0 | O31: =O29-ABS(O30) -> 0 | P31: =P29-ABS(P30) -> 0 | R31: =R29-ABS(R30) -> 0 | S31: =IF(OR(O31=0,O31=""),"",ROUND((R31-O31)/O31*100,2))
A32: =封面!B$10&封面!D$10 -> 产权持有单位填表人：杨庆华
A33: =封面!B$12&封面!D$12&封面!E$12&封面!F$12&封面!G$12&封面!H$12&封面!I$12 -> 填表日期：2019年1月24日 | R33: ="评估人员："&封面!$P$26 -> 评估人员：

Sheet 4-6-3管道沟槽
A1: 固定资产—管道和沟槽评估明细表
A2: ='1-汇总表'!A2:F2 -> 评估基准日：2018年12月31日
A4: ='1-汇总表'!A4 -> 产权持有人名称：阳煤集团青岛恒源化工有限公司
A5: 序号 | B5: 资产编号 | C5: 名称 | D5: 长度 (m) | E5: 漕深 (m) | F5: 沟宽*沟厚(mm*mm) 管径*壁厚(mm*mm) | G5: 材质 | H5: 绝缘方式 | I5: 敷设方式 | J5: 建成年月 | K5: 账面价值 | M5: 评估价值 | P5: 增值率% | Q5: 备注
K6: 原值 | L6: 净值 | M6: 原值 | N6: 成新率% | O6: 净值
O7: =ROUND(M7*N7/100,0) -> 0 | P7: =IF(OR(L7=0,L7=""),"",ROUND((O7-L7)/L7*100,2))
O8: =ROUND(M8*N8/100,0) -> 0 | P8: =IF(OR(L8=0,L8=""),"",ROUND((O8-L8)/L8*100,2))
O9: =ROUND(M9*N9/100,0) -> 0 | P9: =IF(OR(L9=0,L9=""),"",ROUND((O9-L9)/L9*100,2))
O10: =ROUND(M10*N10/100,0) -> 0 | P10: =IF(OR(L10=0,L10=""),"",ROUND((O10-L10)/L10*100,2))
O11: =ROUND(M11*N11/100,0) -> 0 | P11: =IF(OR(L11=0,L11=""),"",ROUND((O11-L11)/L11*100,2))
O12: =ROUND(M12*N12/100,0) -> 0 | P12: =IF(OR(L12=0,L12=""),"",ROUND((O12-L12)/L12*100,2))
O13: =ROUND(M13*N13/100,0) -> 0 | P13: =IF(OR(L13=0,L13=""),"",ROUND((O13-L13)/L13*100,2))
O14: =ROUND(M14*N14/100,0) -> 0 | P14: =IF(OR(L14=0,L14=""),"",ROUND((O14-L14)/L14*100,2))
O15: =ROUND(M15*N15/100,0) -> 0 | P15: =IF(OR(L15=0,L15=""),"",ROUND((O15-L15)/L15*100,2))
O16: =ROUND(M16*N16/100,0) -> 0 | P16: =IF(OR(L16=0,L16=""),"",ROUND((O16-L16)/L16*100,2))
O17: =ROUND(M17*N17/100,0) -> 0 | P17: =IF(OR(L17=0,L17=""),"",ROUND((O17-L17)/L17*100,2))
O18: =ROUND(M18*N18/100,0) -> 0 | P18: =IF(OR(L18=0,L18=""),"",ROUND((O18-L18)/L18*100,2))
... O21: =ROUND(M21*N21/100,0) -> 0 | P21: =IF(OR(L21=0,L21=""),"",ROUND((O21-L21)/L21*100,2))
O22: =ROUND(M22*N22/100,0) -> 0
O23: =ROUND(M23*N23/100,0) -> 0
O24: =ROUND(M24*N24/100,0) -> 0
A25: 小 计 | K25: =SUM(K7:K24) -> 0 | L25: =SUM(L7:L24) -> 0 | M25: =SUM(M7:M24) -> 0 | O25: =SUM(O7:O24) -> 0 | P25: =IF(OR(L25=0,L25=""),"",ROUND((O25-L25)/L25*100,2))
A26: 减：管道和沟槽减值准备 | O26: =ROUND(M26*N26/100,0) -> 0 | P26: =IF(OR(L26=0,L26=""),"",ROUND((O26-L26)/L26*100,2))
A27: 合 计 | K27: =K25-ABS(K26) -> 0 | L27: =L25-ABS(L26) -> 0 | M27: =M25-ABS(M26) -> 0 | O27: =O25-ABS(O26) -> 0 | P27: =IF(OR(L27=0,L27=""),"",ROUND((O27-L27)/L27*100,2))
A28: =封面!B$10&封面!D$10 -> 产权持有单位填表人：杨庆华
A29: =封面!B$12&封面!D$12&封面!E$12&封面!F$12&封面!G$12&封面!H$12&封面!I$12 -> 填表日期：2019年1月24日 | O29: ="评估人员："&封面!$P$26 -> 评估人员：

Sheet 4-6-4机器设备
A1: 固定资产—机器设备评估明细表
A2: ='1-汇总表'!A2:F2 -> 评估基准日：2018年12月31日
A4: ='1-汇总表'!A4 -> 产权持有人名称：阳煤集团青岛恒源化工有限公司
A5: 序号 | B5: 资产编号 | C5: 设备名称 | D5: 规格型号 | E5: 生产厂家 | F5: 计量单位 | G5: 数量 | H5: 存放地点 | I5: 购置日期 | J5: 启用日期 | K5: 所属系统 | L5: 资产状况（报废、闲置、淘汰） | M5: 回收总量 | P5: 残余重量总重（吨） | Q5: 账面价值 | S5: 评估价值 | V5: 增值率% | W5: 备注
M6: 废钢 | N6: 不锈钢 | O6: 废铜 | Q6: 原值 | R6: 净值 | S6: 原值 | T6: 成新率% | U6: 净值
A7: 1 | B7: 01040100102 | C7: 废酸罐 | D7: 3600*4800 | E7: 阳煤集团青岛恒源化工有限公司 | F7: 台 | G7: 1 | H7: 两钠车间 | I7: 38777 | J7: 38777 | L7: 报废 | M7: 0 | N7: 5.24 | O7: 0 | P7: 5.24 | Q7: 82000 | R7: 11588.89 | S7: 42968 | U7: 42968 | V7: =IF(OR(R7=0,R7=""),"",ROUND((U7-R7)/R7*100,2)) -> 270.77 | Y7: =Q7*5% -> 4100
A8: 2 | B8: 01040100103 | C8: 离心机 | D8: WH-800-A | E8: 广州重型机械厂 | F8: 台 | G8: 1 | H8: 两钠车间 | I8: 38808 | J8: 38808 | L8: 报废 | M8: 0.06 | N8: 3.5 | O8: 0.01 | P8: 3.57 | Q8: 87000 | R8: 12295.52 | S8: 29226.4 | U8: 29226.4 | V8: =IF(OR(R8=0,R8=""),"",ROUND((U8-R8)/R8*100,2)) -> 137.7 | Y8: =Q8*5% -> 4350
A9: 3 | B9: 01040100104 | C9: 离心机 | D9: WH-800 | E9: 湘潭离心机厂 | F9: 台 | G9: 1 | H9: 两钠车间 | I9: 38808 | J9: 38808 | L9: 报废 | M9: 0.13 | N9: 3.5 | O9: 0.01 | P9: 3.64 | Q9: 87000 | R9: 12295.52 | S9: 29376.2 | U9: 29376.2 | V9: =IF(OR(R9=0,R9=""),"",ROUND((U9-R9)/R9*100,2)) -> 138.92 | Y9: =Q9*5% -> 4350
A10: 4 | B10: 01040100105 | C10: 离心机 | D10: WH-800-A | E10: 广州重型机械厂 | F10: 台 | G10: 1 | H10: 两钠车间 | I10: 38808 | J10: 38808 | L10: 报废 | M10: 0.13 | N10: 3.5 | O10: 0.01 | P10: 3.64 | Q10: 90000 | R10: 12719.51 | S10: 29376.2 | U10: 29376.2 | V10: =IF(OR(R10=0,R10=""),"",ROUND((U10-R10)/R10*100,2)) -> 130.95 | Y10: =Q10*5% -> 4500
A11: 5 | B11: 01040100106 | C11: 结晶机 | D11: 1000*3500 | E11: 恒源公司机电厂 | F11: 台 | G11: 1 | H11: 两钠车间 | I11: 38838 | J11: 38838 | L11: 报废 | M11: 0.1 | N11: 0.4 | O11: 0.01 | P11: 0.51 | Q11: 55000 | R11: 7773.04 | S11: 3892 | U11: 3892 | V11: =IF(OR(R11=0,R11=""),"",ROUND((U11-R11)/R11*100,2)) -> -49.93 | Y11: =Q11*5% -> 2750
A12: 6 | B12: 01040100107 | C12: 结晶机 | D12: 800*3000*1 | E12: 恒源公司机电厂 | F12: 台 | G12: 1 | H12: 两钠车间 | I12: 38869 | J12: 38869 | L12: 报废 | M12: 0.06 | N12: 1.65 | O12: 0.01 | P12: 1.72 | Q12: 48000 | R12: 6783.75 | S12: 14056.4 | U12: 14056.4 | V12: =IF(OR(R12=0,R12=""),"",ROUND((U12-R12)/R12*100,2)) -> 107.21 | Y12: =Q12*5% -> 2400
A13: 7 | B13: 01040100108 | C13: 结晶机 | D13: 800*3000*1 | E13: 恒源公司机电厂 | F13: 台 | G13: 1 | H13: 两钠车间 | I13: 38930 | J13: 38930 | L13: 报废 | M13: 0.06 | N13: 1.65 | O13: 0.01 | P13: 1.72 | Q13: 48000 | R13: 6783.75 | S13: 14056.4 | U13: 14056.4 | V13: =IF(OR(R13=0,R13=""),"",ROUND((U13-R13)/R13*100,2)) -> 107.21 | Y13: =Q13*5% -> 2400
A14: 8 | B14: 01040100109 | C14: 一次母液泵 | D14: IS80-65-160 | E14: 日照水泵厂 | F14: 台 | G14: 1 | H14: 两钠车间 | I14: 38718 | J14: 38718 | L14: 报废 | M14: 0.06 | N14: 0.05 | O14: 0.01 | P14: 0.12 | Q14: 3200 | R14: 452.25 | S14: 936.4 | U14: 936.4 | V14: =IF(OR(R14=0,R14=""),"",ROUND((U14-R14)/R14*100,2)) -> 107.05 | Y14: =Q14*5% -> 160
A15: 9 | B15: 01040100110 | C15: 二次母液泵 | D15: IS100-65-25 | E15: 日照水泵厂 | F15: 台 | G15: 1 | H15: 两钠车间 | I15: 39022 | J15: 39022 | L15: 报废 | M15: 0.05 | N15: 0.05 | O15: 0.01 | P15: 0.11 | Q15: 3862 | R15: 545.64 | S15: 915 | U15: 915 | V15: =IF(OR(R15=0,R15=""),"",ROUND((U15-R15)/R15*100,2)) -> 67.69 | Y15: =Q15*5% -> 193.1
A16: 10 | B16: 01040100111 | C16: 硝钠母液泵 | D16: IS100=65-25 | E16: 日照水泵厂 | F16: 台 | G16: 1 | H16: 两钠车间 | I16: 39052 | J16: 39052 | L16: 报废 | M16: 0.05 | N16: 0.05 | O16: 0.01 | P16: 0.11 | Q16: 3862 | R16: 545.64 | S16: 915 | U16: 915 | V16: =IF(OR(R16=0,R16=""),"",ROUND((U16-R16)/R16*100,2)) -> 67.69 | Y16: =Q16*5% -> 193.1
A17: 11 | B17: 01040100112 | C17: 中和液泵 | D17: IS80-65-160 | E17: 日照水泵厂 | F17: 台 | G17: 1 | H17: 两钠车间 | I17: 39052 | J17: 39052 | L17: 报废 | M17: 0.06 | N17: 0.05 | O17: 0.01 | P17: 0.12 | Q17: 3200 | R17: 452.25 | S17: 936.4 | U17: 936.4 | V17: =IF(OR(R17=0,R17=""),"",ROUND((U17-R17)/R17*100,2)) -> 107.05 | Y17: =Q17*5% -> 160
A18: 12 | B18: 01040100113 | C18: 中和液泵 | D18: IS80-65-160 | E18: 日照水泵厂 | F18: 台 | G18: 1 | H18: 两钠车间 | I18: 38353 | J18: 38353 | L18: 报废 | M18: 0.06 | N18: 0.05 | O18: 0.01 | P18: 0.12 | Q18: 3200 | R18: 452.25 | S18: 936.4 | U18: 936.4 | V18: =IF(OR(R18=0,R18=""),"",ROUND((U18-R18)/R18*100,2)) -> 107.05 | Y18: =Q18*5% -> 160
... A35: 29 | B35: 01040100130 | C35: 锅炉供水泵 | D35: 1/2GC5*5 | E35: 益青水泵有限公司 | F35: 台 | G35: 1 | H35: 两钠车间 | I35: 37712 | J35: 37712 | L35: 报废 | M35: 0.12 | N35: 0 | O35: 0.01 | P35: 0.13 | Q35: 5800 | R35: 0 | S35: 654.8 | U35: 654.8 | V35: =IF(OR(R35=0,R35=""),"",ROUND((U35-R35)/R35*100,2)) | Y35: =Q35*5% -> 290
A36: 30 | B36: 01040100131 | C36: 锅炉供水泵 | D36: 1/2GC5*5 | E36: 益青水泵有限公司 | F36: 台 | G36: 1 | H36: 两钠车间 | I36: 37773 | J36: 37773 | L36: 报废 | M36: 0.12 | O36: 0.01 | P36: 0.13 | Q36: 5800 | R36: 0 | S36: 654.8 | U36: 654.8 | V36: =IF(OR(R36=0,R36=""),"",ROUND((U36-R36)/R36*100,2)) | Y36: =Q36*5% -> 290
A37: 31 | B37: 01040100132 | C37: 转化风机 | D37: L52LD | E37: 南通风机 | F37: 台 | G37: 1 | H37: 两钠车间 | I37: 37834 | J37: 37834 | L37: 报废 | M37: 0.16 | N37: 0.2 | O37: 0.01 | P37: 0.37 | Q37: 6800 | R37: 961.03 | S37: 2380.4 | U37: 2380.4 | V37: =IF(OR(R37=0,R37=""),"",ROUND((U37-R37)/R37*100,2)) -> 147.69 | Y37: =Q37*5% -> 340
A38: 32 | B38: 01040100133 | C38: 溶碱泵 | D38: IS80-65-125 | E38: 日照水泵厂 | F38: 台 | G38: 1 | H38: 两钠车间 | I38: 37469 | J38: 37469 | L38: 报废 | M38: 0.05 | N38: 0.05 | O38: 0.01 | P38: 0.11 | Q38: 7800 | R38: 0 | S38: 915 | U38: 915 | V38: =IF(OR(R38=0,R38=""),"",ROUND((U38-R38)/R38*100,2)) | Y38: =Q38*5% -> 390
A39: 33 | B39: 01040100134 | C39: 溶碱泵 | D39: IS80-65-125 | E39: 日照水泵厂 | F39: 台 | G39: 1 | H39: 两钠车间 | I39: 37347 | J39: 37347 | L39: 报废 | M39: 0.04 | N39: 0.05 | O39: 0 | P39: 0.09 | Q39: 7800 | R39: 0 | S39: 495.6 | U39: 495.6 | V39: =IF(OR(R39=0,R39=""),"",ROUND((U39-R39)/R39*100,2)) | Y39: =Q39*5% -> 390
A40: 34 | B40: 01040100135 | C40: 中和液液下泵 | D40: IS80-50-200 | E40: 日照水泵厂 | F40: 台 | G40: 1 | H40: 两钠车间 | I40: 37347 | J40: 37347 | L40: 报废 | M40: 0.02 | N40: 0.05 | O40: 0 | P40: 0.07 | Q40: 6800 | R40: 0 | S40: 452.8 | U40: 452.8 | V40: =IF(OR(R40=0,R40=""),"",ROUND((U40-R40)/R40*100,2)) | Y40: =Q40*5% -> 340
A41: 35 | B41: 01040100136 | C41: 中和液液下泵 | D41: IS80-50-200 | E41: 博山水泵 | F41: 台 | G41: 1 | H41: 两钠车间 | I41: 37377 | J41: 37377 | L41: 报废 | M41: 0.02 | N41: 0.05 | O41: 0 | P41: 0.07 | Q41: 5600 | R41: 0 | S41: 452.8 | U41: 452.8 | V41: =IF(OR(R41=0,R41=""),"",ROUND((U41-R41)/R41*100,2)) | Y41: =Q41*5% -> 280
A42: 36 | B42: 01040100137 | C42: 真空泵 | D42: SZ-3B | E42: 宁波爱发真空技术公司 | F42: 台 | G42: 1 | H42: 两钠车间 | I42: 37377 | J42: 37377 | L42: 报废 | M42: 0.08 | N42: 0 | O42: 0 | P42: 0.08 | Q42: 5600 | R42: 0 | S42: 171.2 | U42: 171.2 | V42: =IF(OR(R42=0,R42=""),"",ROUND((U42-R42)/R42*100,2)) | Y42: =Q42*5% -> 280
A43: 37 | B43: 01040100138 | C43: 风机 | D43: T4-72-13 N | E43: 胶南信昌风机有限公司 | F43: 台 | G43: 1 | H43: 两钠车间 | I43: 37377 | J43: 37377 | L43: 报废 | M43: 0.3 | N43: 0 | O43: 0.01 | P43: 0.31 | Q43: 5600 | R43: 0 | S43: 1040 | U43: 1040 | V43: =IF(OR(R43=0,R43=""),"",ROUND((U43-R43)/R43*100,2)) | Y43: =Q43*5% -> 280
A44: 38 | B44: 01040100139 | C44: 电动葫芦 | D44: CD1D10.5-1 | E44: 北京起重设备厂 | F44: 台 | G44: 1 | H44: 两钠车间 | I44: 37377 | J44: 37377 | L44: 报废 | M44: 0.21 | N44: 0 | O44: 0 | P44: 0.21 | Q44: 5600 | R44: 0 | S44: 449.4 | U44: 449.4 | V44: =IF(OR(R44=0,R44=""),"",ROUND((U44-R44)/R44*100,2)) | Y44: =Q44*5% -> 280
A45: 39 | B45: 01040100140 | C45: 空压机 | D45: LU910-37A | E45: 柳州富达机械有限公司 | F45: 台 | G45: 1 | H45: 两钠车间 | I45: 37408 | J45: 37408 | L45: 报废 | M45: 0.59 | N45: 0.36 | O45: 0.02 | P45: 0.97 | Q45: 15000 | R45: 0 | S45: 5010.6 | U45: 5010.6 | V45: =IF(OR(R45=0,R45=""),"",ROUND((U45-R45)/R45*100,2)) | Y45: =Q45*5% -> 750
A46: 40 | B46: 01040100141 | C46: 空压机 | D46: LU910-37A | E46: 柳州富达机械有限公司 | F46: 台 | G46: 1 | H46: 两钠车间 | I46: 37469 | J46: 37469 | L46: 报废 | M46: 0.59 | N46: 0.36 | O46: 0.02 | P46: 0.97 | Q46: 15000 | R46: 0 | S46: 5010.6 | U46: 5010.6 | V46: =IF(OR(R46=0,R46=""),"",ROUND((U46-R46)/R46*100,2)) | Y46: =Q46*5% -> 750
A47: 41 | B47: 01040100142 | C47: 井用潜水泵 | D47: 200QJ50-78 | E47: 淄博潜水泵 | F47: 台 | G47: 1 | H47: 两钠车间 | I47: 33604 | J47: 33604 | L47: 报废 | M47: 0.05 | N47: 0 | O47: 0 | P47: 0.05 | Q47: 4500 | R47: 635.98 | S47: 107 | U47: 107 | V47: =IF(OR(R47=0,R47=""),"",ROUND((U47-R47)/R47*100,2)) -> -83.18 | Y47: =Q47*5% -> 225
A48: 42 | B48: 01040100143 | C48: 井用潜水泵 | D48: 200QJ50-78 | E48: 淄博潜水泵 | F48: 台 | G48: 1 | H48: 两钠车间 | I48: 33604 | J48: 33604 | L48: 报废 | M48: 0.05 | N48: 0 | O48: 0 | P48: 0.05 | Q48: 4500 | R48: 635.98 | S48: 107 | U48: 107 | V48: =IF(OR(R48=0,R48=""),"",ROUND((U48-R48)/R48*100,2)) -> -83.18 | Y48: =Q48*5% -> 225
... A120: 114 | B120: 01040100215 | C120: 转换吸收塔 | D120: 1000/1600/ | E120: 恒源化工机电厂 | F120: 台 | G120: 1 | H120: 两钠车间 | I120: 37043 | J120: 37043 | L120: 报废 | M120: 0 | N120: 0.56 | O120: 0 | P120: 0.56 | Q120: 12500 | R120: 0 | S120: 4592 | U120: 4592 | V120: =IF(OR(R120=0,R120=""),"",ROUND((U120-R120)/R120*100,2)) | Y120: =Q120*5% -> 625
A121: 115 | B121: 01040100956 | C121: 蒸发器芯子 | E121: 肥城金威机械有限公司 | F121: 台 | G121: 1 | H121: 两钠车间 | I121: 40448 | J121: 40448 | L121: 报废 | M121: 0 | N121: 0.3 | O121: 0 | P121: 0.3 | Q121: 39316.24 | R121: 19748.44 | S121: 2460 | U121: 2460 | V121: =IF(OR(R121=0,R121=""),"",ROUND((U121-R121)/R121*100,2)) -> -87.54 | Y121: =Q121*5% -> 1965.81
V122: =IF(OR(R122=0,R122=""),"",ROUND((U122-R122)/R122*100,2))
V123: =IF(OR(R123=0,R123=""),"",ROUND((U123-R123)/R123*100,2))
V124: =IF(OR(R124=0,R124=""),"",ROUND((U124-R124)/R124*100,2))
A125: 小 计 | P125: =SUM(P7:P124) -> 205.94 | Q125: =SUM(Q7:Q124) -> 11714581 | R125: =SUM(R7:R124) -> 2114537.3 | S125: =SUM(S7:S124) -> 1286285.8 | U125: =SUM(U7:U124) -> 1286285.8 | V125: =IF(OR(R125=0,R125=""),"",ROUND((U125-R125)/R125*100,2)) -> -39.17
A126: 减：机器设备减值准备 | V126: =IF(OR(R126=0,R126=""),"",ROUND((U126-R126)/R126*100,2))
A127: 合 计 | Q127: =Q125-ABS(Q126) -> 11714581 | R127: =R125-ABS(R126) -> 2114537.3 | S127: =S125-ABS(S126) -> 1286285.8 | U127: =U125-ABS(U126) -> 1286285.8 | V127: =IF(OR(R127=0,R127=""),"",ROUND((U127-R127)/R127*100,2)) -> -39.17
A128: =封面!B$10&封面!D$10 -> 产权持有单位填表人：杨庆华
A129: =封面!B$12&封面!D$12&封面!E$12&封面!F$12&封面!G$12&封面!H$12&封面!I$12 -> 填表日期：2019年1月24日 | U129: ="评估人员："&封面!$P$24 -> 评估人员：杜沛淼、路艳

Sheet 4-6-5车辆
A1: 固定资产—车辆评估明细表
A2: ='1-汇总表'!A2:F2 -> 评估基准日：2018年12月31日
A4: ='1-汇总表'!A4 -> 产权持有人名称：阳煤集团青岛恒源化工有限公司
A5: 序号 | B5: 资产编号 | C5: 车辆牌号 | D5: 证载权利人 | E5: 车辆名称 及规格型号 | F5: 生产厂家 | G5: 车辆类型 | H5: 使用性质 | I5: 购置日期 | J5: 启用日期 | K5: 已行驶里程(公里) | L5: 账面价值 | N5: 评估价值 | Q5: 增值率% | R5: 备注
L6: 原值 | M6: 净值 | N6: 原值 | O6: 成新率% | P6: 净值 | T6: 车辆购置费 | U6: 购置税 | V6: 牌照及其它 | W6: 抵扣增值税 | X6: 重置成本 | Y6: 设计里程 | Z6: 已行驶里程 | AA6: 里程成新率 | AB6: 观察法成新率 | AC6: 孰短原则 | AD6: 净值 | AE6: 网址
P7: =ROUND(N7*O7/100,0) -> 0 | Q7: =IF(OR(M7=0,M7=""),"",ROUND((P7-M7)/M7*100,2)) | T7: 90000 | U7: =ROUND(T7/1.17*0.1,2) -> 7692.31 | V7: 500 | W7: =T7/1.17*17% -> 13076.92 | X7: =ROUND((T7+U7+V7-W7),-2) -> 85100 | Y7: 600000 | Z7: =K7 -> 0 | AA7: =(Y7-Z7)/Y7 -> 1 | AB7: 0.6 | AC7: =0.59*100 -> 59 | AE7: http://car.bitauto.com/jingcheng/m102529/baojia/c2202/
P8: =ROUND(N8*O8/100,0) -> 0 | Q8: =IF(OR(M8=0,M8=""),"",ROUND((P8-M8)/M8*100,2))
P9: =ROUND(N9*O9/100,0) -> 0 | Q9: =IF(OR(M9=0,M9=""),"",ROUND((P9-M9)/M9*100,2))
P10: =ROUND(N10*O10/100,0) -> 0 | Q10: =IF(OR(M10=0,M10=""),"",ROUND((P10-M10)/M10*100,2))
P11: =ROUND(N11*O11/100,0) -> 0 | Q11: =IF(OR(M11=0,M11=""),"",ROUND((P11-M11)/M11*100,2))
P12: =ROUND(N12*O12/100,0) -> 0 | Q12: =IF(OR(M12=0,M12=""),"",ROUND((P12-M12)/M12*100,2))
P13: =ROUND(N13*O13/100,0) -> 0 | Q13: =IF(OR(M13=0,M13=""),"",ROUND((P13-M13)/M13*100,2))
P14: =ROUND(N14*O14/100,0) -> 0 | Q14: =IF(OR(M14=0,M14=""),"",ROUND((P14-M14)/M14*100,2))
P15: =ROUND(N15*O15/100,0) -> 0 | Q15: =IF(OR(M15=0,M15=""),"",ROUND((P15-M15)/M15*100,2))
P16: =ROUND(N16*O16/100,0) -> 0 | Q16: =IF(OR(M16=0,M16=""),"",ROUND((P16-M16)/M16*100,2))
P17: =ROUND(N17*O17/100,0) -> 0 | Q17: =IF(OR(M17=0,M17=""),"",ROUND((P17-M17)/M17*100,2))
P18: =ROUND(N18*O18/100,0) -> 0 | Q18: =IF(OR(M18=0,M18=""),"",ROUND((P18-M18)/M18*100,2))
P19: =ROUND(N19*O19/100,0) -> 0 | Q19: =IF(OR(M19=0,M19=""),"",ROUND((P19-M19)/M19*100,2))
... P30: =ROUND(N30*O30/100,0) -> 0 | Q30: =IF(OR(M30=0,M30=""),"",ROUND((P30-M30)/M30*100,2))
A31: 小 计 | L31: =SUM(L7:L30) -> 0 | M31: =SUM(M7:M30) -> 0 | N31: =SUM(N7:N30) -> 0 | P31: =SUM(P7:P30) -> 0 | Q31: =IF(OR(M31=0,M31=""),"",ROUND((P31-M31)/M31*100,2))
A32: 减：车辆减值准备 | Q32: =IF(OR(M32=0,M32=""),"",ROUND((P32-M32)/M32*100,2))
A33: 合 计 | L33: =L31-ABS(L32) -> 0 | M33: =M31-ABS(M32) -> 0 | N33: =N31-ABS(N32) -> 0 | P33: =P31-ABS(P32) -> 0 | Q33: =IF(OR(M33=0,M33=""),"",ROUND((P33-M33)/M33*100,2))
A34: =封面!B$10&封面!D$10 -> 产权持有单位填表人：杨庆华
A35: =封面!B$12&封面!D$12&封面!E$12&封面!F$12&封面!G$12&封面!H$12&封面!I$12 -> 填表日期：2019年1月24日 | P35: ="评估人员："&封面!$P$24 -> 评估人员：杜沛淼、路艳

Sheet 4-6-6电子设备
A1: 固定资产—电子设备评估明细表
A2: ='1-汇总表'!A2:F2 -> 评估基准日：2018年12月31日
A4: ='1-汇总表'!A4 -> 产权持有人名称：阳煤集团青岛恒源化工有限公司
A5: 序号 | B5: 资产编号 | C5: 设备名称 | D5: 规格型号 | E5: 生产厂家 | F5: 计量单位 | G5: 数量 | H5: 购置日期 | I5: 启用日期 | J5: 存放地点 | K5: 资产状况（报废、闲置、淘汰） | L5: 可回收材料（废钢、废铜、其他） | M5: 残余重量总重（吨） | N5: 账面价值 | P5: 评估价值 | S5: 增值率% | T5: 备注
N6: 原值 | O6: 净值 | P6: 原值 | Q6: 成新率% | R6: 净值
A7: 1 | B7: 01030100064 | C7: DCS系统 | D7: JX-300XP | E7: 浙江中控 | F7: 套 | G7: 1 | H7: 40175 | J7: 两钠车间 | K7: 报废 | N7: 88034.19 | O7: 37960.35 | P7: 0 | R7: =P7 -> 0 | S7: =IF(OR(O7=0,O7=""),"",ROUND((R7-O7)/O7*100,2)) -> -100
A8: 2 | B8: 01030100068 | C8: 变速箱 | D8: LXLD5-5 | E8: 青岛市胶南飞超减速机股份有限公 | F8: 台 | G8: 1 | H8: 40448 | J8: 两钠车间 | K8: 报废 | N8: 1794.87 | O8: 901.53 | P8: 0 | R8: =P8 -> 0 | S8: =IF(OR(O8=0,O8=""),"",ROUND((R8-O8)/O8*100,2)) -> -100
A9: 3 | B9: 020200001 | C9: 笔记本电脑 | D9: M830 | F9: 台 | G9: 1 | H9: 39569 | I9: 39569 | K9: 报废 | N9: 7650 | O9: 0 | P9: 100 | R9: =P9 -> 100 | S9: =IF(OR(O9=0,O9=""),"",ROUND((R9-O9)/O9*100,2))
A10: 4 | B10: 020200002 | C10: 空调 | D10: HFR-72LW/27D | F10: 台 | G10: 1 | H10: 39753 | I10: 39753 | K10: 报废 | N10: 5280 | O10: 0 | P10: 100 | R10: =P10 -> 100 | S10: =IF(OR(O10=0,O10=""),"",ROUND((R10-O10)/O10*100,2))
A11: 5 | B11: 020200003 | C11: 传真机 | D11: KFT-4042 | F11: 台 | G11: 1 | H11: 39753 | I11: 39753 | K11: 报废 | N11: 6400 | O11: 0 | P11: 50 | R11: =P11 -> 50 | S11: =IF(OR(O11=0,O11=""),"",ROUND((R11-O11)/O11*100,2))
A12: 6 | B12: 020200004 | C12: 笔记本电脑 | D12: M830 | F12: 台 | G12: 1 | H12: 39753 | I12: 39753 | K12: 报废 | N12: 15530 | O12: 0 | P12: 100 | R12: =P12 -> 100 | S12: =IF(OR(O12=0,O12=""),"",ROUND((R12-O12)/O12*100,2))
A13: 7 | B13: 020200023 | C13: 打印机 | D13: hp1000 | F13: 台 | G13: 1 | H13: 38047 | I13: 38047 | K13: 报废 | N13: 3350 | O13: 0 | P13: 50 | R13: =P13 -> 50 | S13: =IF(OR(O13=0,O13=""),"",ROUND((R13-O13)/O13*100,2))
A14: 8 | B14: 020200024 | C14: 传真机 | D14: KX-FP153CN | F14: 台 | G14: 1 | H14: 38078 | I14: 38078 | K14: 报废 | N14: 2200 | O14: 0 | P14: 50 | R14: =P14 -> 50 | S14: =IF(OR(O14=0,O14=""),"",ROUND((R14-O14)/O14*100,2))
A15: 9 | B15: 020200025 | C15: 海信电脑 | D15: 蓝箭系列 | E15: 海信 | F15: 台 | G15: 1 | H15: 38108 | I15: 38108 | K15: 报废 | N15: 7678 | O15: 0 | P15: 100 | R15: =P15 -> 100 | S15: =IF(OR(O15=0,O15=""),"",ROUND((R15-O15)/O15*100,2))
A16: 10 | B16: 020200026 | C16: 不锈钢电动门 | D16: LDMK-B | F16: 套 | G16: 1 | H16: 38139 | I16: 38139 | K16: 报废 | N16: 21000 | O16: 0 | P16: 500 | R16: =P16 -> 500 | S16: =IF(OR(O16=0,O16=""),"",ROUND((R16-O16)/O16*100,2))
A17: 11 | B17: 020200027 | C17: 空调 | D17: HFR-72LW/27D | F17: 台 | G17: 1 | H17: 38139 | I17: 38139 | K17: 报废 | N17: 10064 | O17: 0 | P17: 100 | R17: =P17 -> 100 | S17: =IF(OR(O17=0,O17=""),"",ROUND((R17-O17)/O17*100,2))
A18: 12 | B18: 020200028 | C18: 海尔空调 | D18: KFR-23GW/Z5 | E18: 海尔 | F18: 台 | G18: 1 | H18: 38169 | I18: 38169 | K18: 报废 | N18: 1350 | O18: 0 | P18: 100 | R18: =P18 -> 100 | S18: =IF(OR(O18=0,O18=""),"",ROUND((R18-O18)/O18*100,2))
A19: 13 | B19: 020200029 | C19: 电脑及打印机 | D19: 联想、三星打印机 | E19: 联想 | F19: 套 | G19: 1 | H19: 38169 | I19: 38169 | K19: 报废 | N19: 4430 | O19: 0 | P19: 100 | R19: =P19 -> 100 | S19: =IF(OR(O19=0,O19=""),"",ROUND((R19-O19)/O19*100,2))
A20: 14 | B20: 020200030 | C20: 电动伸缩门 | D20: LDMK-B | F20: 台 | G20: 1 | H20: 37622 | I20: 37622 | K20: 报废 | N20: 26930 | O20: 0 | P20: 500 | R20: =P20 -> 500 | S20: =IF(OR(O20=0,O20=""),"",ROUND((R20-O20)/O20*100,2))
A21: 15 | B21: 020200031 | C21: 监控器 | D21: SVR-24PRT | F21: 台 | G21: 1 | H21: 37681 | I21: 37681 | K21: 报废 | N21: 41320 | O21: 0 | P21: 0 | R21: =P21 -> 0 | S21: =IF(OR(O21=0,O21=""),"",ROUND((R21-O21)/O21*100,2))
A22: 16 | B22: 020200032 | C22: 微机 | D22: 联想奔月 | E22: 联想 | F22: 台 | G22: 1 | H22: 37712 | I22: 37712 | K22: 报废 | N22: 6915 | O22: 0 | P22: 50 | R22: =P22 -> 50 | S22: =IF(OR(O22=0,O22=""),"",ROUND((R22-O22)/O22*100,2))
A23: 17 | B23: 020200033 | C23: 联网报警器 | D23: FB-H | F23: 套 | G23: 1 | H23: 37742 | I23: 37742 | K23: 报废 | N23: 26911 | O23: 0 | P23: 0 | R23: =P23 -> 0 | S23: =IF(OR(O23=0,O23=""),"",ROUND((R23-O23)/O23*100,2))
A24: 18 | B24: 020200034 | C24: 海信电脑.打印机 | D24: 红箭系列 | E24: 海信 | F24: 套 | G24: 1 | H24: 37742 | I24: 37742 | K24: 报废 | N24: 11390 | O24: 0 | P24: 100 | R24: =P24 -> 100 | S24: =IF(OR(O24=0,O24=""),"",ROUND((R24-O24)/O24*100,2))
A25: 19 | B25: 020200035 | C25: 电脑.打印机 | D25: 联想、HP1000 | F25: 套 | G25: 1 | H25: 37742 | I25: 37742 | K25: 报废 | N25: 8420 | O25: 0 | P25: 100 | R25: =P25 -> 100 | S25: =IF(OR(O25=0,O25=""),"",ROUND((R25-O25)/O25*100,2))
A26: 20 | B26: 020200036 | C26: 计算机 | D26: 联想奔月 | F26: 台 | G26: 1 | H26: 37803 | I26: 37803 | K26: 报废 | N26: 9220 | O26: 0 | P26: 50 | R26: =P26 -> 50 | S26: =IF(OR(O26=0,O26=""),"",ROUND((R26-O26)/O26*100,2))
A27: 21 | B27: 020200037 | C27: 海信服务器 | D27: 商ES5140B | E27: 海信 | F27: 台 | G27: 1 | H27: 37803 | I27: 37803 | K27: 报废 | N27: 17730 | O27: 0 | P27: 0 | R27: =P27 -> 0 | S27: =IF(OR(O27=0,O27=""),"",ROUND((R27-O27)/O27*100,2))
A28: 22 | B28: 020200038 | C28: 海尔空调 | D28: KFR-23GW/Z5 | E28: 海尔 | F28: 台 | G28: 1 | H28: 37834 | I28: 37834 | K28: 报废 | N28: 4000 | O28: 0 | P28: 100 | R28: =P28 -> 100 | S28: =IF(OR(O28=0,O28=""),"",ROUND((R28-O28)/O28*100,2))
A29: 23 | B29: 020200039 | C29: 微机 | D29: 联想奔月 | E29: 联想 | F29: 台 | G29: 1 | H29: 39753 | I29: 39753 | K29: 报废 | N29: 3750 | O29: 0 | P29: 50 | R29: =P29 -> 50 | S29: =IF(OR(O29=0,O29=""),"",ROUND((R29-O29)/O29*100,2))
A30: 24 | B30: 020200040 | C30: 微机 | D30: 联想奔月 | E30: 联想 | F30: 台 | G30: 1 | H30: 39753 | I30: 39753 | K30: 报废 | N30: 3750 | O30: 0 | P30: 50 | R30: =P30 -> 50 | S30: =IF(OR(O30=0,O30=""),"",ROUND((R30-O30)/O30*100,2))
A31: 25 | B31: 020200041 | C31: 微机 | D31: 联想奔月 | E31: 联想 | F31: 台 | G31: 1 | H31: 39753 | I31: 39753 | K31: 报废 | N31: 3750 | O31: 0 | P31: 50 | R31: =P31 -> 50 | S31: =IF(OR(O31=0,O31=""),"",ROUND((R31-O31)/O31*100,2))
A32: 26 | B32: 020200042 | C32: 微机 | D32: 联想奔月 | E32: 联想 | F32: 台 | G32: 1 | H32: 39753 | I32: 39753 | K32: 报废 | N32: 3750 | O32: 0 | P32: 50 | R32: =P32 -> 50 | S32: =IF(OR(O32=0,O32=""),"",ROUND((R32-O32)/O32*100,2))
A33: 27 | B33: 020200043 | C33: 笔记本电脑 | D33: 联想奔月 | E33: 联想 | F33: 台 | G33: 1 | H33: 39753 | I33: 39753 | K33: 报废 | N33: 4600 | O33: 0 | P33: 100 | R33: =P33 -> 100 | S33: =IF(OR(O33=0,O33=""),"",ROUND((R33-O33)/O33*100,2))
A34: 28 | B34: 020200044 | C34: 传真机 | D34: 三星 | E34: 三星 | F34: 台 | G34: 1 | H34: 39753 | I34: 39753 | K34: 报废 | N34: 2026 | O34: 0 | P34: 50 | R34: =P34 -> 50 | S34: =IF(OR(O34=0,O34=""),"",ROUND((R34-O34)/O34*100,2))
A35: 29 | B35: 020200045 | C35: 打印机 | D35: HP1000 | E35: 惠普 | F35: 台 | G35: 1 | H35: 39753 | I35: 39753 | K35: 报废 | N35: 1780 | O35: 0 | P35: 50 | R35: =P35 -> 50 | S35: =IF(OR(O35=0,O35=""),"",ROUND((R35-O35)/O35*100,2))
A36: 30 | B36: 020200046 | C36: 财务软件 | D36: 用友T3 | E36: 用友 | F36: 台 | G36: 1 | H36: 39753 | I36: 39753 | K36: 报废 | N36: 20000 | O36: 0 | P36: 0 | R36: =P36 -> 0 | S36: =IF(OR(O36=0,O36=""),"",ROUND((R36-O36)/O36*100,2))
A37: 31 | B37: 020200047 | C37: 电脑 | D37: 启天M6200 | E37: 联想 | F37: 台 | G37: 1 | H37: 39753 | I37: 39753 | K37: 报废 | N37: 5047.04 | O37: 0 | P37: 50 | R37: =P37 -> 50 | S37: =IF(OR(O37=0,O37=""),"",ROUND((R37-O37)/O37*100,2))
A38: 32 | B38: 020200048 | C38: 电脑 | D38: 启天6200 | E38: 联想 | F38: 台 | G38: 1 | H38: 39753 | I38: 39753 | K38: 报废 | N38: 5046.95 | O38: 0 | P38: 50 | R38: =P38 -> 50 | S38: =IF(OR(O38=0,O38=""),"",ROUND((R38-O38)/O38*100,2))
... A54: 48 | B54: 020200065 | C54: 空调 | D54: 海尔 | E54: 海尔 | F54: 台 | G54: 1 | H54: 39873 | I54: 39873 | K54: 报废 | N54: 4017.09 | O54: 0 | P54: 100 | R54: =P54 -> 100 | S54: =IF(OR(O54=0,O54=""),"",ROUND((R54-O54)/O54*100,2))
A55: 49 | B55: 020100004 | C55: 文件橱 | F55: 台 | G55: 1 | H55: 39904 | I55: 39904 | K55: 报废 | N55: 1131.2 | O55: 0 | P55: 20 | R55: =P55 -> 20 | S55: =IF(OR(O55=0,O55=""),"",ROUND((R55-O55)/O55*100,2))
A56: 50 | B56: 020200066 | C56: 打印机 | D56: HP1000 | E56: 惠普 | F56: 台 | G56: 1 | H56: 39904 | I56: 39904 | K56: 报废 | N56: 2795 | O56: 0 | P56: 50 | R56: =P56 -> 50 | S56: =IF(OR(O56=0,O56=""),"",ROUND((R56-O56)/O56*100,2))
A57: 51 | B57: 020100005 | C57: 文件橱 | F57: 台 | G57: 1 | H57: 39904 | I57: 39904 | K57: 报废 | N57: 4080 | O57: 0 | P57: 20 | R57: =P57 -> 20 | S57: =IF(OR(O57=0,O57=""),"",ROUND((R57-O57)/O57*100,2))
A58: 52 | B58: 020100006 | C58: 热水器 | F58: 台 | G58: 1 | H58: 39904 | I58: 39904 | K58: 报废 | N58: 2600 | O58: 0 | P58: 20 | R58: =P58 -> 20 | S58: =IF(OR(O58=0,O58=""),"",ROUND((R58-O58)/O58*100,2))
A59: 53 | B59: 020200067 | C59: 传真机 | F59: 台 | G59: 1 | H59: 39964 | I59: 39964 | K59: 报废 | N59: 1710 | O59: 0 | P59: 50 | R59: =P59 -> 50 | S59: =IF(OR(O59=0,O59=""),"",ROUND((R59-O59)/O59*100,2))
A60: 54 | B60: 020200068 | C60: 传真机 | F60: 台 | G60: 1 | H60: 39964 | I60: 39964 | K60: 报废 | N60: 3042.74 | O60: 0 | P60: 50 | R60: =P60 -> 50 | S60: =IF(OR(O60=0,O60=""),"",ROUND((R60-O60)/O60*100,2))
A61: 55 | B61: 020200069 | C61: 电视机 | F61: 台 | G61: 1 | H61: 39964 | I61: 39964 | K61: 报废 | N61: 6600 | O61: 0 | P61: 30 | R61: =P61 -> 30 | S61: =IF(OR(O61=0,O61=""),"",ROUND((R61-O61)/O61*100,2))
A62: 56 | B62: 020200070 | C62: 格力空调 | D62: KER-32GW/ | E62: 格力 | F62: 台 | G62: 1 | H62: 40024 | I62: 40024 | K62: 报废 | N62: 1794.87 | O62: 0 | P62: 100 | R62: =P62 -> 100 | S62: =IF(OR(O62=0,O62=""),"",ROUND((R62-O62)/O62*100,2))
A63: 57 | B63: 020100007 | C63: 电动伸缩门 | F63: 套 | G63: 3 | H63: 40086 | I63: 40086 | K63: 报废 | N63: 70820.52 | O63: 0 | P63: 1500 | R63: =P63 -> 1500 | S63: =IF(OR(O63=0,O63=""),"",ROUND((R63-O63)/O63*100,2))
A64: 58 | B64: 020200071 | C64: 电视 | D64: TLM32V88 | F64: 台 | G64: 1 | H64: 40086 | I64: 40086 | K64: 报废 | N64: 3500 | O64: 0 | P64: 30 | R64: =P64 -> 30 | S64: =IF(OR(O64=0,O64=""),"",ROUND((R64-O64)/O64*100,2))
A65: 59 | B65: 020200072 | C65: 打印机 | D65: HP1000 | E65: 惠普 | F65: 台 | G65: 1 | H65: 40086 | I65: 40086 | K65: 报废 | N65: 3888.89 | O65: 0 | P65: 50 | R65: =P65 -> 50 | S65: =IF(OR(O65=0,O65=""),"",ROUND((R65-O65)/O65*100,2))
A66: 60 | B66: 020200073 | C66: 用友财务软件 | D66: T3标准版 | E66: 用友 | F66: 台 | G66: 1 | H66: 40086 | I66: 40086 | K66: 报废 | N66: 17094.02 | O66: 0 | P66: 0 | R66: =P66 -> 0 | S66: =IF(OR(O66=0,O66=""),"",ROUND((R66-O66)/O66*100,2))
A67: 61 | B67: 020200074 | C67: 空调 | D67: 格力KFR-5 | E67: 格力 | F67: 台 | G67: 1 | H67: 40086 | I67: 40086 | K67: 报废 | N67: 4000 | O67: 0 | P67: 100 | R67: =P67 -> 100 | S67: =IF(OR(O67=0,O67=""),"",ROUND((R67-O67)/O67*100,2))
A68: 62 | B68: 020100008 | C68: 电开水器 | D68: 15KW | F68: 台 | G68: 1 | H68: 40143 | I68: 40143 | K68: 报废 | N68: 7240 | O68: 0 | P68: 20 | R68: =P68 -> 20 | S68: =IF(OR(O68=0,O68=""),"",ROUND((R68-O68)/O68*100,2))
A69: 63 | B69: 020100009 | C69: 电开水器 | D69: 15KW | F69: 台 | G69: 1 | H69: 40143 | I69: 40143 | K69: 报废 | N69: 7240 | O69: 0 | P69: 20 | R69: =P69 -> 20 | S69: =IF(OR(O69=0,O69=""),"",ROUND((R69-O69)/O69*100,2))
A70: 64 | B70: 020100010 | C70: 网络监控系统 | F70: 台 | G70: 1 | H70: 40145 | I70: 40145 | K70: 报废 | N70: 114529.92 | O70: 0 | P70: 0 | R70: =P70 -> 0 | S70: =IF(OR(O70=0,O70=""),"",ROUND((R70-O70)/O70*100,2))
A71: 65 | B71: 020200101 | C71: 沁园自动净水机 | F71: 台 | G71: 1 | H71: 40632 | I71: 40632 | K71: 报废 | N71: 1680 | O71: 0 | P71: 0 | R71: =P71 -> 0 | S71: =IF(OR(O71=0,O71=""),"",ROUND((R71-O71)/O71*100,2))
A72: 66 | B72: 020200106 | C72: 视频监控系统 | F72: 套 | G72: 1 | H72: 41333 | I72: 41333 | K72: 报废 | N72: 35510 | O72: 0 | P72: 0 | R72: =P72 -> 0 | S72: =IF(OR(O72=0,O72=""),"",ROUND((R72-O72)/O72*100,2))
A73: 67 | B73: 020200107 | C73: 电脑 | D73: iphone5 | F73: 台 | G73: 1 | H73: 41606 | I73: 41606 | K73: 报废 | N73: 6837.61 | O73: 0 | P73: 100 | R73: =P73 -> 100 | S73: =IF(OR(O73=0,O73=""),"",ROUND((R73-O73)/O73*100,2))
A74: 68 | B74: 020200108 | C74: 视频监控系统 | F74: 套 | G74: 1 | H74: 41638 | I74: 41638 | K74: 报废 | N74: 48069.57 | O74: 0 | P74: 0 | R74: =P74 -> 0 | S74: =IF(OR(O74=0,O74=""),"",ROUND((R74-O74)/O74*100,2))
A75: 69 | B75: 020200115 | C75: 投影仪 | F75: 台 | G75: 1 | H75: 42035 | I75: 42035 | K75: 报废 | N75: 2307.69 | O75: 0 | P75: 0 | R75: =P75 -> 0 | S75: =IF(OR(O75=0,O75=""),"",ROUND((R75-O75)/O75*100,2))
A76: 70 | B76: 020200116 | C76: 海尔冰箱 | D76: BCD-206STPA | E76: 海尔 | F76: 台 | G76: 1 | H76: 42035 | I76: 42035 | K76: 报废 | N76: 1700 | O76: 0 | P76: 150 | R76: =P76 -> 150 | S76: =IF(OR(O76=0,O76=""),"",ROUND((R76-O76)/O76*100,2))
A77: 71 | B77: 020200117 | C77: 联想笔记本电脑 | E77: 联想 | F77: 台 | G77: 1 | H77: 42035 | I77: 42035 | K77: 报废 | N77: 3376.07 | O77: 0 | P77: 100 | R77: =P77 -> 100 | S77: =IF(OR(O77=0,O77=""),"",ROUND((R77-O77)/O77*100,2))
A78: 72 | B78: 020200118 | C78: 联想笔记本电脑 | E78: 联想 | F78: 台 | G78: 1 | H78: 42035 | I78: 42035 | K78: 报废 | N78: 3376.07 | O78: 0 | P78: 100 | R78: =P78 -> 100 | S78: =IF(OR(O78=0,O78=""),"",ROUND((R78-O78)/O78*100,2))
A79: 73 | B79: 020200119 | C79: 联想笔记本电脑 | E79: 联想 | F79: 台 | G79: 1 | H79: 42035 | I79: 42035 | K79: 报废 | N79: 3376.07 | O79: 0 | P79: 100 | R79: =P79 -> 100 | S79: =IF(OR(O79=0,O79=""),"",ROUND((R79-O79)/O79*100,2))
A80: 74 | B80: 020200120 | C80: 联想笔记本电脑 | E80: 联想 | F80: 台 | G80: 1 | H80: 42035 | I80: 42035 | K80: 报废 | N80: 3376.07 | O80: 0 | P80: 100 | R80: =P80 -> 100 | S80: =IF(OR(O80=0,O80=""),"",ROUND((R80-O80)/O80*100,2))
A81: 75 | B81: 020200121 | C81: 联想笔记本电脑 | E81: 联想 | F81: 台 | G81: 1 | H81: 42035 | I81: 42035 | K81: 报废 | N81: 3376.07 | O81: 0 | P81: 100 | R81: =P81 -> 100 | S81: =IF(OR(O81=0,O81=""),"",ROUND((R81-O81)/O81*100,2))
A82: 76 | B82: 020200122 | C82: 联想笔记本电脑 | E82: 联想 | F82: 台 | G82: 1 | H82: 42035 | I82: 42035 | K82: 报废 | N82: 3376.07 | O82: 0 | P82: 100 | R82: =P82 -> 100 | S82: =IF(OR(O82=0,O82=""),"",ROUND((R82-O82)/O82*100,2))
A83: 77 | B83: 020200123 | C83: 联想电脑 | F83: 台 | G83: 1 | H83: 42063 | I83: 42063 | K83: 报废 | N83: 3675.21 | O83: 0 | P83: 100 | R83: =P83 -> 100 | S83: =IF(OR(O83=0,O83=""),"",ROUND((R83-O83)/O83*100,2))
A84: 78 | B84: 020200124 | C84: 笔记本电脑 | F84: 台 | G84: 1 | H84: 42063 | I84: 42063 | K84: 报废 | N84: 12109.4 | O84: 0 | P84: 100 | R84: =P84 -> 100 | S84: =IF(OR(O84=0,O84=""),"",ROUND((R84-O84)/O84*100,2))
A85: 79 | B85: 020200125 | C85: 打印机 | F85: 台 | G85: 1 | H85: 42094 | I85: 42094 | K85: 报废 | N85: 1179.49 | O85: 0 | P85: 50 | R85: =P85 -> 50 | S85: =IF(OR(O85=0,O85=""),"",ROUND((R85-O85)/O85*100,2))
A86: 80 | B86: 020200126 | C86: 海尔冰箱 | D86: BCD-206STPA | E86: 海尔 | F86: 台 | G86: 1 | H86: 42094 | I86: 42094 | K86: 报废 | N86: 1600 | O86: 0 | P86: 150 | R86: =P86 -> 150 | S86: =IF(OR(O86=0,O86=""),"",ROUND((R86-O86)/O86*100,2))
A87: 81 | B87: 020200127 | C87: 海尔洗衣机 | D87: XPB65-1186AM | E87: 海尔 | F87: 台 | G87: 1 | H87: 42094 | I87: 42094 | K87: 报废 | N87: 600 | O87: 0 | P87: 80 | R87: =P87 -> 80 | S87: =IF(OR(O87=0,O87=""),"",ROUND((R87-O87)/O87*100,2))
A88: 82 | B88: 020200129 | C88: 对讲机 | F88: 套 | G88: 1 | H88: 42303 | I88: 42303 | K88: 报废 | N88: 2769.23 | O88: 0 | P88: 0 | R88: =P88 -> 0 | S88: =IF(OR(O88=0,O88=""),"",ROUND((R88-O88)/O88*100,2))
A100: 小 计 | N100: =SUM(N7:N99) -> 851486.27 | O100: =SUM(O7:O99) -> 38861.88 | P100: =SUM(P7:P99) -> 6990 | R100: =SUM(R7:R99) -> 6990 | S100: =IF(OR(O100=0,O100=""),"",ROUND((R100-O100)/O100*100,2)) -> -82.01
A101: 减：电子设备减值准备 | S101: =IF(OR(O101=0,O101=""),"",ROUND((R101-O101)/O101*100,2))
A102: 合 计 | N102: =N100-ABS(N101) -> 851486.27 | O102: =O100-ABS(O101) -> 38861.88 | P102: =P100-ABS(P101) -> 6990 | R102: =R100-ABS(R101) -> 6990 | S102: =IF(OR(O102=0,O102=""),"",ROUND((R102-O102)/O102*100,2)) -> -82.01
A103: =封面!B$10&封面!D$10 -> 产权持有单位填表人：杨庆华
A104: =封面!B$12&封面!D$12&封面!E$12&封面!F$12&封面!G$12&封面!H$12&封面!I$12 -> 填表日期：2019年1月24日 | R104: ="评估人员："&封面!$P$24 -> 评估人员：杜沛淼、路艳

Sheet 4-6-7其他设备
A1: 固定资产—其他设备评估明细表
A2: ='1-汇总表'!A2:F2 -> 评估基准日：2018年12月31日
A4: ='1-汇总表'!A4 -> 产权持有人名称：阳煤集团青岛恒源化工有限公司
A5: 序号 | B5: 资产编号 | C5: 设备名称 | D5: 规格型号 | E5: 生产厂家 | F5: 计量单位 | G5: 数量 | H5: 购置日期 | I5: 启用日期 | J5: 账面价值 | L5: 评估价值 | O5: 增值率% | P5: 备注
J6: 原值 | K6: 净值 | L6: 原值 | M6: 成新率% | N6: 净值 | R6: 评估单价 | S6: 耐用年限 | T6: 评估基准日 | U6: 已使用年限 | V6: 利用率 | W6: 实际已使用 | X6: 尚可使用 | Y6: 年限成新率
N7: =ROUND(L7*M7/100,0) -> 0 | O7: =IF(OR(K7=0,K7=""),"",ROUND((N7-K7)/K7*100,2)) | S7: 6 | T7: =#REF! -> #REF! | U7: =ROUND((T7-H7)/360,2) -> #REF! | V7: 1 | W7: =U7*V7 -> #REF! | X7: =S7-U7 -> #REF! | Y7: =IF(ROUND(X7/(X7+W7)*100,0)<15,15,ROUND(X7/(X7+W7)*100,0)) -> #REF!
N8: =ROUND(L8*M8/100,0) -> 0 | O8: =IF(OR(K8=0,K8=""),"",ROUND((N8-K8)/K8*100,2))
N9: =ROUND(L9*M9/100,0) -> 0 | O9: =IF(OR(K9=0,K9=""),"",ROUND((N9-K9)/K9*100,2))
N10: =ROUND(L10*M10/100,0) -> 0 | O10: =IF(OR(K10=0,K10=""),"",ROUND((N10-K10)/K10*100,2))
N11: =ROUND(L11*M11/100,0) -> 0 | O11: =IF(OR(K11=0,K11=""),"",ROUND((N11-K11)/K11*100,2))
N12: =ROUND(L12*M12/100,0) -> 0 | O12: =IF(OR(K12=0,K12=""),"",ROUND((N12-K12)/K12*100,2))
N13: =ROUND(L13*M13/100,0) -> 0 | O13: =IF(OR(K13=0,K13=""),"",ROUND((N13-K13)/K13*100,2))
N14: =ROUND(L14*M14/100,0) -> 0 | O14: =IF(OR(K14=0,K14=""),"",ROUND((N14-K14)/K14*100,2))
N15: =ROUND(L15*M15/100,0) -> 0 | O15: =IF(OR(K15=0,K15=""),"",ROUND((N15-K15)/K15*100,2))
N16: =ROUND(L16*M16/100,0) -> 0 | O16: =IF(OR(K16=0,K16=""),"",ROUND((N16-K16)/K16*100,2))
N17: =ROUND(L17*M17/100,0) -> 0 | O17: =IF(OR(K17=0,K17=""),"",ROUND((N17-K17)/K17*100,2))
N18: =ROUND(L18*M18/100,0) -> 0 | O18: =IF(OR(K18=0,K18=""),"",ROUND((N18-K18)/K18*100,2))
N19: =ROUND(L19*M19/100,0) -> 0 | O19: =IF(OR(K19=0,K19=""),"",ROUND((N19-K19)/K19*100,2))
... N28: =ROUND(L28*M28/100,0) -> 0 | O28: =IF(OR(K28=0,K28=""),"",ROUND((N28-K28)/K28*100,2))
A29: 小 计 | J29: =SUM(J7:J28) -> 0 | K29: =SUM(K7:K28) -> 0 | L29: =SUM(L7:L28) -> 0 | N29: =SUM(N7:N28) -> 0 | O29: =IF(OR(K29=0,K29=""),"",ROUND((N29-K29)/K29*100,2))
A30: 减：其他设备减值准备 | O30: =IF(OR(K30=0,K30=""),"",ROUND((N30-K30)/K30*100,2))
A31: 合 计 | J31: =J29-ABS(J30) -> 0 | K31: =K29-ABS(K30) -> 0 | L31: =L29-ABS(L30) -> 0 | N31: =N29-ABS(N30) -> 0 | O31: =IF(OR(K31=0,K31=""),"",ROUND((N31-K31)/K31*100,2))
A32: =封面!B$10&封面!D$10 -> 产权持有单位填表人：杨庆华
A33: =封面!B$12&封面!D$12&封面!E$12&封面!F$12&封面!G$12&封面!H$12&封面!I$12 -> 填表日期：2019年1月24日 | N33: ="评估人员："&封面!$P$24 -> 评估人员：杜沛淼、路艳

Sheet 4-6-8土地
A1: 固定资产—土地评估明细表
A2: ='1-汇总表'!A2:F2 -> 评估基准日：2018年12月31日
A4: ='1-汇总表'!A4 -> 产权持有人名称：阳煤集团青岛恒源化工有限公司
A5: 序号 | B5: 土地权证编号 | C5: 宗地名称 | D5: 土地位置 | E5: 取得日期 | F5: 用地性质 | G5: 土地用途 | H5: 准用年限 | I5: 开发程度 | J5: 面积(m2) | K5: 原始入账价值 | L5: 账面价值 | M5: 评估价值 | N5: 增减值 | O5: 增值率% | P5: 备注
N7: =M7-L7 -> 0 | O7: =IF(OR(L7=0,L7=""),"",ROUND(N7/L7*100,2))
N8: =M8-L8 -> 0 | O8: =IF(OR(L8=0,L8=""),"",ROUND(N8/L8*100,2))
N9: =M9-L9 -> 0 | O9: =IF(OR(L9=0,L9=""),"",ROUND(N9/L9*100,2))
N10: =M10-L10 -> 0 | O10: =IF(OR(L10=0,L10=""),"",ROUND(N10/L10*100,2))
N11: =M11-L11 -> 0 | O11: =IF(OR(L11=0,L11=""),"",ROUND(N11/L11*100,2))
N12: =M12-L12 -> 0 | O12: =IF(OR(L12=0,L12=""),"",ROUND(N12/L12*100,2))
N13: =M13-L13 -> 0 | O13: =IF(OR(L13=0,L13=""),"",ROUND(N13/L13*100,2))
N17: =M17-L17 -> 0 | O17: =IF(OR(L17=0,L17=""),"",ROUND(N17/L17*100,2))
N18: =M18-L18 -> 0 | O18: =IF(OR(L18=0,L18=""),"",ROUND(N18/L18*100,2))
N19: =M19-L19 -> 0 | O19: =IF(OR(L19=0,L19=""),"",ROUND(N19/L19*100,2))
N20: =M20-L20 -> 0 | O20: =IF(OR(L20=0,L20=""),"",ROUND(N20/L20*100,2))
N21: =M21-L21 -> 0 | O21: =IF(OR(L21=0,L21=""),"",ROUND(N21/L21*100,2))
... N23: =M23-L23 -> 0 | O23: =IF(OR(L23=0,L23=""),"",ROUND(N23/L23*100,2))
A28: 合计 | K28: =SUM(K7:K27) -> 0 | L28: =SUM(L7:L27) -> 0 | M28: =SUM(M7:M27) -> 0 | N28: =M28-L28 -> 0 | O28: =IF(OR(L28=0,L28=""),"",ROUND(N28/L28*100,2))
A29: =封面!B$10&封面!D$10 -> 产权持有单位填表人：杨庆华
A30: =封面!B$12&封面!D$12&封面!E$12&封面!F$12&封面!G$12&封面!H$12&封面!I$12 -> 填表日期：2019年1月24日 | M30: ="评估人员："&封面!$P$26 -> 评估人员：

Sheet 4-7在建工程汇总
A1: 在建工程评估汇总表
A2: ='1-汇总表'!A2:F2 -> 评估基准日：2018年12月31日
A4: ='1-汇总表'!A4 -> 产权持有人名称：阳煤集团青岛恒源化工有限公司
A5: 编号 | B5: 科目名称 | C5: 账面价值 | D5: 评估价值 | E5: 增减值 | F5: 增值率%
A6: 4-7-1 | B6: 在建工程—土建工程 | C6: ='4-7-1在建（土建）'!P28 -> 0 | D6: ='4-7-1在建（土建）'!Q28 -> 0 | E6: =D6-C6 -> 0 | F6: =IF(OR(C6=0,C6=""),"",ROUND(E6/C6*100,2))
A7: 4-7-2 | B7: 在建工程—设备安装工程 | C7: ='4-7-2在建（设备）'!S570 -> 54259159 | D7: ='4-7-2在建（设备）'!V570 -> 8188983.2 | E7: =D7-C7 -> -46070176 | F7: =IF(OR(C7=0,C7=""),"",ROUND(E7/C7*100,2)) -> -84.91
A26: 在建工程合计 | C26: =C6+C7 -> 54259159 | D26: =D6+D7 -> 8188983.2 | E26: =D26-C26 -> -46070176 | F26: =IF(OR(C26=0,C26=""),"",ROUND(E26/C26*100,2)) -> -84.91
A27: 减：在建工程减值准备 | C27: ='4-7-1在建（土建）'!P27+'4-7-2在建（设备）'!S569 -> 10356525 | E27: =D27-C27 -> -10356525 | F27: =IF(OR(C27=0,C27=""),"",ROUND(E27/C27*100,2)) -> -100
A28: 在建工程合计 | C28: =C26-C27 -> 43902635 | D28: =D26-D27 -> 8188983.2 | E28: =D28-C28 -> -35713651 | F28: =IF(OR(C28=0,C28=""),"",ROUND(E28/C28*100,2)) -> -81.35
D30: ="评估人员："&封面!$P$26 -> 评估人员：

Sheet 4-7-1在建（土建）
A1: 在建工程—土建工程评估明细表
A2: ='1-汇总表'!A2:F2 -> 评估基准日：2018年12月31日
A4: ='1-汇总表'!A4 -> 产权持有人名称：阳煤集团青岛恒源化工有限公司
A5: 序号 | B5: 土地证编号 | C5: 宗地性质 | D5: 项目名称 | E5: 结构 | F5: 建筑面积/容积 | G5: 开工日期 | H5: 预计完工日期 | I5: 工程总概算数（元） | J5: 其中：土建工程概算数（元） | K5: 建设用地规划许可证编号 | L5: 建设工程规划许可证编号 | M5: 建设工程施工许可证编号 | N5: 形象进度 | O5: 付款比例 | P5: 账面价值 | Q5: 评估价值 | R5: 增减值 | S5: 增值率% | T5: 备注
R6: =Q6-P6 -> 0 | S6: =IF(OR(P6=0,P6=""),"",ROUND(R6/P6*100,2))
R7: =Q7-P7 -> 0 | S7: =IF(OR(P7=0,P7=""),"",ROUND(R7/P7*100,2))
R8: =Q8-P8 -> 0 | S8: =IF(OR(P8=0,P8=""),"",ROUND(R8/P8*100,2))
R9: =Q9-P9 -> 0 | S9: =IF(OR(P9=0,P9=""),"",ROUND(R9/P9*100,2))
R10: =Q10-P10 -> 0 | S10: =IF(OR(P10=0,P10=""),"",ROUND(R10/P10*100,2))
R11: =Q11-P11 -> 0 | S11: =IF(OR(P11=0,P11=""),"",ROUND(R11/P11*100,2))
R12: =Q12-P12 -> 0 | S12: =IF(OR(P12=0,P12=""),"",ROUND(R12/P12*100,2))
R13: =Q13-P13 -> 0 | S13: =IF(OR(P13=0,P13=""),"",ROUND(R13/P13*100,2))
R14: =Q14-P14 -> 0 | S14: =IF(OR(P14=0,P14=""),"",ROUND(R14/P14*100,2))
R16: =Q16-P16 -> 0 | S16: =IF(OR(P16=0,P16=""),"",ROUND(R16/P16*100,2))
R17: =Q17-P17 -> 0 | S17: =IF(OR(P17=0,P17=""),"",ROUND(R17/P17*100,2))
R18: =Q18-P18 -> 0 | S18: =IF(OR(P18=0,P18=""),"",ROUND(R18/P18*100,2))
... R23: =Q23-P23 -> 0 | S23: =IF(OR(P23=0,P23=""),"",ROUND(R23/P23*100,2))
A26: 小 计 | P26: =SUM(P6:P25) -> 0 | Q26: =SUM(Q6:Q25) -> 0 | R26: =Q26-P26 -> 0 | S26: =IF(OR(P26=0,P26=""),"",ROUND(R26/P26*100,2))
A27: 减：在建土建工程减值准备 | R27: =Q27-P27 -> 0 | S27: =IF(OR(P27=0,P27=""),"",ROUND(R27/P27*100,2))
A28: 合 计 | P28: =P26-ABS(P27) -> 0 | Q28: =Q26-ABS(Q27) -> 0 | R28: =Q28-P28 -> 0 | S28: =IF(OR(P28=0,P28=""),"",ROUND(R28/P28*100,2))
A29: =封面!B$10&封面!D$10 -> 产权持有单位填表人：杨庆华
A30: =封面!B$12&封面!D$12&封面!E$12&封面!F$12&封面!G$12&封面!H$12&封面!I$12 -> 填表日期：2019年1月24日 | Q30: ="评估人员："&封面!$P$26 -> 评估人员：

Sheet 4-7-2在建（设备）
A1: 在建工程—设备安装工程评估明细表
A2: ='1-汇总表'!A2:F2 -> 评估基准日：2018年12月31日
A4: ='1-汇总表'!A4 -> 产权持有人名称：阳煤集团青岛恒源化工有限公司
A5: 序号 | B5: 项目名称 | C5: 规格型号 | D5: 生产厂家 | E5: 数量 | F5: 计量单位 | G5: 设备购置日期 | H5: 预计完 工日期 | I5: 所属系统 | J5: 资产状态（报废、闲置、淘汰） | K5: 回收总量 | Q5: 残余重量总重（吨） | R5: 账面价值 | T5: 评估价值 | W5: 增减值 | X5: 增值率% | Y5: 备注
K6: 废钢 | L6: 不锈钢 | M6: 废铜 | N6: 铝 | O6: 其他材料 | P6: 硅铁 | R6: 原值 | S6: 净值 | T6: 原值 | U6: 成新率% | V6: 净值
A7: 1 | B7: 尾气酸循环泵 | C7: 100FB-57A | D7: 烟台耐腐蚀泵厂 | E7: 台 | F7: 1 | G7: 38596 | I7: 浓硝车间 | J7: 报废 | K7: 0 | L7: 0.05 | M7: 0 | N7: 0 | O7: 0 | P7: 0 | Q7: 0.05 | R7: 7320 | S7: 3351.89 | T7: 410 | V7: 410 | W7: =V7-S7 -> -2941.89 | X7: =IF(OR(S7=0,S7=""),"",ROUND(W7/S7*100,2)) -> -87.77
A8: 2 | B8: 吸收泵 | C8: IH80-50-250J | D8: 烟台耐腐蚀泵厂 | E8: 台 | F8: 1 | G8: 38596 | I8: 浓硝车间 | J8: 报废 | K8: 0.05 | L8: 0.05 | M8: 0.01 | N8: 0 | O8: 0 | P8: 0 | Q8: 0.11 | R8: 11200 | S8: 5128.66 | T8: 915 | V8: 915 | W8: =V8-S8 -> -4213.66 | X8: =IF(OR(S8=0,S8=""),"",ROUND(W8/S8*100,2)) -> -82.16
A9: 3 | B9: 吸收泵 | C9: IH80-50-250J | D9: 沈阳 | E9: 台 | F9: 1 | G9: 38596 | I9: 浓硝车间 | J9: 报废 | K9: 0.05 | L9: 0.05 | M9: 0.01 | N9: 0 | O9: 0 | P9: 0 | Q9: 0.11 | R9: 11200 | S9: 5128.66 | T9: 915 | V9: 915 | W9: =V9-S9 -> -4213.66 | X9: =IF(OR(S9=0,S9=""),"",ROUND(W9/S9*100,2)) -> -82.16
A10: 4 | B10: 蒸发泵 | C10: IH125-100-200 | D10: 烟台耐腐蚀泵厂 | E10: 台 | F10: 1 | G10: 38808 | I10: 浓硝车间 | J10: 报废 | K10: 0.28 | L10: 0.17 | M10: 0.03 | N10: 0 | O10: 0 | P10: 0 | Q10: 0.48 | R10: 15508 | S10: 7101.23 | T10: 3187.2 | V10: 3187.2 | W10: =V10-S10 -> -3914.03 | X10: =IF(OR(S10=0,S10=""),"",ROUND(W10/S10*100,2)) -> -55.12
A11: 5 | B11: 蒸发泵 | C11: IH100-80-200 | D11: 烟台耐酸腐蚀泵厂 | E11: 台 | F11: 1 | G11: 38596 | I11: 浓硝车间 | J11: 报废 | K11: 0.28 | L11: 0.17 | M11: 0.03 | N11: 0 | O11: 0 | P11: 0 | Q11: 0.48 | R11: 15508 | S11: 7101.23 | T11: 3187.2 | V11: 3187.2 | W11: =V11-S11 -> -3914.03 | X11: =IF(OR(S11=0,S11=""),"",ROUND(W11/S11*100,2)) -> -55.12
A12: 6 | B12: 蒸发泵 | C12: IH125-100-200 | D12: 烟台耐腐蚀泵厂 | E12: 台 | F12: 1 | G12: 38596 | I12: 浓硝车间 | J12: 报废 | K12: 0.28 | L12: 0.17 | M12: 0.03 | N12: 0 | O12: 0 | P12: 0 | Q12: 0.48 | R12: 15508 | S12: 7101.23 | T12: 3187.2 | V12: 3187.2 | W12: =V12-S12 -> -3914.03 | X12: =IF(OR(S12=0,S12=""),"",ROUND(W12/S12*100,2)) -> -55.12
A13: 7 | B13: 稀镁泵 | C13: IH125-100-315 | D13: 荣城耐腐蚀泵厂 | E13: 台 | F13: 1 | G13: 38596 | I13: 浓硝车间 | J13: 报废 | K13: 0.16 | L13: 0.17 | M13: 0.01 | N13: 0 | O13: 0 | P13: 0 | Q13: 0.34 | R13: 23980 | S13: 10980.88 | T13: 2134.4 | V13: 2134.4 | W13: =V13-S13 -> -8846.48 | X13: =IF(OR(S13=0,S13=""),"",ROUND(W13/S13*100,2)) -> -80.56
A14: 8 | B14: 稀镁泵 | C14: IH125-100-315 | D14: 荣城耐腐蚀厂 | E14: 台 | F14: 1 | G14: 38596 | I14: 浓硝车间 | J14: 报废 | K14: 0.16 | L14: 0.17 | M14: 0.01 | N14: 0 | O14: 0 | P14: 0 | Q14: 0.34 | R14: 23980 | S14: 10980.88 | T14: 2134.4 | V14: 2134.4 | W14: =V14-S14 -> -8846.48 | X14: =IF(OR(S14=0,S14=""),"",ROUND(W14/S14*100,2)) -> -80.56
A15: 9 | B15: 浓缩塔 | C15: TJ-1100型&1000*14380 | D15: 烟台耐腐蚀厂 | E15: 台 | F15: 1 | G15: 38596 | I15: 浓硝车间 | J15: 报废 | K15: 0 | L15: 0 | M15: 0 | N15: 0 | O15: =P15 -> 8.96 | P15: 8.96 | Q15: 8.96 | R15: 705236 | S15: 322938.74 | T15: 19174.4 | V15: 19174.4 | W15: =V15-S15 -> -303764.34 | X15: =IF(OR(S15=0,S15=""),"",ROUND(W15/S15*100,2)) -> -94.06
A16: 10 | B16: 浓缩塔 | C16: TJ-1100型&1000*14380 | D16: 烟台耐腐蚀厂 | E16: 台 | F16: 1 | G16: 38596 | I16: 浓硝车间 | J16: 报废 | K16: 0 | L16: 0 | M16: 0 | N16: 0 | O16: =P16 -> 8.96 | P16: 8.96 | Q16: 8.96 | R16: 705236 | S16: 322938.74 | T16: 19174.4 | V16: 19174.4 | W16: =V16-S16 -> -303764.34 | X16: =IF(OR(S16=0,S16=""),"",ROUND(W16/S16*100,2)) -> -94.06
A17: 11 | B17: 硝酸镁加热器 | C17: &1600传热面积A=19M2 | D17: 青岛通用机械厂 | E17: 台 | F17: 1 | G17: 38596 | I17: 浓硝车间 | J17: 报废 | K17: 0 | L17: 5 | M17: 0 | N17: 0 | O17: 0 | P17: 0 | Q17: 5 | R17: 1488060 | S17: 681406.47 | T17: 41000 | V17: 41000 | W17: =V17-S17 -> -640406.47 | X17: =IF(OR(S17=0,S17=""),"",ROUND(W17/S17*100,2)) -> -93.98
A18: 12 | B18: 膜式蒸发器 | C18: &1400/&850A=165M2 | D18: 青岛通用机械厂 | E18: 台 | F18: 1 | G18: 38596 | I18: 浓硝车间 | J18: 报废 | K18: 0 | L18: 2 | M18: 0 | N18: 0 | O18: 0 | P18: 0 | Q18: 2 | R18: 340674 | S18: 156000.06 | T18: 16400 | V18: 16400 | W18: =V18-S18 -> -139600.06 | X18: =IF(OR(S18=0,S18=""),"",ROUND(W18/S18*100,2)) -> -89.49
A19: 13 | B19: 膜式蒸发器 | C19: &1400/&850A=165M2 | D19: 青岛通用机械厂 | E19: 台 | F19: 1 | G19: 38596 | I19: 浓硝车间 | J19: 报废 | K19: 0 | L19: 2 | M19: 0 | N19: 0 | O19: 0 | P19: 0 | Q19: 2 | R19: 340674 | S19: 156000.06 | T19: 16400 | V19: 16400 | W19: =V19-S19 -> -139600.06 | X19: =IF(OR(S19=0,S19=""),"",ROUND(W19/S19*100,2)) -> -89.49
A20: 14 | B20: 膜式蒸发器 | C20: &1400/&850a165m2 | D20: 青岛通用机械厂 | E20: 台 | F20: 1 | G20: 38596 | I20: 浓硝车间 | J20: 报废 | K20: 0 | L20: 2 | M20: 0 | N20: 0 | O20: 0 | P20: 0 | Q20: 2 | R20: 340674 | S20: 156000.06 | T20: 16400 | V20: 16400 | W20: =V20-S20 -> -139600.06 | X20: =IF(OR(S20=0,S20=""),"",ROUND(W20/S20*100,2)) -> -89.49
A21: 15 | B21: 浓硝漂泊塔 | C21: &600*8*4587 | D21: 无锡桃林化工容器厂 | E21: 台 | F21: 1 | G21: 38596 | I21: 浓硝车间 | J21: 报废 | K21: 0 | L21: 0 | M21: 0 | N21: 0 | O21: =P21 -> 1.12 | P21: 1.12 | Q21: 1.12 | R21: 21070 | S21: 9648.37 | T21: 2396.8 | V21: 2396.8 | W21: =V21-S21 -> -7251.57 | X21: =IF(OR(S21=0,S21=""),"",ROUND(W21/S21*100,2)) -> -75.16
A22: 16 | B22: 间冷器 | C22: &800*6232 | D22: 青岛锅炉压力容器厂 | E22: 台 | F22: 1 | G22: 38596 | I22: 浓硝车间 | J22: 报废 | K22: 0.88 | L22: 1.32 | M22: 0 | N22: 0 | O22: 0 | P22: 0 | Q22: 2.2 | R22: 369027 | S22: 168983.23 | T22: 12707.2 | V22: 12707.2 | W22: =V22-S22 -> -156276.03 | X22: =IF(OR(S22=0,S22=""),"",ROUND(W22/S22*100,2)) -> -92.48
A23: 17 | B23: 间冷器 | C23: &800*1290 | D23: 辽宁冷热设备制造公司 | E23: 台 | F23: 1 | G23: 38596 | I23: 浓硝车间 | J23: 报废 | K23: 0.88 | L23: 1.32 | M23: 0 | N23: 0 | O23: 0 | P23: 0 | Q23: 2.2 | R23: 369027 | S23: 168983.23 | T23: 12707.2 | V23: 12707.2 | W23: =V23-S23 -> -156276.03 | X23: =IF(OR(S23=0,S23=""),"",ROUND(W23/S23*100,2)) -> -92.48
A24: 18 | B24: 间冷器 | C24: &800*6232 | D24: 青岛锅炉压力容器厂 | E24: 台 | F24: 1 | G24: 38626 | I24: 浓硝车间 | J24: 报废 | K24: 0.88 | L24: 1.32 | M24: 0 | N24: 0 | O24: 0 | P24: 0 | Q24: 2.2 | R24: 369027 | S24: 168983.23 | T24: 12707.2 | V24: 12707.2 | W24: =V24-S24 -> -156276.03 | X24: =IF(OR(S24=0,S24=""),"",ROUND(W24/S24*100,2)) -> -92.48
A25: 19 | B25: 硝酸贮运槽 | D25: 无锡桃林化工容器厂 | E25: 台 | F25: 1 | G25: 38626 | I25: 浓硝车间 | J25: 报废 | K25: 0 | L25: 0 | M25: 0 | N25: 1.8 | O25: 0 | P25: 0 | Q25: 1.8 | R25: 135916 | S25: 62238.11 | T25: 18540 | V25: 18540 | W25: =V25-S25 -> -43698.11 | X25: =IF(OR(S25=0,S25=""),"",ROUND(W25/S25*100,2)) -> -70.21
A26: 20 | B26: 硝酸贮运槽 | D26: 无锡桃林化工容器厂 | E26: 台 | F26: 1 | G26: 38626 | I26: 浓硝车间 | J26: 报废 | K26: 0 | L26: 0 | M26: 0 | N26: 1.8 | O26: 0 | P26: 0 | Q26: 1.8 | R26: 135916 | S26: 62238.11 | T26: 18540 | V26: 18540 | W26: =V26-S26 -> -43698.11 | X26: =IF(OR(S26=0,S26=""),"",ROUND(W26/S26*100,2)) -> -70.21
A27: 21 | B27: 硝酸贮运槽 | D27: 无锡桃林化工容器厂 | E27: 台 | F27: 1 | G27: 38687 | I27: 浓硝车间 | J27: 报废 | K27: 0 | L27: 0 | M27: 0 | N27: 1.8 | O27: 0 | P27: 0 | Q27: 1.8 | R27: 135916 | S27: 62238.11 | T27: 18540 | V27: 18540 | W27: =V27-S27 -> -43698.11 | X27: =IF(OR(S27=0,S27=""),"",ROUND(W27/S27*100,2)) -> -70.21
A28: 22 | B28: 硝酸贮运槽 | D28: 无锡桃林化工容器厂 | E28: 台 | F28: 1 | G28: 38687 | I28: 浓硝车间 | J28: 报废 | K28: 0 | L28: 0 | M28: 0 | N28: 1.8 | O28: 0 | P28: 0 | Q28: 1.8 | R28: 135916 | S28: 62238.11 | T28: 18540 | V28: 18540 | W28: =V28-S28 -> -43698.11 | X28: =IF(OR(S28=0,S28=""),"",ROUND(W28/S28*100,2)) -> -70.21
A29: 23 | B29: 硝酸贮运槽 | D29: 无锡桃林化工容器厂 | E29: 台 | F29: 1 | G29: 39142 | I29: 浓硝车间 | J29: 报废 | K29: 0 | L29: 0 | M29: 0 | N29: 1.8 | O29: 0 | P29: 0 | Q29: 1.8 | R29: 135916 | S29: 62238.11 | T29: 18540 | V29: 18540 | W29: =V29-S29 -> -43698.11 | X29: =IF(OR(S29=0,S29=""),"",ROUND(W29/S29*100,2)) -> -70.21
A30: 24 | B30: 硝酸贮运槽 | D30: 无锡桃林化工容器厂 | E30: 台 | F30: 1 | G30: 39142 | I30: 浓硝车间 | J30: 报废 | K30: 0 | L30: 0 | M30: 0 | N30: 1.8 | O30: 0 | P30: 0 | Q30: 1.8 | R30: 135916 | S30: 62238.11 | T30: 18540 | V30: 18540 | W30: =V30-S30 -> -43698.11 | X30: =IF(OR(S30=0,S30=""),"",ROUND(W30/S30*100,2)) -> -70.21
A31: 25 | B31: 事故罐 | D31: 无锡桃林化工容器厂 | E31: 台 | F31: 1 | G31: 39142 | I31: 浓硝车间 | J31: 报废 | K31: 0 | L31: 0 | M31: 0 | N31: 1.6 | O31: 0 | P31: 0 | Q31: 1.6 | R31: 135916 | S31: 62238.11 | T31: 16480 | V31: 16480 | W31: =V31-S31 -> -45758.11 | X31: =IF(OR(S31=0,S31=""),"",ROUND(W31/S31*100,2)) -> -73.52
A32: 26 | B32: 硝酸冷凝器 | C32: Φ100×2000×168（根） | D32: 烟台耐腐蚀泵厂 | E32: 台 | F32: 1 | G32: 39142 | I32: 浓硝车间 | J32: 报废 | K32: 0 | L32: 0.5 | M32: 0 | N32: 0 | O32: 0 | P32: 0 | Q32: 0.5 | R32: 67650 | S32: 30977.87 | T32: 4100 | V32: 4100 | W32: =V32-S32 -> -26877.87 | X32: =IF(OR(S32=0,S32=""),"",ROUND(W32/S32*100,2)) -> -86.76
A33: 27 | B33: 硝酸冷凝器 | C33: Φ100×2000×168（根） | D33: 烟台耐腐蚀泵厂 | E33: 台 | F33: 1 | G33: 39142 | I33: 浓硝车间 | J33: 报废 | K33: 0 | L33: 0.5 | M33: 0 | N33: 0 | O33: 0 | P33: 0 | Q33: 0.5 | R33: 67650 | S33: 30977.87 | T33: 4100 | V33: 4100 | W33: =V33-S33 -> -26877.87 | X33: =IF(OR(S33=0,S33=""),"",ROUND(W33/S33*100,2)) -> -86.76
A34: 28 | B34: 溶碱槽 | C34: &2600*2200*8 | D34: 烟台耐腐蚀泵厂 | E34: 台 | F34: 1 | G34: 39142 | I34: 浓硝车间 | J34: 报废 | K34: 1.64 | L34: 0 | M34: 0 | N34: 0 | O34: 0 | P34: 0 | Q34: 1.64 | R34: 76047 | S34: 34823.25 | T34: 3509.6 | V34: 3509.6 | W34: =V34-S34 -> -31313.65 | X34: =IF(OR(S34=0,S34=""),"",ROUND(W34/S34*100,2)) -> -89.92
A35: 29 | B35: 镁沉降槽 | C35: &5000*4750*6 | D35: 烟台耐腐蚀泵厂 | E35: 台 | F35: 1 | G35: 39142 | I35: 浓硝车间 | J35: 报废 | K35: 0 | L35: 4.9 | M35: 0 | N35: 0 | O35: 0 | P35: 0 | Q35: 4.9 | R35: 416789 | S35: 190854.43 | T35: 40180 | V35: 40180 | W35: =V35-S35 -> -150674.43 | X35: =IF(OR(S35=0,S35=""),"",ROUND(W35/S35*100,2)) -> -78.95
A36: 30 | B36: 镁沉降槽 | C36: &5000*4750*6 | D36: 恒源机电厂 | E36: 台 | F36: 1 | G36: 38657 | I36: 浓硝车间 | J36: 报废 | K36: 0 | L36: 4.9 | M36: 0 | N36: 0 | O36: 0 | P36: 0 | Q36: 4.9 | R36: 416789 | S36: 190854.43 | T36: 40180 | V36: 40180 | W36: =V36-S36 -> -150674.43 | X36: =IF(OR(S36=0,S36=""),"",ROUND(W36/S36*100,2)) -> -78.95
A37: 31 | B37: 浓镁贮槽 | C37: &4500*1800 | D37: 恒源机电厂 | E37: 台 | F37: 1 | G37: 38657 | I37: 浓硝车间 | J37: 报废 | K37: 0 | L37: 6.8 | M37: 0 | N37: 0 | O37: 0 | P37: 0 | Q37: 6.8 | R37: 135616 | S37: 62100.74 | T37: 55760 | V37: 55760 | W37: =V37-S37 -> -6340.74 | X37: =IF(OR(S37=0,S37=""),"",ROUND(W37/S37*100,2)) -> -10.21
A38: 32 | B38: 冷凝液贮槽 | C38: &1500*1000*6 | D38: 恒源机电厂 | E38: 台 | F38: 1 | G38: 38657 | I38: 浓硝车间 | J38: 报废 | K38: 0 | L38: 0.3 | M38: 0 | N38: 0 | O38: 0 | P38: 0 | Q38: 0.3 | R38: 16049.8 | S38: 7349.56 | T38: 2460 | V38: 2460 | W38: =V38-S38 -> -4889.56 | X38: =IF(OR(S38=0,S38=""),"",ROUND(W38/S38*100,2)) -> -66.53
A39: 33 | B39: 尾气酸循环槽 | C39: &3000*3000*6 | D39: 恒源机电厂 | E39: 台 | F39: 1 | G39: 38657 | I39: 浓硝车间 | J39: 报废 | K39: 0 | L39: 1.8 | M39: 0 | N39: 0 | O39: 0 | P39: 0 | Q39: 1.8 | R39: 87880.1 | S39: 40241.77 | T39: 14760 | V39: 14760 | W39: =V39-S39 -> -25481.77 | X39: =IF(OR(S39=0,S39=""),"",ROUND(W39/S39*100,2)) -> -63.32
A40: 34 | B40: 蒸汽膨胀罐 | C40: &1000*3390 | D40: 青岛通用机械厂 | E40: 台 | F40: 1 | G40: 38657 | I40: 浓硝车间 | J40: 报废 | K40: 1.12 | L40: 0 | M40: 0 | N40: 0 | O40: 0 | P40: 0 | Q40: 1.12 | R40: 13583 | S40: 6219.95 | T40: 2396.8 | V40: 2396.8 | W40: =V40-S40 -> -3823.15 | X40: =IF(OR(S40=0,S40=""),"",ROUND(W40/S40*100,2)) -> -61.47
A41: 35 | B41: 蒸汽膨胀罐 | C41: &10000*3390 | D41: 青岛通用机械厂 | E41: 台 | F41: 1 | G41: 38657 | I41: 浓硝车间 | J41: 报废 | K41: 1.12 | L41: 0 | M41: 0 | N41: 0 | O41: 0 | P41: 0 | Q41: 1.12 | R41: 14500 | S41: 6640.28 | T41: 2396.8 | V41: 2396.8 | W41: =V41-S41 -> -4243.48 | X41: =IF(OR(S41=0,S41=""),"",ROUND(W41/S41*100,2)) -> -63.91
A42: 36 | B42: 膜式蒸发器 | C42: &1400/&850 | D42: 青岛通用机械厂 | E42: 台 | F42: 1 | G42: 38657 | I42: 浓硝车间 | J42: 报废 | K42: 5 | L42: 0 | M42: 0 | N42: 0 | O42: 0 | P42: 0 | Q42: 5 | R42: 152000 | S42: 69603.22 | T42: 10700 | V42: 10700 | W42: =V42-S42 -> -58903.22 | X42: =IF(OR(S42=0,S42=""),"",ROUND(W42/S42*100,2)) -> -84.63
A43: 37 | B43: 间冷器 | C43: CB151-290 | D43: 青岛通用机械厂 | E43: 台 | F43: 1 | G43: 38657 | I43: 浓硝车间 | J43: 报废 | K43: 1.2 | L43: 1.8 | M43: 0 | N43: 0 | O43: 0 | P43: 0 | Q43: 3 | R43: 143000 | S43: 65481.98 | T43: 17328 | V43: 17328 | W43: =V43-S43 -> -48153.98 | X43: =IF(OR(S43=0,S43=""),"",ROUND(W43/S43*100,2)) -> -73.54
... A54: 48 | B54: 精馏器 | C54: Φ1200×6×8000 | D54: 机电厂 | E54: 台 | F54: 1 | G54: 38596 | I54: 浓硝车间 | J54: 报废 | K54: 0 | L54: 3.08 | M54: 0 | N54: 0 | O54: 0 | P54: 0 | Q54: 3.08 | R54: 281198.04 | S54: 104410.77 | T54: 25256 | V54: 25256 | W54: =V54-S54 -> -79154.77 | X54: =IF(OR(S54=0,S54=""),"",ROUND(W54/S54*100,2)) -> -75.81
A55: 49 | B55: 循环泵 | D55: 山东同泰水泵厂 | E55: 台 | F55: 1 | G55: 38991 | I55: 浓硝车间 | J55: 报废 | K55: 0.13 | L55: 0 | M55: 0 | N55: 0 | O55: 0 | P55: 0 | Q55: 0.13 | R55: 29274.34 | S55: 13641.96 | T55: 278.2 | V55: 278.2 | W55: =V55-S55 -> -13363.76 | X55: =IF(OR(S55=0,S55=""),"",ROUND(W55/S55*100,2)) -> -97.96
A56: 50 | B56: 厢式压滤机 | E56: 台 | F56: 1 | G56: 38991 | I56: 浓硝车间 | J56: 报废 | K56: 0 | L56: 0.2 | M56: 0 | N56: 0 | O56: 0 | P56: 0 | Q56: 0.2 | R56: 20199 | S56: 9404.64 | T56: 1640 | V56: 1640 | W56: =V56-S56 -> -7764.64 | X56: =IF(OR(S56=0,S56=""),"",ROUND(W56/S56*100,2)) -> -82.56
A57: 51 | B57: 厢式压滤机 | E57: 台 | F57: 1 | G57: 38991 | I57: 浓硝车间 | J57: 报废 | K57: 0 | L57: 0.2 | M57: 0 | N57: 0 | O57: 0 | P57: 0 | Q57: 0.2 | R57: 20199.59 | S57: 9406.07 | T57: 1640 | V57: 1640 | W57: =V57-S57 -> -7766.07 | X57: =IF(OR(S57=0,S57=""),"",ROUND(W57/S57*100,2)) -> -82.56
A58: 52 | B58: 重排液输送泵 | D58: 江苏泰兴化工泵阀厂 | E58: 台 | F58: 1 | G58: 38991 | I58: 浓硝车间 | J58: 报废 | K58: 0.13 | L58: 0 | M58: 0 | N58: 0 | O58: 0 | P58: 0 | Q58: 0.13 | R58: 29274.34 | S58: 13631.03 | T58: 278.2 | V58: 278.2 | W58: =V58-S58 -> -13352.83 | X58: =IF(OR(S58=0,S58=""),"",ROUND(W58/S58*100,2)) -> -97.96
A59: 53 | B59: 重排液输送泵 | D59: 江苏泰兴化工泵阀厂 | E59: 台 | F59: 1 | G59: 38991 | I59: 浓硝车间 | J59: 报废 | K59: 0.13 | L59: 0 | M59: 0 | N59: 0 | O59: 0 | P59: 0 | Q59: 0.13 | R59: 29274.34 | S59: 13631.03 | T59: 278.2 | V59: 278.2 | W59: =V59-S59 -> -13352.83 | X59: =IF(OR(S59=0,S59=""),"",ROUND(W59/S59*100,2)) -> -97.96
A60: 54 | B60: 产品离心机 | C60: WH-800 | D60: 广州重型机械厂 | E60: 台 | F60: 1 | G60: 38991 | I60: 浓硝车间 | J60: 报废 | K60: 0 | L60: 0.2 | M60: 0 | N60: 0 | O60: 0 | P60: 0 | Q60: 0.2 | R60: 8500 | S60: 3957.8 | T60: 1640 | V60: 1640 | W60: =V60-S60 -> -2317.8 | X60: =IF(OR(S60=0,S60=""),"",ROUND(W60/S60*100,2)) -> -58.56
A61: 55 | B61: 产品离心机 | C61: WH-800 | D61: 广州重型机械厂 | E61: 台 | F61: 1 | G61: 38991 | I61: 浓硝车间 | J61: 报废 | K61: 0 | L61: 0.2 | M61: 0 | N61: 0 | O61: 0 | P61: 0 | Q61: 0.2 | R61: 8500 | S61: 3957.8 | T61: 1640 | V61: 1640 | W61: =V61-S61 -> -2317.8 | X61: =IF(OR(S61=0,S61=""),"",ROUND(W61/S61*100,2)) -> -58.56
A62: 56 | B62: 产品离心机 | C62: WH-800 | D62: 广州重型机械厂 | E62: 台 | F62: 1 | G62: 38991 | I62: 浓硝车间 | J62: 报废 | K62: 0 | L62: 0.2 | M62: 0 | N62: 0 | O62: 0 | P62: 0 | Q62: 0.2 | R62: 8500 | S62: 3957.8 | T62: 1640 | V62: 1640 | W62: =V62-S62 -> -2317.8 | X62: =IF(OR(S62=0,S62=""),"",ROUND(W62/S62*100,2)) -> -58.56
A63: 57 | B63: 产品离心机 | C63: WH-800 | D63: 广州重型机械厂 | E63: 台 | F63: 1 | G63: 38991 | I63: 浓硝车间 | J63: 报废 | K63: 0 | L63: 0.2 | M63: 0 | N63: 0 | O63: 0 | P63: 0 | Q63: 0.2 | R63: 8500 | S63: 3957.95 | T63: 1640 | V63: 1640 | W63: =V63-S63 -> -2317.95 | X63: =IF(OR(S63=0,S63=""),"",ROUND(W63/S63*100,2)) -> -58.56
A64: 58 | B64: 产品离心机 | C64: WH-800 | D64: 广州重型机械厂 | E64: 台 | F64: 1 | G64: 38991 | I64: 浓硝车间 | J64: 报废 | K64: 0 | L64: 0.2 | M64: 0 | N64: 0 | O64: 0 | P64: 0 | Q64: 0.2 | R64: 28103 | S64: 13085.52 | T64: 1640 | V64: 1640 | W64: =V64-S64 -> -11445.52 | X64: =IF(OR(S64=0,S64=""),"",ROUND(W64/S64*100,2)) -> -87.47
A65: 59 | B65: 产品离心机 | C65: WH-800 | D65: 广州重型机械厂 | E65: 台 | F65: 1 | G65: 38991 | I65: 浓硝车间 | J65: 报废 | K65: 0 | L65: 0.2 | M65: 0 | N65: 0 | O65: 0 | P65: 0 | Q65: 0.2 | R65: 28103.73 | S65: 13085.81 | T65: 1640 | V65: 1640 | W65: =V65-S65 -> -11445.81 | X65: =IF(OR(S65=0,S65=""),"",ROUND(W65/S65*100,2)) -> -87.47
A66: 60 | B66: 冷冻液循环泵 | D66: 天津耐酸泵总厂 | E66: 台 | F66: 1 | G66: 38991 | I66: 浓硝车间 | J66: 报废 | K66: 0.18 | L66: 0 | M66: 0 | N66: 0 | O66: 0 | P66: 0 | Q66: 0.18 | R66: 43911.51 | S66: 20446.28 | T66: 385.2 | V66: 385.2 | W66: =V66-S66 -> -20061.08 | X66: =IF(OR(S66=0,S66=""),"",ROUND(W66/S66*100,2)) -> -98.12
A67: 61 | B67: 冷冻液循环泵 | D67: 天津耐酸泵总厂 | E67: 台 | F67: 1 | G67: 38991 | I67: 浓硝车间 | J67: 报废 | K67: 0.18 | L67: 0 | M67: 0 | N67: 0 | O67: 0 | P67: 0 | Q67: 0.18 | R67: 43911.51 | S67: 20446.53 | T67: 385.2 | V67: 385.2 | W67: =V67-S67 -> -20061.33 | X67: =IF(OR(S67=0,S67=""),"",ROUND(W67/S67*100,2)) -> -98.12
A68: 62 | B68: 卸盐酸泵 | D68: 烟台恒邦泵业公司 | E68: 台 | F68: 1 | G68: 38777 | I68: 浓硝车间 | J68: 报废 | K68: 0 | L68: 0.05 | M68: 0 | N68: 0 | O68: 0 | P68: 0 | Q68: 0.05 | R68: 43911.5 | S68: 20446.4 | T68: 410 | V68: 410 | W68: =V68-S68 -> -20036.4 | X68: =IF(OR(S68=0,S68=""),"",ROUND(W68/S68*100,2)) -> -97.99
A69: 63 | B69: 重排循环泵 | D69: 山东同泰水泵厂 | E69: 台 | F69: 1 | G69: 38930 | I69: 浓硝车间 | J69: 报废 | K69: 0.18 | L69: 0 | M69: 0 | N69: 0 | O69: 0 | P69: 0 | Q69: 0.18 | R69: 43911.51 | S69: 20446.41 | T69: 385.2 | V69: 385.2 | W69: =V69-S69 -> -20061.21 | X69: =IF(OR(S69=0,S69=""),"",ROUND(W69/S69*100,2)) -> -98.12
A70: 64 | B70: 重排循环泵 | D70: 山东同泰水泵厂 | E70: 台 | F70: 1 | G70: 38930 | I70: 浓硝车间 | J70: 报废 | K70: 0.18 | L70: 0 | M70: 0 | N70: 0 | O70: 0 | P70: 0 | Q70: 0.18 | R70: 43911.51 | S70: 20446.41 | T70: 385.2 | V70: 385.2 | W70: =V70-S70 -> -20061.21 | X70: =IF(OR(S70=0,S70=""),"",ROUND(W70/S70*100,2)) -> -98.12
A71: 65 | B71: 重排循环泵 | D71: 山东同泰水泵厂 | E71: 台 | F71: 1 | G71: 38930 | I71: 浓硝车间 | J71: 报废 | K71: 0.18 | L71: 0 | M71: 0 | N71: 0 | O71: 0 | P71: 0 | Q71: 0.18 | R71: 43911.51 | S71: 20446.41 | T71: 385.2 | V71: 385.2 | W71: =V71-S71 -> -20061.21 | X71: =IF(OR(S71=0,S71=""),"",ROUND(W71/S71*100,2)) -> -98.12
A72: 66 | B72: 甲醛还原液 | E72: 台 | F72: 1 | G72: 38961 | I72: 浓硝车间 | J72: 报废 | K72: 0 | L72: 1 | M72: 0 | N72: 0 | O72: 0 | P72: 0 | Q72: 1 | R72: 161008.87 | S72: 74970.12 | T72: 8200 | V72: 8200 | W72: =V72-S72 -> -66770.12 | X72: =IF(OR(S72=0,S72=""),"",ROUND(W72/S72*100,2)) -> -89.06
A73: 67 | B73: 甲醛还原液 | E73: 台 | F73: 1 | G73: 38961 | I73: 浓硝车间 | J73: 报废 | K73: 0 | L73: 1 | M73: 0 | N73: 0 | O73: 0 | P73: 0 | Q73: 1 | R73: 161008.87 | S73: 74970.39 | T73: 8200 | V73: 8200 | W73: =V73-S73 -> -66770.39 | X73: =IF(OR(S73=0,S73=""),"",ROUND(W73/S73*100,2)) -> -89.06
A74: 68 | B74: 邻硝贮槽 | D74: 青岛恒源化工 | E74: 台 | F74: 1 | G74: 38930 | I74: 浓硝车间 | J74: 报废 | K74: 0 | L74: 0.6 | M74: 0 | N74: 0 | O74: 0 | P74: 0 | Q74: 0.6 | R74: 5854.87 | S74: 2726.15 | T74: 4920 | V74: 4920 | W74: =V74-S74 -> 2193.85 | X74: =IF(OR(S74=0,S74=""),"",ROUND(W74/S74*100,2)) -> 80.47
A75: 69 | B75: 邻硝计量槽 | D75: 青岛恒源化工 | E75: 台 | F75: 1 | G75: 38808 | I75: 浓硝车间 | J75: 报废 | K75: 0.6 | L75: 0 | M75: 0 | N75: 0 | O75: 0 | P75: 0 | Q75: 0.6 | R75: 17564.6 | S75: 8178.44 | T75: 1284 | V75: 1284 | W75: =V75-S75 -> -6894.44 | X75: =IF(OR(S75=0,S75=""),"",ROUND(W75/S75*100,2)) -> -84.3
A76: 70 | B76: 碱液高位槽 | C76: φ1600×6×1600 | D76: 青岛恒源化工 | E76: 台 | F76: 1 | G76: 38808 | I76: 浓硝车间 | J76: 报废 | K76: 0.5 | L76: 0 | M76: 0 | N76: 0 | O76: 0 | P76: 0 | Q76: 0.5 | R76: 32201.77 | S76: 14994.1 | T76: 1070 | V76: 1070 | W76: =V76-S76 -> -13924.1 | X76: =IF(OR(S76=0,S76=""),"",ROUND(W76/S76*100,2)) -> -92.86
A77: 71 | B77: 甲醛高位槽 | E77: 台 | F77: 1 | G77: 38596 | I77: 浓硝车间 | J77: 报废 | K77: 0 | L77: 0 | M77: 0 | N77: 0 | O77: 0 | P77: 0 | Q77: 0 | R77: 32201.77 | S77: 14994.1 | T77: 0 | V77: 0 | W77: =V77-S77 -> -14994.1 | X77: =IF(OR(S77=0,S77=""),"",ROUND(W77/S77*100,2)) -> -100 | Y77: 无可回收价值
A78: 72 | B78: 碱液计量槽 | C78: φ1250×6×1500 | D78: 青岛恒源化工 | E78: 台 | F78: 1 | G78: 38596 | I78: 浓硝车间 | J78: 报废 | K78: 0 | L78: 0.4 | M78: 0 | N78: 0 | O78: 0 | P78: 0 | Q78: 0.4 | R78: 16979.12 | S78: 7905.84 | T78: 3280 | V78: 3280 | W78: =V78-S78 -> -4625.84 | X78: =IF(OR(S78=0,S78=""),"",ROUND(W78/S78*100,2)) -> -58.51
A79: 73 | B79: 甲醛计量槽 | D79: 青岛恒源化工 | E79: 台 | F79: 1 | G79: 38596 | I79: 浓硝车间 | J79: 报废 | K79: 0 | L79: 0.2 | M79: 0 | N79: 0 | O79: 0 | P79: 0 | Q79: 0.2 | R79: 8782.3 | S79: 4089.22 | T79: 1640 | V79: 1640 | W79: =V79-S79 -> -2449.22 | X79: =IF(OR(S79=0,S79=""),"",ROUND(W79/S79*100,2)) -> -59.89
A80: 74 | B80: 甲醛计量槽 | D80: 青岛恒源化工 | E80: 台 | F80: 1 | G80: 38596 | I80: 浓硝车间 | J80: 报废 | K80: 0 | L80: 0.2 | M80: 0 | N80: 0 | O80: 0 | P80: 0 | Q80: 0.2 | R80: 8782.3 | S80: 4089.22 | T80: 1640 | V80: 1640 | W80: =V80-S80 -> -2449.22 | X80: =IF(OR(S80=0,S80=""),"",ROUND(W80/S80*100,2)) -> -59.89
A81: 75 | B81: 分离器 | C81: SF | D81: 山东旭洋 | E81: 台 | F81: 1 | G81: 38596 | I81: 浓硝车间 | J81: 报废 | K81: 0 | L81: 0.2 | M81: 0 | N81: 0 | O81: 0 | P81: 0 | Q81: 0.2 | R81: 35129.21 | S81: 16357.18 | T81: 1640 | V81: 1640 | W81: =V81-S81 -> -14717.18 | X81: =IF(OR(S81=0,S81=""),"",ROUND(W81/S81*100,2)) -> -89.97
A82: 76 | B82: 分离器 | C82: SF | D82: 山东旭洋 | E82: 台 | F82: 1 | G82: 38596 | I82: 浓硝车间 | J82: 报废 | K82: 0 | L82: 0.2 | M82: 0 | N82: 0 | O82: 0 | P82: 0 | Q82: 0.2 | R82: 35129.21 | S82: 16357.18 | T82: 1640 | V82: 1640 | W82: =V82-S82 -> -14717.18 | X82: =IF(OR(S82=0,S82=""),"",ROUND(W82/S82*100,2)) -> -89.97
A83: 77 | B83: 甲醛卸车缓冲罐 | E83: 台 | F83: 1 | G83: 38596 | I83: 浓硝车间 | J83: 报废 | K83: 0 | L83: 1.4 | M83: 0 | N83: 0 | O83: 0 | P83: 0 | Q83: 1.4 | R83: 46282.73 | S83: 21550.55 | T83: 11480 | V83: 11480 | W83: =V83-S83 -> -10070.55 | X83: =IF(OR(S83=0,S83=""),"",ROUND(W83/S83*100,2)) -> -46.73
A84: 78 | B84: 无机层贮坛 | D84: 青岛恒源化工 | E84: 台 | F84: 1 | G84: 38626 | I84: 浓硝车间 | J84: 报废 | K84: 0.2 | L84: 0 | M84: 0 | N84: 0 | O84: 0 | P84: 0 | Q84: 0.2 | R84: 32201 | S84: 14994.11 | T84: 428 | V84: 428 | W84: =V84-S84 -> -14566.11 | X84: =IF(OR(S84=0,S84=""),"",ROUND(W84/S84*100,2)) -> -97.15
A85: 79 | B85: 无机层贮坛 | D85: 青岛恒源化工 | E85: 台 | F85: 1 | G85: 38626 | I85: 浓硝车间 | J85: 报废 | K85: 0.2 | L85: 0 | M85: 0 | N85: 0 | O85: 0 | P85: 0 | Q85: 0.2 | R85: 32202.55 | S85: 14993.83 | T85: 428 | V85: 428 | W85: =V85-S85 -> -14565.83 | X85: =IF(OR(S85=0,S85=""),"",ROUND(W85/S85*100,2)) -> -97.15
A86: 80 | B86: 锌粉还原釜 | D86: 湖北东方化学工业公司 | E86: 台 | F86: 1 | G86: 38626 | I86: 浓硝车间 | J86: 报废 | K86: 0 | L86: 12.88 | M86: 0 | N86: 0 | O86: 0 | P86: 0 | Q86: 12.88 | R86: 114901 | S86: 53501.54 | T86: 105616 | V86: 105616 | W86: =V86-S86 -> 52114.46 | X86: =IF(OR(S86=0,S86=""),"",ROUND(W86/S86*100,2)) -> 97.41
A87: 81 | B87: 锌粉还原釜 | D87: 湖北东方化学工业公司 | E87: 台 | F87: 1 | G87: 38626 | I87: 浓硝车间 | J87: 报废 | K87: 0 | L87: 12.88 | M87: 0 | N87: 0 | O87: 0 | P87: 0 | Q87: 12.88 | R87: 114901 | S87: 53501.54 | T87: 105616 | V87: 105616 | W87: =V87-S87 -> 52114.46 | X87: =IF(OR(S87=0,S87=""),"",ROUND(W87/S87*100,2)) -> 97.41
A88: 82 | B88: 锌粉还原釜 | D88: 湖北东方化学工业公司 | E88: 台 | F88: 1 | G88: 38626 | I88: 浓硝车间 | J88: 报废 | K88: 0 | L88: 12.88 | M88: 0 | N88: 0 | O88: 0 | P88: 0 | Q88: 12.88 | R88: 114901 | S88: 53501.54 | T88: 105616 | V88: 105616 | W88: =V88-S88 -> 52114.46 | X88: =IF(OR(S88=0,S88=""),"",ROUND(W88/S88*100,2)) -> 97.41
A89: 83 | B89: 锌粉还原釜 | D89: 湖北东方化学工业公司 | E89: 台 | F89: 1 | G89: 38626 | I89: 浓硝车间 | J89: 报废 | K89: 0 | L89: 12.88 | M89: 0 | N89: 0 | O89: 0 | P89: 0 | Q89: 12.88 | R89: 114904.14 | S89: 53500.98 | T89: 105616 | V89: 105616 | W89: =V89-S89 -> 52115.02 | X89: =IF(OR(S89=0,S89=""),"",ROUND(W89/S89*100,2)) -> 97.41
A90: 84 | B90: 化碱槽 | D90: 青岛恒源化工 | E90: 台 | F90: 1 | G90: 38626 | I90: 浓硝车间 | J90: 报废 | K90: 0.2 | L90: 0 | M90: 0 | N90: 0 | O90: 0 | P90: 0 | Q90: 0.2 | R90: 58548.68 | S90: 27261.78 | T90: 428 | V90: 428 | W90: =V90-S90 -> -26833.78 | X90: =IF(OR(S90=0,S90=""),"",ROUND(W90/S90*100,2)) -> -98.43
A91: 85 | B91: 硫酸中和釜 | E91: 台 | F91: 1 | G91: 38626 | I91: 浓硝车间 | J91: 报废 | K91: 6.2 | L91: 0 | M91: 0 | N91: 0 | O91: 0 | P91: 0 | Q91: 6.2 | R91: 142566 | S91: 66382.12 | T91: 13268 | V91: 13268 | W91: =V91-S91 -> -53114.12 | X91: =IF(OR(S91=0,S91=""),"",ROUND(W91/S91*100,2)) -> -80.01
A92: 86 | B92: 硫酸中和釜 | E92: 台 | F92: 1 | G92: 38626 | I92: 浓硝车间 | J92: 报废 | K92: 6.2 | L92: 0 | M92: 0 | N92: 0 | O92: 0 | P92: 0 | Q92: 6.2 | R92: 142566 | S92: 66382.12 | T92: 13268 | V92: 13268 | W92: =V92-S92 -> -53114.12 | X92: =IF(OR(S92=0,S92=""),"",ROUND(W92/S92*100,2)) -> -80.01
A93: 87 | B93: 硫酸中和釜 | E93: 台 | F93: 1 | G93: 38626 | I93: 浓硝车间 | J93: 报废 | K93: 6.2 | L93: 0 | M93: 0 | N93: 0 | O93: 0 | P93: 0 | Q93: 6.2 | R93: 142566.11 | S93: 66383.94 | T93: 13268 | V93: 13268 | W93: =V93-S93 -> -53115.94 | X93: =IF(OR(S93=0,S93=""),"",ROUND(W93/S93*100,2)) -> -80.01
A94: 88 | B94: 硫酸高位槽 | D94: 青岛恒源化工 | E94: 台 | F94: 1 | G94: 38626 | I94: 浓硝车间 | J94: 报废 | K94: 1.2 | L94: 0 | M94: 0 | N94: 0 | O94: 0 | P94: 0 | Q94: 1.2 | R94: 46282.73 | S94: 21550.55 | T94: 2568 | V94: 2568 | W94: =V94-S94 -> -18982.55 | X94: =IF(OR(S94=0,S94=""),"",ROUND(W94/S94*100,2)) -> -88.08
A95: 89 | B95: 硫酸计量槽 | D95: 青岛恒源化工 | E95: 台 | F95: 1 | G95: 38565 | I95: 浓硝车间 | J95: 报废 | K95: 0.3 | L95: 0 | M95: 0 | N95: 0 | O95: 0 | P95: 0 | Q95: 0.3 | R95: 14637.17 | S95: 6815 | T95: 642 | V95: 642 | W95: =V95-S95 -> -6173 | X95: =IF(OR(S95=0,S95=""),"",ROUND(W95/S95*100,2)) -> -90.58
A96: 90 | B96: 硫酸计量槽 | D96: 青岛恒源化工 | E96: 台 | F96: 1 | G96: 38565 | I96: 浓硝车间 | J96: 报废 | K96: 0.3 | L96: 0 | M96: 0 | N96: 0 | O96: 0 | P96: 0 | Q96: 0.3 | R96: 14637.17 | S96: 6815.75 | T96: 642 | V96: 642 | W96: =V96-S96 -> -6173.75 | X96: =IF(OR(S96=0,S96=""),"",ROUND(W96/S96*100,2)) -> -90.58
A97: 91 | B97: 硫酸锌水计量槽 | D97: 青岛恒源化工 | E97: 台 | F97: 1 | G97: 38565 | I97: 浓硝车间 | J97: 报废 | K97: 0.6 | L97: 0 | M97: 0 | N97: 0 | O97: 0 | P97: 0 | Q97: 0.6 | R97: 19906.55 | S97: 9268.91 | T97: 1284 | V97: 1284 | W97: =V97-S97 -> -7984.91 | X97: =IF(OR(S97=0,S97=""),"",ROUND(W97/S97*100,2)) -> -86.15
A98: 92 | B98: 硫酸锌水计量槽 | D98: 青岛恒源化工 | E98: 台 | F98: 1 | G98: 38565 | I98: 浓硝车间 | J98: 报废 | K98: 0.6 | L98: 0 | M98: 0 | N98: 0 | O98: 0 | P98: 0 | Q98: 0.6 | R98: 19906.55 | S98: 9268.91 | T98: 1284 | V98: 1284 | W98: =V98-S98 -> -7984.91 | X98: =IF(OR(S98=0,S98=""),"",ROUND(W98/S98*100,2)) -> -86.15
A99: 93 | B99: 硫酸钡液贮坛 | D99: 青岛恒源化工 | E99: 台 | F99: 1 | G99: 38565 | I99: 浓硝车间 | J99: 报废 | K99: 0.3 | L99: 0 | M99: 0 | N99: 0 | O99: 0 | P99: 0 | Q99: 0.3 | R99: 58548.68 | S99: 27261.78 | T99: 642 | V99: 642 | W99: =V99-S99 -> -26619.78 | X99: =IF(OR(S99=0,S99=""),"",ROUND(W99/S99*100,2)) -> -97.65
A100: 94 | B100: 重排加料釜 | E100: 台 | F100: 1 | G100: 38657 | I100: 浓硝车间 | J100: 报废 | K100: 0 | L100: 8.68 | M100: 0 | N100: 0 | O100: 0 | P100: 0 | Q100: 8.68 | R100: 105533 | S100: 49138.96 | T100: 71176 | V100: 71176 | W100: =V100-S100 -> 22037.04 | X100: =IF(OR(S100=0,S100=""),"",ROUND(W100/S100*100,2)) -> 44.85
A101: 95 | B101: 重排加料釜 | E101: 台 | F101: 1 | G101: 38657 | I101: 浓硝车间 | J101: 报废 | K101: 0 | L101: 12.88 | M101: 0 | N101: 0 | O101: 0 | P101: 0 | Q101: 12.88 | R101: 105533 | S101: 49138.96 | T101: 105616 | V101: 105616 | W101: =V101-S101 -> 56477.04 | X101: =IF(OR(S101=0,S101=""),"",ROUND(W101/S101*100,2)) -> 114.93
A102: 96 | B102: 重排加料釜 | E102: 台 | F102: 1 | G102: 38657 | I102: 浓硝车间 | J102: 报废 | K102: 0 | L102: 12.88 | M102: 0 | N102: 0 | O102: 0 | P102: 0 | Q102: 12.88 | R102: 105535.99 | S102: 49140.63 | T102: 105616 | V102: 105616 | W102: =V102-S102 -> 56475.37 | X102: =IF(OR(S102=0,S102=""),"",ROUND(W102/S102*100,2)) -> 114.93
A103: 97 | B103: 盐酸贮坛 | D103: 青岛恒源化工 | E103: 台 | F103: 1 | G103: 38657 | I103: 浓硝车间 | J103: 报废 | K103: 2 | L103: 0 | M103: 0 | N103: 0 | O103: 0 | P103: 0 | Q103: 2 | R103: 204920.38 | S103: 95416.66 | T103: 4280 | V103: 4280 | W103: =V103-S103 -> -91136.66 | X103: =IF(OR(S103=0,S103=""),"",ROUND(W103/S103*100,2)) -> -95.51
A104: 98 | B104: 盐酸贮坛 | D104: 青岛恒源化工 | E104: 台 | F104: 1 | G104: 38657 | I104: 浓硝车间 | J104: 报废 | K104: 2 | L104: 0 | M104: 0 | N104: 0 | O104: 0 | P104: 0 | Q104: 2 | R104: 204920.38 | S104: 95416.66 | T104: 4280 | V104: 4280 | W104: =V104-S104 -> -91136.66 | X104: =IF(OR(S104=0,S104=""),"",ROUND(W104/S104*100,2)) -> -95.51
A105: 99 | B105: 二次盐酸贮坛 | E105: 台 | F105: 1 | G105: 38657 | I105: 浓硝车间 | J105: 报废 | K105: 0 | L105: 0 | M105: 0 | N105: 0 | O105: 0 | P105: 0 | Q105: 0 | R105: 29274.34 | S105: 13631.03 | T105: 0 | V105: 0 | W105: =V105-S105 -> -13631.03 | X105: =IF(OR(S105=0,S105=""),"",ROUND(W105/S105*100,2)) -> -100 | Y105: 无可回收价值
A106: 100 | B106: 二次盐酸贮坛 | E106: 台 | F106: 1 | G106: 38657 | I106: 浓硝车间 | J106: 报废 | K106: 0 | L106: 0 | M106: 0 | N106: 0 | O106: 0 | P106: 0 | Q106: 0 | R106: 29274.34 | S106: 13631.03 | T106: 0 | V106: 0 | W106: =V106-S106 -> -13631.03 | X106: =IF(OR(S106=0,S106=""),"",ROUND(W106/S106*100,2)) -> -100 | Y106: 无可回收价值
A107: 101 | B107: 二次盐酸贮坛 | E107: 台 | F107: 1 | G107: 38657 | I107: 浓硝车间 | J107: 报废 | K107: 0 | L107: 0 | M107: 0 | N107: 0 | O107: 0 | P107: 0 | Q107: 0 | R107: 29274.34 | S107: 13631.03 | T107: 0 | V107: 0 | W107: =V107-S107 -> -13631.03 | X107: =IF(OR(S107=0,S107=""),"",ROUND(W107/S107*100,2)) -> -100 | Y107: 无可回收价值
A108: 102 | B108: 盐酸计量槽 | D108: 青岛恒源化工 | E108: 台 | F108: 1 | G108: 38657 | I108: 浓硝车间 | J108: 报废 | K108: 0.6 | L108: 0 | M108: 0 | N108: 0 | O108: 0 | P108: 0 | Q108: 0.6 | R108: 24883.19 | S108: 11586.42 | T108: 1284 | V108: 1284 | W108: =V108-S108 -> -10302.42 | X108: =IF(OR(S108=0,S108=""),"",ROUND(W108/S108*100,2)) -> -88.92
A109: 103 | B109: 盐酸计量槽 | D109: 青岛恒源化工 | E109: 台 | F109: 1 | G109: 38657 | I109: 浓硝车间 | J109: 报废 | K109: 0.6 | L109: 0 | M109: 0 | N109: 0 | O109: 0 | P109: 0 | Q109: 0.6 | R109: 24883.19 | S109: 11586.42 | T109: 1284 | V109: 1284 | W109: =V109-S109 -> -10302.42 | X109: =IF(OR(S109=0,S109=""),"",ROUND(W109/S109*100,2)) -> -88.92
A110: 104 | B110: 溶解釜 | C110: K10000 | E110: 台 | F110: 1 | G110: 38596 | I110: 浓硝车间 | J110: 报废 | K110: 0 | L110: 8.7 | M110: 0 | N110: 0 | O110: 0 | P110: 0 | Q110: 8.7 | R110: 709973.01 | S110: 330583.34 | T110: 71340 | V110: 71340 | W110: =V110-S110 -> -259243.34 | X110: =IF(OR(S110=0,S110=""),"",ROUND(W110/S110*100,2)) -> -78.42
A111: 105 | B111: 溶解釜 | C111: K10000 | E111: 台 | F111: 1 | G111: 38596 | I111: 浓硝车间 | J111: 报废 | K111: 0 | L111: 8.7 | M111: 0 | N111: 0 | O111: 0 | P111: 0 | Q111: 8.7 | R111: 709973 | S111: 330583.34 | T111: 71340 | V111: 71340 | W111: =V111-S111 -> -259243.34 | X111: =IF(OR(S111=0,S111=""),"",ROUND(W111/S111*100,2)) -> -78.42
...

Sheet 4-8工程物资
A1: 工程物资评估明细表
A2: ='1-汇总表'!A2:F2 -> 评估基准日：2018年12月31日
A4: ='1-汇总表'!A4 -> 产权持有人名称：阳煤集团青岛恒源化工有限公司
A5: 序号 | B5: 名称 | C5: 规格型号 | D5: 隶属工程项目 | E5: 计量 单位 | F5: 资产状态（报废、闲置、淘汰） | G5: 可回收材料（废钢、废铜、其他） | H5: 残余重量总重（吨） | I5: 账面价值 | L5: 评估价值 | O5: 增减值 | P5: 增值率% | Q5: 备注
I6: 数量 | J6: 单价 | K6: 金额 | L6: 实际数量 | M6: 单价 | N6: 金额
A7: 1 | B7: 叶轮给粉机 | D7: 甲醇项目 | E7: 台 | F7: 报废 | G7: 碳钢 | H7: 1.2 | I7: 1 | J7: =K7/I7 -> 13247.84 | K7: 13247.84 | L7: 1.2 | M7: 2140 | N7: =L7*M7 -> 2568 | O7: =N7-K7 -> -10679.84 | P7: =IF(OR(K7=0,K7=""),"",ROUND(O7/K7*100,2)) -> -80.62
A8: 2 | B8: 减速机 | D8: 甲醇项目 | E8: 台 | F8: 报废 | G8: 碳钢 | H8: 0.45 | I8: 4 | J8: =K8/I8 -> 3326.92 | K8: 13307.68 | L8: 0.45 | M8: 2140 | N8: =L8*M8 -> 963 | O8: =N8-K8 -> -12344.68 | P8: =IF(OR(K8=0,K8=""),"",ROUND(O8/K8*100,2)) -> -92.76
A9: 3 | B9: 取样冷却器 | D9: 甲醇项目 | E9: 台 | F9: 报废 | G9: 碳钢 | H9: 0.12 | I9: 1 | J9: =K9/I9 -> 854.7 | K9: 854.7 | L9: 0.12 | M9: 2140 | N9: =L9*M9 -> 256.8 | O9: =N9-K9 -> -597.9 | P9: =IF(OR(K9=0,K9=""),"",ROUND(O9/K9*100,2)) -> -69.95
A10: 4 | B10: 水冷器 | D10: 甲醇项目 | E10: 台 | F10: 报废 | G10: 碳钢 | H10: 4.5 | I10: 1 | J10: =K10/I10 -> 280341.88 | K10: 280341.88 | L10: 4.5 | M10: 2140 | N10: =L10*M10 -> 9630 | O10: =N10-K10 -> -270711.88 | P10: =IF(OR(K10=0,K10=""),"",ROUND(O10/K10*100,2)) -> -96.56
A11: 5 | B11: 闪蒸槽 | D11: 甲醇项目 | E11: 台 | F11: 报废 | G11: 碳钢 | H11: 2.6 | I11: 1 | J11: =K11/I11 -> 32478.63 | K11: 32478.63 | L11: 2.6 | M11: 2140 | N11: =L11*M11 -> 5564 | O11: =N11-K11 -> -26914.63 | P11: =IF(OR(K11=0,K11=""),"",ROUND(O11/K11*100,2)) -> -82.87
A12: 6 | B12: 加压精馏塔 | D12: 甲醇项目 | E12: 台 | F12: 报废 | G12: 碳钢 | H12: 5.4 | I12: 1 | J12: =K12/I12 -> 97435.9 | K12: 97435.9 | L12: 5.4 | M12: 2140 | N12: =L12*M12 -> 11556 | O12: =N12-K12 -> -85879.9 | P12: =IF(OR(K12=0,K12=""),"",ROUND(O12/K12*100,2)) -> -88.14
A13: 7 | B13: 冷凝器 | D13: 甲醇项目 | E13: 台 | F13: 报废 | G13: 碳钢 | H13: 6 | I13: 1 | J13: =K13/I13 -> 31623.93 | K13: 31623.93 | L13: 6 | M13: 2140 | N13: =L13*M13 -> 12840 | O13: =N13-K13 -> -18783.93 | P13: =IF(OR(K13=0,K13=""),"",ROUND(O13/K13*100,2)) -> -59.4
A14: 8 | B14: 加压塔再沸器 | D14: 甲醇项目 | E14: 台 | F14: 报废 | G14: 碳钢 | H14: 4 | I14: 1 | J14: =K14/I14 -> 63247.86 | K14: 63247.86 | L14: 4 | M14: 2140 | N14: =L14*M14 -> 8560 | O14: =N14-K14 -> -54687.86 | P14: =IF(OR(K14=0,K14=""),"",ROUND(O14/K14*100,2)) -> -86.47
A15: 9 | B15: 常压塔冷凝器 | D15: 甲醇项目 | E15: 台 | F15: 报废 | G15: 碳钢 | H15: 4 | I15: 1 | J15: =K15/I15 -> 114529.91 | K15: 114529.91 | L15: 4 | M15: 2140 | N15: =L15*M15 -> 8560 | O15: =N15-K15 -> -105969.91 | P15: =IF(OR(K15=0,K15=""),"",ROUND(O15/K15*100,2)) -> -92.53
A16: 10 | B16: 再沸器 | D16: 甲醇项目 | E16: 台 | F16: 报废 | G16: 碳钢 | H16: 4.5 | I16: 1 | J16: =K16/I16 -> 109401.71 | K16: 109401.71 | L16: 4.5 | M16: 2140 | N16: =L16*M16 -> 9630 | O16: =N16-K16 -> -99771.71 | P16: =IF(OR(K16=0,K16=""),"",ROUND(O16/K16*100,2)) -> -91.2
A17: 11 | B17: 吸附器 | D17: 甲醇项目 | E17: 台 | F17: 报废 | G17: 碳钢 | H17: 11.8 | I17: 2 | J17: =K17/I17 -> 70085.47 | K17: 140170.94 | L17: 11.8 | M17: 2140 | N17: =L17*M17 -> 25252 | O17: =N17-K17 -> -114918.94 | P17: =IF(OR(K17=0,K17=""),"",ROUND(O17/K17*100,2)) -> -81.98
A18: 12 | B18: 预热器 | D18: 甲醇项目 | E18: 台 | F18: 报废 | G18: 碳钢 | H18: 4.4 | I18: 1 | J18: =K18/I18 -> 10256.41 | K18: 10256.41 | L18: 4.4 | M18: 2140 | N18: =L18*M18 -> 9416 | O18: =N18-K18 -> -840.41 | P18: =IF(OR(K18=0,K18=""),"",ROUND(O18/K18*100,2)) -> -8.19
... A23: 17 | B23: 取样冷却器 | D23: 甲醇项目 | E23: 台 | F23: 报废 | G23: 碳钢 | H23: 0.3 | I23: 1 | J23: =K23/I23 -> 854.7 | K23: 854.7 | L23: 0.3 | M23: 2140 | N23: =L23*M23 -> 642 | O23: =N23-K23 -> -212.7 | P23: =IF(OR(K23=0,K23=""),"",ROUND(O23/K23*100,2)) -> -24.89
A24: 18 | B24: 脱醚塔内件 | D24: 甲醇项目 | E24: 台 | F24: 报废 | G24: 碳钢 | H24: =L24 -> 5 | I24: 1 | J24: =K24/I24 -> 76923.08 | K24: 76923.08 | L24: 5 | M24: 2140 | N24: =L24*M24 -> 10700 | O24: =N24-K24 -> -66223.08 | P24: =IF(OR(K24=0,K24=""),"",ROUND(O24/K24*100,2)) -> -86.09
A25: 19 | B25: 精馏塔内件 | D25: 甲醇项目 | E25: 台 | F25: 报废 | G25: 碳钢 | H25: =L25 -> 10 | I25: 1 | J25: =K25/I25 -> 153846.15 | K25: 153846.15 | L25: 10 | M25: 2140 | N25: =L25*M25 -> 21400 | O25: =N25-K25 -> -132446.15 | P25: =IF(OR(K25=0,K25=""),"",ROUND(O25/K25*100,2)) -> -86.09
A26: 20 | B26: 精馏塔内件 | D26: 甲醇项目 | E26: 台 | F26: 报废 | G26: 碳钢 | H26: =L26 -> 15 | I26: 1 | J26: =K26/I26 -> 222222.22 | K26: 222222.22 | L26: 15 | M26: 2140 | N26: =L26*M26 -> 32100 | O26: =N26-K26 -> -190122.22 | P26: =IF(OR(K26=0,K26=""),"",ROUND(O26/K26*100,2)) -> -85.55
A27: 21 | B27: 脱基槽 | D27: 甲醇项目 | E27: 台 | F27: 报废 | G27: 碳钢 | H27: 1.5 | I27: 1 | J27: =K27/I27 -> 59829.06 | K27: 59829.06 | L27: 1.5 | M27: 2140 | N27: =L27*M27 -> 3210 | O27: =N27-K27 -> -56619.06 | P27: =IF(OR(K27=0,K27=""),"",ROUND(O27/K27*100,2)) -> -94.63
